Workbook

Sheet TUTORIEL
A1: Le fichier EXCEL de "TRAITEMENT" des résultats | C1: Le document WORD de "ANALYSE" didactique et pédagogique, pour l'enseignement, le pilotage, l'inter-degré, la formation
A2: ETAPES | B2: FICHIER CONCERNE | C2: A FAIRE MANUELLEMENT (en rouge = ce qui est généré automatiquement)
A4: Etape 0 | B4: a) EXCEL : onglet "RESTITUTION" | C4: COPIER-COLLER LE FICHIER "RESTITUTION" DU COLLEGE
B5: b) EXCEL : onglet "TEST AUTO" | C5: COPIER-COLLER LE FICHIER "SPECIFIQUE AUTOMATISMES", POUR CHAQUE CLASSE, LES UNES A LA SUITE DES AUTRES
B6: c) EXCEL : onglet "TEST RDP" | C6: COPIER-COLLER LE FICHIER "SPECIFIQUE RESOLUTION DE PROBLEMES", POUR CHAQUE CLASSE, LES UNES A LA SUITE DES AUTRES
A8: Etape 1 | B8: a) EXCEL : onglet "BILANS" | C8: PAGE GENEREE AUTOMATIQUEMENT !
B9: b) WORD "2026 EVA6-5-4-2 MATHS ANALYSE" | C9: Y COPIER-COLLER LES 2 GRAPHIQUES DU FICHIER EXCEL ONGLET "BILANS" : en page 2 pour "THEMES MATHS" et en page 3 pour "TESTS SPECIFIQUES"
A11: Etape 2 | B11: a) EXCEL : onglet "TRAITEMENT AUTO" | C11: PAGE GENEREE AUTOMATIQUEMENT = ANALYSE DIDACTIQUE PAR TYPE D'ERREURS ---> remédiation ciblée sur groupes d'élèves de 6ème
B12: b) EXCEL : onglet "ANALYSE AUTO" | C12: TABLEAU ET GRAPHIQUE GENERES AUTOMATIQUEMENT = ANALYSE DES REUSSITES PAR TYPE D'ITEMS, PAR TYPE DE TACHE, PAR FAMILLE DE NOMBRES -> pilotage didactique cycle 3
B13: c) WORD "2026 EVA6-5-4-2 MATHS ANALYSE" | C13: Y COPIER-COLLER LES 2 GRAPHIQUES (TABLEAU ET DIAGRAMMES EN BARRES) DU FICHIER EXCEL ONGLET "ANALYSE AUTO" : en page 4 pour TABLEAU et 5-6 pour BARRES
A15: Etape 3 | B15: a) EXCEL : onglet "TRAITEMENT RDP" | C15: PAGE GENEREE AUTOMATIQUEMENT = ANALYSE DIDACTIQUE PAR TYPE D'ERREURS ---> remédiation ciblée sur groupes d'élèves de 6e
B16: b) EXCEL : onglet "ANALYSE RDP" | C16: TABLEAU ET GRAPHIQUE GENERES AUTOMATIQUEMENT = ANALYSE DES REUSSITES PAR TYPE D'ITEMS, PAR FAMILLE DE PROBLEMES, PAR STRUCTURE-DOMAINE MATHEMATIQUE / STRATEGIE -> pilotage didactique cycle 3
B17: c) WORD "2026 EVA6-5-4-2 MATHS ANALYSE" | C17: Y COPIER-COLLER LES 2 GRAPHIQUES (TABLEAU ET DIAGRAMMES EN BARRES) DU FICHIER EXCEL ONGLET "ANALYSE RDP" : en page 7 pour TABLEAU et 8-9 pour BARRES
A19: Etape 4 | B19: a) EXCEL : onglet "GROUPES THEMES" | C19: PAGE GENEREE AUTOMATIQUEMENT ! Filtrer le groupe de maîtrise étudié dans chaque thème + Si besoin, filtrer en fonction du nombre de thèmes dans lesquels l'élève est en difficulté (cellule I2).
B20: b) WORD "2026 EVA6-5-4-2 MATHS ANALYSE" | C20: Y COPIER-COLLER LES GROUPES D'ELEVES TRIES SELON LE BESOIN : (Calcul, Grandeurs, Géométrie, Automatismes, Résolution de problèmes) ou le nombre de difficultés en page 10
A22: Etape 5 | B22: a) EXCEL : onglet "GROUPES D'ITEMS AUTO" | C22: PAGE GENEREE AUTOMATIQUEMENT ! Trier le % de réussite dans le groupe d'items souhaité.
B23: b) EXCEL : onglet "GROUPES D'ITEMS RDP" | C23: PAGE GENEREE AUTOMATIQUEMENT ! Trier le % de réussite dans le groupe d'items souhaité.
B24: c) WORD "2026 EVA6-5-4-2 MATHS ANALYSE" | C24: Y COPIER-COLLER LES GROUPES D'ELEVES TRIES SELON LE BESOIN IDENTIFIE (Groupes d'items d'automatismes ou Résolution de problèmes) en page 11

Sheet RESTITUTION
A1: COPIER-COLLER LE FICHIER "RESTITUTION" DU COLLEGE
A2: Classe | B2: Nom élève | C2: Prénom élève | D2: Test spécifique en automatismes : Mobiliser directement des procédures et des connaissances | E2: Test spécifique en résolution de problèmes : Résoudre des problèmes en utilisant des nombres et des grandeurs | F2: Espace et géométrie : Connaître et utiliser des notions de géométrie | G2: Grandeurs et mesures : Connaître des grandeurs et utiliser des unités de mesure | H2: Nombres et calculs : Connaître les nombres et les utiliser dans des calculs
A3: 6B | C3: Alicia | D3: Fragile | E3: Fragile | F3: Fragile | G3: Fragile | H3: À besoins
A4: 6B | C4: Aliénor | D4: Satisfaisant | E4: Satisfaisant | F4: Satisfaisant | G4: Satisfaisant | H4: Satisfaisant
A5: 6B | C5: Coleen | D5: À besoins | E5: À besoins | F5: À besoins | G5: À besoins | H5: À besoins
A6: 6B | C6: Elina | D6: Satisfaisant | E6: Satisfaisant | F6: Satisfaisant | G6: Satisfaisant | H6: Satisfaisant
A7: 6B | C7: Ethan | D7: Satisfaisant | E7: Satisfaisant | F7: Satisfaisant | G7: Satisfaisant | H7: Satisfaisant
J121: Nombre d'élèves évalués en 6E : 20
J143: Nombre d'élèves évalués en 6B : 22
J145: Nombre d'élèves évalués en 6A : 2
J146: Nombre d'élèves total évalués : 86

Sheet TEST AUTO
A1: COPIER-COLLER LE FICHIER "SPECIFIQUE AUTOMATISMES", DE CHAQUE CLASSE, POUR TOUTES LES CLASSES LES UNES A LA SUITE DES AUTRES (après avoir effacé les données servant ici d'exemple)
A2: Classe | B2: NOM | C2: PRENOM | D2: Score du test spécifique | E2: Automatismes Q1 - réponse | F2: Automatismes Q1 - score | G2: Automatismes Q2 - réponse | H2: Automatismes Q2 - score | I2: Automatismes Q3 - réponse | J2: Automatismes Q3 - score | K2: Automatismes Q4 - réponse | L2: Automatismes Q4 - score | M2: Automatismes Q5 - réponse | N2: Automatismes Q5 - score | O2: Automatismes Q6 - réponse | P2: Automatismes Q6 - score | Q2: Automatismes Q7 - réponse | R2: Automatismes Q7 - score | S2: Automatismes Q8 - réponse | T2: Automatismes Q8 - score | U2: Automatismes Q9 - réponse | V2: Automatismes Q9 - score | W2: Automatismes Q10 - réponse | X2: Automatismes Q10 - score | Y2: Automatismes Q11 - réponse | Z2: Automatismes Q11 - score | AA2: Automatismes Q12 - réponse | AB2: Automatismes Q12 - score | AC2: Automatismes Q13 - réponse | AD2: Automatismes Q13 - score | AE2: Automatismes Q14 - réponse | AF2: Automatismes Q14 - score | AG2: Automatismes Q15 - réponse | AH2: Automatismes Q15 - score | AI2: Automatismes Q16 - réponse | AJ2: Automatismes Q16 - score | AK2: Automatismes Q17 - réponse | AL2: Automatismes Q17 - score | AM2: Automatismes Q18 - réponse | AN2: Automatismes Q18 - score | AO2: Automatismes Q19 - réponse | AP2: Automatismes Q19 - score | AQ2: Automatismes Q20 - réponse | AR2: Automatismes Q20 - score | AS2: Automatismes Q21 - réponse | AT2: Automatismes Q21 - score | AU2: Automatismes Q22 - réponse | AV2: Automatismes Q22 - score | AW2: Automatismes Q23 - réponse | AX2: Automatismes Q23 - score
A3: 6B | C3: Alicia | D3: 11 | E3: 16 004 | F3: 0 | G3: 72,001 | H3: 0 | I3: 0,32 | J3: 0 | K3: 0,04 | L3: 1 | M3: 10 fois 5 dixièmes. | N3: 0 | O3: 2 060 000 | P3: 0 | Q3: 22 | R3: 0 | S3: 4/10 | T3: 1 | U3: 87 842 | V3: 1 | W3: 1,082 | X3: 1 | Y3: 3/7 de la figure. | Z3: 1 | AA3: 7 | AB3: 1 | AC3: 4,5 | AD3: 0 | AE3: 7,5482 | AF3: 0 | AG3: 15,2 | AH3: 0 | AI3: mm | AJ3: 1 | AK3: 18 cm | AL3: 0 | AM3: 100 fois | AN3: 0 | AO3: 0,24 | AP3: 0 | AQ3: 9 cm² | AR3: 1 | AS3: 20 cm³ | AT3: 1 | AU3: Les angles B et E sont égaux. | AV3: 1 | AW3: grammes (g). | AX3: 1
A4: 6B | C4: Léa | D4: 13 | E4: 76 004 | F4: 1 | G4: 0,072 | H4: 1 | I4: 3,2 | J4: 1 | K4: 0,04 | L4: 1 | M4: 10 fois 5 dizaines. | N4: 0 | O4: 2 000 600 | P4: 0 | Q4: 20,2 | R4: 0 | S4: 4/1 | T4: 0 | U4: 9 345 | V4: 0 | W4: 1,082 | X4: 1 | Y4: 3/7 de la figure. | Z4: 1 | AA4: 7 | AB4: 1 | AC4: 4,05 | AD4: 1 | AE4: 75,482 | AF4: 0 | AG4: 15,2 | AH4: 0 | AI4: cm | AJ4: 0 | AK4: 22 cm | AL4: 1 | AM4: 100 fois | AN4: 0 | AO4: 240 | AP4: 1 | AQ4: 12 cm² | AR4: 0 | AS4: 20 cm³ | AT4: 1 | AU4: Les angles B et E sont égaux. | AV4: 1 | AW4: grammes (g). | AX4: 1
A5: 6B | C5: Roméo | D5: 15 | E5: 76 004 | F5: 1 | G5: 0,072 | H5: 1 | I5: 3,2 | J5: 1 | K5: 0,04 | L5: 1 | M5: 10 fois 5 dixièmes. | N5: 0 | O5: 2 600 000 | P5: 1 | Q5: 2,2 | R5: 1 | S5: 4/10 | T5: 1 | U5: 9 345 | V5: 0 | W5: 1,4 | X5: 0 | Y5: 3/7 de la figure. | Z5: 1 | AA5: 7 | AB5: 1 | AC5: 4,5 | AD5: 0 | AF5: 0 | AG5: 15,2 | AH5: 0 | AI5: mm | AJ5: 1 | AK5: 22 cm | AL5: 1 | AM5: 10 fois | AN5: 1 | AO5: 240 | AP5: 1 | AQ5: 12 cm² | AR5: 0 | AS5: 20 cm³ | AT5: 1 | AU5: L'angle B est plus petit que l'angle E. | AV5: 0 | AW5: grammes (g). | AX5: 1
A6: 6B | C6: Lizéa | D6: 16 | E6: 76 1004 | F6: 0 | G6: 0,072 | H6: 1 | I6: 3,2 | J6: 1 | K6: 0,04 | L6: 1 | M6: 10 fois 5 dixièmes. | N6: 0 | O6: 2 600 000 | P6: 1 | Q6: 2,2 | R6: 1 | S6: 4/10 | T6: 1 | U6: 87 842 | V6: 1 | W6: 1,09 | X6: 0 | Y6: 3/7 de la figure. | Z6: 1 | AA6: 7 | AB6: 1 | AC6: 4,05 | AD6: 1 | AE6: 7 548,2 | AF6: 1 | AG6: 15,2 | AH6: 0 | AI6: mm | AJ6: 1 | AK6: 28 cm | AL6: 0 | AM6: 100 fois | AN6: 0 | AO6: 240 | AP6: 1 | AQ6: 12 cm² | AR6: 0 | AS6: 20 cm³ | AT6: 1 | AU6: Les angles B et E sont égaux. | AV6: 1 | AW6: grammes (g). | AX6: 1
A7: 6B | C7: Tyméo | D7: 8 | E7: 76 004 | F7: 1 | G7: 72,1000 | H7: 0 | I7: 3,2 | J7: 1 | K7: 4 | L7: 0 | M7: 10 fois 5 unités. | N7: 0 | O7: 2 060 000 | P7: 0 | Q7: 2,2 | R7: 1 | S7: 4/1 | T7: 0 | U7: 87 842 | V7: 1 | W7: 1,09 | X7: 0 | Y7: 3/4 de la figure. | Z7: 0 | AA7: 7 | AB7: 1 | AC7: 4,05 | AD7: 1 | AE7: 75,482 | AF7: 0 | AG7: 15,2 | AH7: 0 | AI7: cm | AJ7: 0 | AK7: 18 cm | AL7: 0 | AM7: 10 fois | AN7: 1 | AO7: 2,4 | AP7: 0 | AQ7: 12 cm² | AR7: 0 | AS7: 9 cm³ | AT7: 0 | AU7: Les angles B et E sont égaux. | AV7: 1 | AW7: kilogrammes (kg). | AX7: 0

Sheet TEST RDP
A1: COPIER-COLLER LE FICHIER "SPECIFIQUE RESOLUTION DE PROBLEMES", DE CHAQUE CLASSE, POUR TOUTES LES CLASSES LES UNES A LA SUITE DES AUTRES
A2: Classe | B2: NOM | C2: PRENOM | D2: Score du test spécifique | E2: Problèmes Q1 - réponse | F2: Problèmes Q1 - score | G2: Problèmes Q2 - réponse | H2: Problèmes Q2 - score | I2: Problèmes Q3 - réponse | J2: Problèmes Q3 - score | K2: Problèmes Q4 - réponse | L2: Problèmes Q4 - score | M2: Problèmes Q5 - réponse | N2: Problèmes Q5 - score | O2: Problèmes Q6 - réponse | P2: Problèmes Q6 - score | Q2: Problèmes Q7 - réponse | R2: Problèmes Q7 - score | S2: Problèmes Q8 - réponse | T2: Problèmes Q8 - score | U2: Problèmes Q9 - réponse | V2: Problèmes Q9 - score | W2: Problèmes Q10 - réponse | X2: Problèmes Q10 - score | Y2: Problèmes Q11 - réponse | Z2: Problèmes Q11 - score | AA2: Problèmes Q12 - réponse | AB2: Problèmes Q12 - score | AC2: Problèmes Q13 - réponse | AD2: Problèmes Q13 - score | AE2: Problèmes Q14 - réponse | AF2: Problèmes Q14 - score | AG2: Problèmes Q15 - réponse | AH2: Problèmes Q15 - score | AI2: Problèmes Q16 - réponse | AJ2: Problèmes Q16 - score | AK2: Problèmes Q17 - réponse | AL2: Problèmes Q17 - score | AM2: Problèmes Q18 - réponse | AN2: Problèmes Q18 - score | AO2: Problèmes Q19 - réponse | AP2: Problèmes Q19 - score
A3: 6B | C3: Alicia | D3: 5 | E3: 15 × 0,33 | F3: 1 | G3: 6,80 € | H3: 0 | I3: 3 euros | J3: 0 | K3: 505 | L3: 0 | M3: 32 | N3: 0 | O3: 15 | P3: 1 | Q3: 36 | R3: 1 | S3: 5 | T3: 0 | U3: 500 euros | V3: 0 | W3: 10 | X3: 0 | Y3: 40 km | Z3: 1 | AA3: 80 km | AB3: 0 | AC3: 200 | AD3: 0 | AE3: 2,5 kg | AF3: 0 | AG3: On ne peut pas savoir | AH3: 0 | AI3: 350 m | AJ3: 1 | AK3: 0,04 L | AL3: 0 | AM3: 280 L | AN3: 0 | AO3: 10 h 25 | AP3: 0
A4: 6B | C4: Léa | D4: 5 | E4: 15 × 0,33 × 0,76 | F4: 0 | G4: 4,40 € | H4: 1 | I4: 6 euros | J4: 0 | K4: 995 | L4: 0 | M4: 24 | N4: 0 | O4: 10 | P4: 0 | Q4: 36 | R4: 1 | S4: 6 | T4: 1 | U4: 350 euros | V4: 0 | W4: 10 | X4: 0 | Y4: 40 km | Z4: 1 | AA4: 60 km | AB4: 0 | AC4: 200 | AD4: 0 | AE4: 0,4 g | AF4: 0 | AG4: aire A < aire B | AH4: 1 | AI4: 750 m | AJ4: 0 | AK4: 0,25 cL | AL4: 0 | AM4: 1 400 L | AN4: 0 | AO4: 11 h 20 | AP4: 0
A5: 6B | C5: Roméo | D5: 8 | E5: 15 × 0,33 | F5: 1 | G5: 5,60 € | H5: 0 | J5: 0 | K5: 995 | L5: 0 | N5: 0 | O5: 15 | P5: 1 | Q5: 36 | R5: 1 | S5: 6 | T5: 1 | U5: 150 euros | V5: 0 | W5: 8 | X5: 1 | Z5: 0 | AA5: 60 km | AB5: 0 | AC5: 350 | AD5: 0 | AF5: 0 | AG5: aire A > aire B | AH5: 0 | AI5: 350 m | AJ5: 1 | AK5: 0,04 L | AL5: 0 | AM5: 840 L | AN5: 1 | AO5: 10 h 50 | AP5: 1
A6: 6B | C6: Lizéa | D6: 11 | E6: 15 × 0,33 | F6: 1 | G6: 5,60 € | H6: 0 | I6: 6 euros | J6: 0 | K6: 495 | L6: 1 | M6: 12 | N6: 1 | O6: 8 | P6: 0 | Q6: 36 | R6: 1 | S6: 5 | T6: 0 | U6: 350 euros | V6: 0 | W6: 8 | X6: 1 | Y6: 40 km | Z6: 1 | AA6: 60 km | AB6: 0 | AC6: 100 | AD6: 1 | AE6: 2,5 kg | AF6: 0 | AG6: On ne peut pas savoir | AH6: 0 | AI6: 350 m | AJ6: 1 | AK6: 25 cL | AL6: 1 | AM6: 840 L | AN6: 1 | AO6: 10 h 50 | AP6: 1
A7: 6B | C7: Tyméo | D7: 7 | E7: 15 + 0,33 + 0,76 | F7: 0 | G7: 3,20 € | H7: 0 | I7: environ 1,33 euros | J7: 0 | K7: 1005 | L7: 0 | M7: 12 | N7: 1 | O7: 8 | P7: 0 | Q7: 15 | R7: 0 | S7: 5 | T7: 0 | U7: 500 euros | V7: 0 | W7: 8 | X7: 1 | Y7: 400 km | Z7: 0 | AA7: 20 km | AB7: 1 | AC7: 200 | AD7: 0 | AE7: 2,5 g | AF7: 0 | AG7: aire A < aire B | AH7: 1 | AI7: 350 m | AJ7: 1 | AK7: 25 cL | AL7: 1 | AM7: 280 L | AN7: 0 | AO7: 10 h 50 | AP7: 1

Sheet BILANS
A1: PAGE GENEREE AUTOMATIQUEMENT !
A3: Quels THEMES DU PROGRAMME sont à renforcer ? (vision cohorte de 6e ; par classe : effacer les autres données)
A4: THEMES MATHS | B4: À besoins | C4: Fragile | D4: Satisfaisant
A5: =RESTITUTION!F2 -> Espace et géométrie : Connaître et utiliser des notions de géométrie | B5: =(COUNTIF(RESTITUTION!$F:$F,BILANS!B$4)+COUNTIF(RESTITUTION!$F:$F,"pas de restitution"))/(COUNTA(RESTITUTION!$A:$A)-2) -> 0.2 | C5: =COUNTIF(RESTITUTION!$F:$F,BILANS!C$4)/(COUNTA(RESTITUTION!$A:$A)-2) -> 0.2 | D5: =COUNTIF(RESTITUTION!$F:$F,BILANS!D$4)/(COUNTA(RESTITUTION!$A:$A)-2) -> 0.6
A6: =RESTITUTION!G2 -> Grandeurs et mesures : Connaître des grandeurs et utiliser des unités de mesure | B6: =(COUNTIF(RESTITUTION!$G:$G,BILANS!B$4)+COUNTIF(RESTITUTION!$G:$G,"pas de restitution"))/(COUNTA(RESTITUTION!$A:$A)-2) -> 0.2 | C6: =COUNTIF(RESTITUTION!$G:$G,BILANS!C$4)/(COUNTA(RESTITUTION!$A:$A)-2) -> 0.2 | D6: =COUNTIF(RESTITUTION!$G:$G,BILANS!D$4)/(COUNTA(RESTITUTION!$A:$A)-2) -> 0.6
A7: =RESTITUTION!H2 -> Nombres et calculs : Connaître les nombres et les utiliser dans des calculs | B7: =(COUNTIF(RESTITUTION!$H:$H,BILANS!B$4)+COUNTIF(RESTITUTION!$H:$H,"pas de restitution"))/(COUNTA(RESTITUTION!$A:$A)-2) -> 0.4 | C7: =COUNTIF(RESTITUTION!$H:$H,BILANS!C$4)/(COUNTA(RESTITUTION!$A:$A)-2) -> 0 | D7: =COUNTIF(RESTITUTION!$H:$H,BILANS!D$4)/(COUNTA(RESTITUTION!$A:$A)-2) -> 0.6
A16: Quelles priorités SPECIFIQUES D'ACCOMPAGNEMENT ? (vision cohorte de 6e ; par classe : effacer les autres données)
A17: TESTS SPECIFIQUES | B17: À besoins | C17: Fragile | D17: Satisfaisant
A18: =RESTITUTION!D2 -> Test spécifique en automatismes : Mobiliser directement des procédures et des connaissances | B18: =(COUNTIF(RESTITUTION!$D:$D,BILANS!B$17)+COUNTIF(RESTITUTION!$D:$D,"pas de restitution"))/(COUNTA(RESTITUTION!$A:$A)-2) -> 0.2 | C18: =COUNTIF(RESTITUTION!$D:$D,BILANS!C$17)/(COUNTA(RESTITUTION!$A:$A)-2) -> 0.2 | D18: =COUNTIF(RESTITUTION!$D:$D,BILANS!D$17)/(COUNTA(RESTITUTION!$A:$A)-2) -> 0.6
A19: =RESTITUTION!E2 -> Test spécifique en résolution de problèmes : Résoudre des problèmes en utilisant des nombres et des grandeurs | B19: =(COUNTIF(RESTITUTION!$E:$E,BILANS!B$17)+COUNTIF(RESTITUTION!$E:$E,"pas de restitution"))/(COUNTA(RESTITUTION!$A:$A)-2) -> 0.2 | C19: =COUNTIF(RESTITUTION!$E:$E,BILANS!C$17)/(COUNTA(RESTITUTION!$A:$A)-2) -> 0.2 | D19: =COUNTIF(RESTITUTION!$E:$E,BILANS!D$17)/(COUNTA(RESTITUTION!$A:$A)-2) -> 0.6

Sheet TRAITEMENT AUTO
B1: PAGE GENEREE AUTOMATIQUEMENT = ANALYSE DIDACTIQUE PAR TYPE D'ERREURS ---> CREATION DE GROUPES DE REMEDIATION CIBLES PORTANT SUR LES ERREURS (par classe ou interclasses)
A2: Item | B2: PROBLEME : énoncé, % par réponse, descriptif du type de problème | C2: réponse 1 | D2: réponse 2 | E2: réponse 3 | F2: réponse 4 | G2: réponse 5
A3: 1 | B3: Le nombre soixante-seize-mille-quatre s’écrit : | C3: 76 004 | D3: 76 1004 | E3: 60 16 1 004 | F3: 16 004 | G3: SANS REPONSE | H3: =COUNTA('TEST AUTO'!A:A)-2 -> 5
B4: NOMBRE DE REPONSES | C4: =COUNTIF('TEST AUTO'!$E:$E,'TRAITEMENT AUTO'!C$3) -> 3 | D4: =COUNTIF('TEST AUTO'!$E:$E,'TRAITEMENT AUTO'!D$3) -> 1 | E4: =COUNTIF('TEST AUTO'!$E:$E,'TRAITEMENT AUTO'!E$3) -> 0 | F4: =COUNTIF('TEST AUTO'!$E:$E,'TRAITEMENT AUTO'!F$3) -> 1 | G4: =H3-H4 -> 0 | H4: =SUM(C4:F4) -> 5
B5: % DE REPONSES | C5: =C4/$H3 -> 0.6 | D5: =D4/$H3 -> 0.2 | E5: =E4/$H3 -> 0 | F5: =F4/$H3 -> 0.2 | G5: =G4/$H3 -> 0 | H5: =SUM(C5:G5) -> 1
A6: TYPE | B6: L’élève doit déterminer l’écriture décimale d’un grand nombre entier à partir de son écriture en français. Grands entiers. Écriture des nombres : écriture en français -> écriture décimale. | D6: NON : sens de l’écriture décimale, écrit en chiffres ce qu’il lit ou entend. | E6: NON : sens de l’écriture décimale, écrit en chiffres ce qu’il lit ou entend. NON : sépare chaque nombre. | F6: NON : ne tient compte que de la fin de ce qu’il lit. | G6: CONNAISSANCE
A8: 2 | B8: Quel nombre correspond à soixante-douze millièmes ? | C8: 0.072 | D8: 72.001 | E8: 72.1 | F8: 0.72 | G8: SANS REPONSE | H8: =COUNTA('TEST AUTO'!A:A)-2 -> 5
B9: NOMBRE DE REPONSES | C9: =COUNTIF('TEST AUTO'!$G:$G,'TRAITEMENT AUTO'!C$8) -> 3 | D9: =COUNTIF('TEST AUTO'!$G:$G,'TRAITEMENT AUTO'!D$8) -> 1 | E9: =COUNTIF('TEST AUTO'!$G:$G,'TRAITEMENT AUTO'!E$8) -> 1 | F9: =COUNTIF('TEST AUTO'!$G:$G,'TRAITEMENT AUTO'!F$8) -> 0 | G9: =H8-H9 -> 0 | H9: =SUM(C9:F9) -> 5
B10: % DE REPONSES | C10: =C9/$H8 -> 0.6 | D10: =D9/$H8 -> 0.2 | E10: =E9/$H8 -> 0.2 | F10: =F9/$H8 -> 0 | G10: =G9/$H8 -> 0 | H10: =SUM(C10:G10) -> 1
A11: TYPE | B11: L’élève doit déterminer l’écriture décimale d’un nombre à partir de sa dénomination en français. Nombres décimaux. Écriture des nombres : écriture en français -> écriture décimale. | D11: OUI : chiffre des millièmes -> 3è décimale. NON : nombre d’unités + 1 millième. | E11: NON : sens mathématique de l'écriture décimale -> deux nombres accolés. | F11: OUI : chiffre des millièmes -> 3è décimale. NON : 72 pas nombre de millièmes. | G11: CONNAISSANCE ou PROCEDURE
A13: 3 | B13: 3 + 2/10 = … | C13: 3.2 | D13: 0.32 | E13: 32 | F13: 32.1 | G13: SANS REPONSE | H13: =COUNTA('TEST AUTO'!A:A)-2 -> 5
B14: NOMBRE DE REPONSES | C14: =COUNTIF('TEST AUTO'!$I:$I,'TRAITEMENT AUTO'!C$13) -> 4 | D14: =COUNTIF('TEST AUTO'!$I:$I,'TRAITEMENT AUTO'!D$13) -> 1 | E14: =COUNTIF('TEST AUTO'!$I:$I,'TRAITEMENT AUTO'!E$13) -> 0 | F14: =COUNTIF('TEST AUTO'!$I:$I,'TRAITEMENT AUTO'!F$13) -> 0 | G14: =H13-H14 -> 0 | H14: =SUM(C14:F14) -> 5
B15: % DE REPONSES | C15: =C14/$H13 -> 0.8 | D15: =D14/$H13 -> 0.2 | E15: =E14/$H13 -> 0 | F15: =F14/$H13 -> 0 | G15: =G14/$H13 -> 0 | H15: =SUM(C15:G15) -> 1
A16: TYPE | B16: L’élève doit déterminer l’écriture décimale d’un nombre décimal à partir de la somme entier et d'une fraction décimale. Nombres décimaux. Écriture des nombres : entier + fraction décimale -> écriture décimale. | D16: OUI : repère les chiffres, et une virgule. NON : multiplication, puis lit 32/10. | E16: OUI : repère les chiffres NON : multiplication, ne traite pas le /10 (virgule). | F16: OUI : repère les chiffres, et une virgule. NON : multiplication, additionne 1 /10. | G16: CONNAISSANCE ou PROCEDURE
A18: 4 | B18: Quel nombre est égal à la fraction 4 / 100 ? | C18: 0.04 | D18: 0.4 | E18: 4 | F18: 400 | G18: SANS REPONSE | H18: =COUNTA('TEST AUTO'!A:A)-2 -> 5
B19: NOMBRE DE REPONSES | C19: =COUNTIF('TEST AUTO'!$K:$K,'TRAITEMENT AUTO'!C$18) -> 4 | D19: =COUNTIF('TEST AUTO'!$K:$K,'TRAITEMENT AUTO'!D$18) -> 0 | E19: =COUNTIF('TEST AUTO'!$K:$K,'TRAITEMENT AUTO'!E$18) -> 1 | F19: =COUNTIF('TEST AUTO'!$K:$K,'TRAITEMENT AUTO'!F$18) -> 0 | G19: =H18-H19 -> 0 | H19: =SUM(C19:F19) -> 5
B20: % DE REPONSES | C20: =C19/$H18 -> 0.8 | D20: =D19/$H18 -> 0 | E20: =E19/$H18 -> 0.2 | F20: =F19/$H18 -> 0 | G20: =G19/$H18 -> 0 | H20: =SUM(C20:G20) -> 1
A21: TYPE | B21: L’élève doit déterminer l’écriture décimale d’un nombre décimal à partir d’une fraction décimale. Nombres décimaux. Écriture des nombres : fraction décimale -> écriture décimale. | D21: OUI : nombre pas un entier. NON : mauvais rang du chiffre 4. | E21: NON : l’écriture en fraction décimale ou la notion de nombre décimal. NON : que le 1er chiffre. | F21: NON : décomposition en fraction décimale ou la notion de nombre décimal. NON : produit d'entiers. | G21: CONNAISSANCE ou PROCEDURE
A23: 5 | B23: 5 centièmes est égal à … | C23: 10 fois 5 millièmes. | D23: 10 fois 5 dixièmes. | E23: 10 fois 5 unités. | F23: 10 fois 5 dizaines. | G23: SANS REPONSE | H23: =COUNTA('TEST AUTO'!A:A)-2 -> 5
B24: NOMBRE DE REPONSES | C24: =COUNTIF('TEST AUTO'!$M:$M,'TRAITEMENT AUTO'!C$23) -> 0 | D24: =COUNTIF('TEST AUTO'!$M:$M,'TRAITEMENT AUTO'!D$23) -> 3 | E24: =COUNTIF('TEST AUTO'!$M:$M,'TRAITEMENT AUTO'!E$23) -> 1 | F24: =COUNTIF('TEST AUTO'!$M:$M,'TRAITEMENT AUTO'!F$23) -> 1 | G24: =H23-H24 -> 0 | H24: =SUM(C24:F24) -> 5
B25: % DE REPONSES | C25: =C24/$H23 -> 0 | D25: =D24/$H23 -> 0.6 | E25: =E24/$H23 -> 0.2 | F25: =F24/$H23 -> 0.2 | G25: =G24/$H23 -> 0 | H25: =SUM(C25:G25) -> 1
A26: TYPE | B26: L’élève doit procéder à une correspondance entre unités de l’écriture décimale. Nombres décimaux. Numération décimale : correspondance entre centièmes et millièmes. | D26: NON : confond "dixième" et "dizaine", "centième" et "centaine". | E26: NON : confond "centièmes" et "centaines". NON : 5 centaines ne sont pas 5 dizaines. | F26: NON : pense centièmes en 100, et 100 = 10 fois dix. NON : élargit dix à dizaines. | G26: CONNAISSANCE ou PROCEDURE
A28: 6 | B28: Quel grand nombre faut-il placer dans le cadre vide sur cette droite graduée ? | C28: 2 600 000 | D28: 2 060 000 | E28: 2 000 600 | F28: 2 000 006 | G28: SANS REPONSE | H28: =COUNTA('TEST AUTO'!A:A)-2 -> 5
B29: NOMBRE DE REPONSES | C29: =COUNTIF('TEST AUTO'!$O:$O,'TRAITEMENT AUTO'!C$28) -> 2 | D29: =COUNTIF('TEST AUTO'!$O:$O,'TRAITEMENT AUTO'!D$28) -> 2 | E29: =COUNTIF('TEST AUTO'!$O:$O,'TRAITEMENT AUTO'!E$28) -> 1 | F29: =COUNTIF('TEST AUTO'!$O:$O,'TRAITEMENT AUTO'!F$28) -> 0 | G29: =H28-H29 -> 0 | H29: =SUM(C29:F29) -> 5
B30: % DE REPONSES | C30: =C29/$H28 -> 0.4 | D30: =D29/$H28 -> 0.4 | E30: =E29/$H28 -> 0.2 | F30: =F29/$H28 -> 0 | G30: =G29/$H28 -> 0 | H30: =SUM(C30:G30) -> 1
A31: TYPE | B31: L’élève doit déterminer un grand nombre entier à partir de la donnée d’une droite graduée. Grands entiers. Repérage sur une droite graduée, entre deux graduations seules. | D31: OUI : a dénombré 6 grandes graduations. NON : la valeur d'une graduation. | E31: OUI : a dénombré 6 graduations. NON : la valeur, trop petite, d'une graduation. | F31: OUI : a dénombré 6 graduations. NON : la valeur, en unités, d'une graduation. | G31: PROCEDURE
A33: 7 | B33: Observer cette demi-droite graduée. Quelle est l’abscisse du point B ? | C33: 2.2 | D33: 20.2 | E33: 22 | F33: 1.12 | G33: SANS REPONSE | H33: =COUNTA('TEST AUTO'!A:A)-2 -> 5
B34: NOMBRE DE REPONSES | C34: =COUNTIF('TEST AUTO'!$Q:$Q,'TRAITEMENT AUTO'!C$33) -> 3 | D34: =COUNTIF('TEST AUTO'!$Q:$Q,'TRAITEMENT AUTO'!D$33) -> 1 | E34: =COUNTIF('TEST AUTO'!$Q:$Q,'TRAITEMENT AUTO'!E$33) -> 1 | F34: =COUNTIF('TEST AUTO'!$Q:$Q,'TRAITEMENT AUTO'!F$33) -> 0 | G34: =H33-H34 -> 0 | H34: =SUM(C34:F34) -> 5
B35: % DE REPONSES | C35: =C34/$H33 -> 0.6 | D35: =D34/$H33 -> 0.2 | E35: =E34/$H33 -> 0.2 | F35: =F34/$H33 -> 0 | G35: =G34/$H33 -> 0 | H35: =SUM(C35:G35) -> 1
A36: TYPE | B36: L’élève doit déterminer l’abscisse (en écriture décimale) d’un point à partir de la donnée d’une droite graduée dont on connait l’origine et l’unité. Nombres décimaux. Repérage sur une droite graduée : écriture décimale. | C36: ! Le mot "abscisse" n'est pas censé être connu en CM2 ! | D36: OUI : espace entre deux graduations, moins d'1 unité. NON : ne l’applique pas entre 0 et 2 unités. | E36: NON : a dénombré toutes les graduations. NON : sans comprendre les sens de l’origine et d’1 unité. | F36: OUI : a repéré l’unité. NON : a dénombré toutes les graduations qui suivent, sans en comprendre le sens. | G36: PROCEDURE
A38: 8 | B38: Quelle fraction correspond au point A ? | C38: 4/10 | D38: 1/4 | E38: 4/1 | F38: 10/4 | G38: SANS REPONSE | H38: =COUNTA('TEST AUTO'!A:A)-2 -> 5
B39: NOMBRE DE REPONSES | C39: =COUNTIF('TEST AUTO'!$S:$S,'TRAITEMENT AUTO'!C$38) -> 3 | D39: =COUNTIF('TEST AUTO'!$S:$S,'TRAITEMENT AUTO'!D$38) -> 0 | E39: =COUNTIF('TEST AUTO'!$S:$S,'TRAITEMENT AUTO'!E$38) -> 2 | F39: =COUNTIF('TEST AUTO'!$S:$S,'TRAITEMENT AUTO'!F$38) -> 0 | G39: =H38-H39 -> 0 | H39: =SUM(C39:F39) -> 5
B40: % DE REPONSES | C40: =C39/$H38 -> 0.6 | D40: =D39/$H38 -> 0 | E40: =E39/$H38 -> 0.4 | F40: =F39/$H38 -> 0 | G40: =G39/$H38 -> 0 | H40: =SUM(C40:G40) -> 1
A41: TYPE | B41: L’élève doit déterminer une fraction correspondant à un point placé sur une droite graduée dont on connait l’origine et l’unité. Nombres décimaux. Repérage sur une droite graduée : écriture fractionnaire. | D41: OUI : a dénombré 4 graduations depuis l'origine. NON : partage de l’unité par ces 4 graduations. | E41: OUI : a dénombré 4 graduations depuis l'origine. NON : l’unité ne fait pas sens. | F41: OUI : a reconnu une situation de partage. NON : la notation en écriture fractionnaire. | G41: PROCEDURE
A43: 9 | B43: Choisir le nombre encadré par 10 000 et 100 000 : 10 000 < ... < 100 000 | C43: 87 842 | D43: 9 345 | E43: 235 412 | F43: 1 010 000 | G43: SANS REPONSE | H43: =COUNTA('TEST AUTO'!A:A)-2 -> 5
B44: NOMBRE DE REPONSES | C44: =COUNTIF('TEST AUTO'!$U:$U,'TRAITEMENT AUTO'!C$43) -> 3 | D44: =COUNTIF('TEST AUTO'!$U:$U,'TRAITEMENT AUTO'!D$43) -> 2 | E44: =COUNTIF('TEST AUTO'!$U:$U,'TRAITEMENT AUTO'!E$43) -> 0 | F44: =COUNTIF('TEST AUTO'!$U:$U,'TRAITEMENT AUTO'!F$43) -> 0 | G44: =H43-H44 -> 0 | H44: =SUM(C44:F44) -> 5
B45: % DE REPONSES | C45: =C44/$H43 -> 0.6 | D45: =D44/$H43 -> 0.4 | E45: =E44/$H43 -> 0 | F45: =F44/$H43 -> 0 | G45: =G44/$H43 -> 0 | H45: =SUM(C45:G45) -> 1
A46: TYPE | B46: L’élève doit déterminer un grand nombre entier à intercaler entre 10 000 et 100 000. Nombres entiers. Comparaison : encadrement grands entiers. | D46: NON : le plus proche de 10000. | E46: NON : les grands nombres ne font pas sens chez l’élève. | F46: NON : a "inséré" 10 000 dans 100 000 (sens du mot "encadré" de la consigne). | G46: CONNAISSANCE ou PROCEDURE
A48: 10 | B48: Quel est le plus petit nombre parmi les suivants ? | C48: 1,082 | D48: 1,4 | E48: 1,09 | F48: 2,03 | G48: SANS REPONSE | H48: =COUNTA('TEST AUTO'!A:A)-2 -> 5
B49: NOMBRE DE REPONSES | C49: =COUNTIF('TEST AUTO'!$W:$W,'TRAITEMENT AUTO'!C$48) -> 2 | D49: =COUNTIF('TEST AUTO'!$W:$W,'TRAITEMENT AUTO'!D$48) -> 1 | E49: =COUNTIF('TEST AUTO'!$W:$W,'TRAITEMENT AUTO'!E$48) -> 2 | F49: =COUNTIF('TEST AUTO'!$W:$W,'TRAITEMENT AUTO'!F$48) -> 0 | G49: =H48-H49 -> 0 | H49: =SUM(C49:F49) -> 5
B50: % DE REPONSES | C50: =C49/$H48 -> 0.4 | D50: =D49/$H48 -> 0.2 | E50: =E49/$H48 -> 0.4 | F50: =F49/$H48 -> 0 | G50: =G49/$H48 -> 0 | H50: =SUM(C50:G50) -> 1
A51: TYPE | B51: L’élève doit déterminer le plus petit de quatre nombres en écriture décimale. Nombres décimaux. Ecriture décimale : comparaison. | D51: OUI : + petite partie entière. NON : écriture décimale = deux nombres, avant et après la virgule OU : a le moins de chiffres. | E51: OUI : + petite partie entière, et "0,09 <0,4" perçu. NON : écriture décimale = deux nombres, avant et après la virgule. | F51: NON : a choisi la plus petite partie décimale "3" plus petite OU : confusion sens, a choisi le nombre le plus grand. | G51: PROCEDURE
A53: 11 | B53: On a colorié les … | C53: 3/7 de la figure. | D53: 3/4 de la figure. | E53: 4/7 de la figure. | F53: 4/4 de la figure. | G53: SANS REPONSE | H53: =COUNTA('TEST AUTO'!A:A)-2 -> 5
B54: NOMBRE DE REPONSES | C54: =COUNTIF('TEST AUTO'!$Y:$Y,'TRAITEMENT AUTO'!C$53) -> 4 | D54: =COUNTIF('TEST AUTO'!$Y:$Y,'TRAITEMENT AUTO'!D$53) -> 1 | E54: =COUNTIF('TEST AUTO'!$Y:$Y,'TRAITEMENT AUTO'!E$53) -> 0 | F54: =COUNTIF('TEST AUTO'!$Y:$Y,'TRAITEMENT AUTO'!F$53) -> 0 | G54: =H53-H54 -> 0 | H54: =SUM(C54:F54) -> 5
B55: % DE REPONSES | C55: =C54/$H53 -> 0.8 | D55: =D54/$H53 -> 0.2 | E55: =E54/$H53 -> 0 | F55: =F54/$H53 -> 0 | G55: =G54/$H53 -> 0 | H55: =SUM(C55:G55) -> 1
A56: TYPE | B56: L’élève doit déterminer une proportion à partir de la donnée d’une figure partagée en parts égales dont certaines sont colorées. Fraction partage. Ecriture fractionnaire : proportion. | D56: OUI : a compris la notion de partage. NON : pas proportion, ramène à la partie non colorée. | E56: OUI : a compris la notion de partage. NON : proportion pour la partie non colorée. | F56: NON : n’a pas compris la notion de proportion. NON : ni l’écriture qui est associée. | G56: PROCEDURE
A58: 12 | B58: Quel nombre permet de compléter l’égalité pour qu’elle soit vraie ? 433 + ... = 440 | C58: 7 | D58: 8 | E58: 6 | F58: 5 | G58: SANS REPONSE | H58: =COUNTA('TEST AUTO'!A:A)-2 -> 5
B59: NOMBRE DE REPONSES | C59: =COUNTIF('TEST AUTO'!$AA:$AA,'TRAITEMENT AUTO'!C$58) -> 5 | D59: =COUNTIF('TEST AUTO'!$AA:$AA,'TRAITEMENT AUTO'!D$58) -> 0 | E59: =COUNTIF('TEST AUTO'!$AA:$AA,'TRAITEMENT AUTO'!E$58) -> 0 | F59: =COUNTIF('TEST AUTO'!$AA:$AA,'TRAITEMENT AUTO'!F$58) -> 0 | G59: =H58-H59 -> 0 | H59: =SUM(C59:F59) -> 5
B60: % DE REPONSES | C60: =C59/$H58 -> 1 | D60: =D59/$H58 -> 0 | E60: =E59/$H58 -> 0 | F60: =F59/$H58 -> 0 | G60: =G59/$H58 -> 0 | H60: =SUM(C60:G60) -> 1
A61: TYPE | B61: L’élève doit déterminer un nombre entier qui rend une égalité vraie. Il s’agit de trouver le terme manquant. Nombres entiers. Calcul mental : complément à la dizaine. | D61: NON : a compté jusqu'à… mais en comptabilisant 433. | E61: NON : a compté jusqu'à… mais à partir de 434. | F61: NON : a compté jusqu'à… mais à partir de 435. | G61: CONNAISSANCE ou PROCEDURE
A63: 13 | B63: La moitié de 8,10 est … | C63: 4,05 | D63: 4,20 | E63: 4,50 | F63: 4.5 | G63: SANS REPONSE | H63: =COUNTA('TEST AUTO'!A:A)-2 -> 5
B64: NOMBRE DE REPONSES | C64: =COUNTIF('TEST AUTO'!$AC:$AC,'TRAITEMENT AUTO'!C$63) -> 3 | D64: =COUNTIF('TEST AUTO'!$AC:$AC,'TRAITEMENT AUTO'!D$63) -> 0 | E64: =COUNTIF('TEST AUTO'!$AC:$AC,'TRAITEMENT AUTO'!E$63) -> 2 | G64: =H63-H64 -> 0 | H64: =SUM(C64:F64) -> 5
B65: % DE REPONSES | C65: =C64/$H63 -> 0.6 | D65: =D64/$H63 -> 0 | E65: =E64/$H63 -> 0.4 | G65: =G64/$H63 -> 0 | H65: =SUM(C65:G65) -> 1
A66: TYPE | B66: L’élève doit déterminer la moitié d’un nombre proposé en écriture décimale. Nombres décimaux. Calcul mental : moitié de. Ecriture décimale. | D66: NON : à un moment, a confondu moitié et double. | E66: NON : considère l’écriture décimale comme deux nombres accolés. | G66: PROCEDURE
A68: 14 | B68: Calculer mentalement la multiplication suivante : 754,82 × 10 = ... | C68: 7 548,2 | D68: 7,5482 | E68: 75,482 | F68: 75 482 | G68: SANS REPONSE | H68: =COUNTA('TEST AUTO'!A:A)-2 -> 5
B69: NOMBRE DE REPONSES | C69: =COUNTIF('TEST AUTO'!$AE:$AE,'TRAITEMENT AUTO'!C$68) -> 1 | D69: =COUNTIF('TEST AUTO'!$AE:$AE,'TRAITEMENT AUTO'!D$68) -> 1 | E69: =COUNTIF('TEST AUTO'!$AE:$AE,'TRAITEMENT AUTO'!E$68) -> 2 | F69: =COUNTIF('TEST AUTO'!$AE:$AE,'TRAITEMENT AUTO'!F$68) -> 0 | G69: =H68-H69 -> 1 | H69: =SUM(C69:F69) -> 4
B70: % DE REPONSES | C70: =C69/$H68 -> 0.2 | D70: =D69/$H68 -> 0.2 | E70: =E69/$H68 -> 0.4 | F70: =F69/$H68 -> 0 | G70: =G69/$H68 -> 0.2 | H70: =SUM(C70:G70) -> 1
A71: TYPE | B71: L’élève doit déterminer le résultat de la multiplication, d’un nombre décimal en écriture décimale, par 10. Nombres décimaux. Calcul mental : multiplication par 10. Ecriture décimale. | D71: NON : le 1er chiffre est vu comme la 1ère décimale. NON : notion de l'ordre de grandeur. | E71: NON : le 1er chiffre est vu comme le chiffre des unités OU : procédure stéréotype de décalage, dans mauvais sens. | F71: NON : procédure stéréotype de décalage, aboutissant à ne plus avoir de virgule. | G71: PROCEDURE
A73: 15 | B73: Voici un calcul : 3,4 × 5 = … Quel est le résultat de ce calcul ? | C73: 17 | D73: 1,7 | E73: 15,2 | F73: 152,0 | G73: SANS REPONSE | H73: =COUNTA('TEST AUTO'!A:A)-2 -> 5
B74: NOMBRE DE REPONSES | C74: =COUNTIF('TEST AUTO'!$AG:$AG,'TRAITEMENT AUTO'!C$73) -> 0 | D74: =COUNTIF('TEST AUTO'!$AG:$AG,'TRAITEMENT AUTO'!D$73) -> 0 | E74: =COUNTIF('TEST AUTO'!$AG:$AG,'TRAITEMENT AUTO'!E$73) -> 5 | F74: =COUNTIF('TEST AUTO'!$AG:$AG,'TRAITEMENT AUTO'!F$73) -> 0 | G74: =H73-H74 -> 0 | H74: =SUM(C74:F74) -> 5
B75: % DE REPONSES | C75: =C74/$H73 -> 0 | D75: =D74/$H73 -> 0 | E75: =E74/$H73 -> 1 | F75: =F74/$H73 -> 0 | G75: =G74/$H73 -> 0 | H75: =SUM(C75:G75) -> 1
A76: TYPE | B76: L’élève doit déterminer le résultat de la multiplication d’un nombre décimal en écriture décimale par 5. Nombres décimaux. Calcul mental : multiplication par 5. Ecriture décimale. | D76: OUI : multiplication avec 3,4 en tant que nombre. NON : placement de la virgule comme marqueur de l’unité. | E76: NON : considère l’écriture décimale d’un nombre comme deux nombres séparés par une virgule. | F76: NON : considère l’écriture décimale d’un nombre comme deux nombres séparés par une virgule. | G76: PROCEDURE
A78: 16 | B78: Compléter avec l’unité qui convient. Une coccinelle peut mesurer 7… | C78: mm | D78: cm | E78: m | F78: dm | G78: SANS REPONSE | H78: =COUNTA('TEST AUTO'!A:A)-2 -> 5
B79: NOMBRE DE REPONSES | C79: =COUNTIF('TEST AUTO'!$AI:$AI,'TRAITEMENT AUTO'!C$78) -> 3 | D79: =COUNTIF('TEST AUTO'!$AI:$AI,'TRAITEMENT AUTO'!D$78) -> 2 | E79: =COUNTIF('TEST AUTO'!$AI:$AI,'TRAITEMENT AUTO'!E$78) -> 0 | F79: =COUNTIF('TEST AUTO'!$AI:$AI,'TRAITEMENT AUTO'!F$78) -> 0 | G79: =H78-H79 -> 0 | H79: =SUM(C79:F79) -> 5
B80: % DE REPONSES | C80: =C79/$H78 -> 0.6 | D80: =D79/$H78 -> 0.4 | E80: =E79/$H78 -> 0 | F80: =F79/$H78 -> 0 | G80: =G79/$H78 -> 0 | H80: =SUM(C80:G80) -> 1
A81: TYPE | B81: L’élève doit déterminer l’unité qui accompagne la mesure donnée. Grandeurs et mesures. Longueur. Choix de l'unité : ordre de grandeur. | D81: NON : ordre de grandeur OU : confusion "coccinelle" avec autre insecte. | E81: NON : ordre de grandeur. | F81: NON : ordre de grandeur. | G81: CONNAISSANCE
A83: 17 | B83: Un rectangle dessiné sur un quadrillage. Dans ce quadrillage, chaque carreau mesure 1 cm de côté. Quel est le périmètre, en centimètre, de ce rectangle ? | C83: 22 cm | D83: 14 cm | E83: 18 cm | F83: 28 cm | G83: SANS REPONSE | H83: =COUNTA('TEST AUTO'!A:A)-2 -> 5
B84: NOMBRE DE REPONSES | C84: =COUNTIF('TEST AUTO'!$AK:$AK,'TRAITEMENT AUTO'!C$83) -> 2 | D84: =COUNTIF('TEST AUTO'!$AK:$AK,'TRAITEMENT AUTO'!D$83) -> 0 | E84: =COUNTIF('TEST AUTO'!$AK:$AK,'TRAITEMENT AUTO'!E$83) -> 2 | F84: =COUNTIF('TEST AUTO'!$AK:$AK,'TRAITEMENT AUTO'!F$83) -> 1 | G84: =H83-H84 -> 0 | H84: =SUM(C84:F84) -> 5
B85: % DE REPONSES | C85: =C84/$H83 -> 0.4 | D85: =D84/$H83 -> 0 | E85: =E84/$H83 -> 0.4 | F85: =F84/$H83 -> 0.2 | G85: =G84/$H83 -> 0 | H85: =SUM(C85:G85) -> 1
A86: TYPE | B86: L’élève doit déterminer le périmètre d’un rectangle. Grandeurs et mesures. Périmètre : dénombrement de segments égaux. | D86: NON : connaissance partielle du périmètre : calcule "nombre de carreaux du grand côté x 2". | E86: OUI : notion de contour. NON : a dénombré les carrés du tour intérieur du rectangle (procédure stéréotype "aire"). | F86: NON : confusion aire (nombre de carreaux) et périmètre (nombre de segments) (procédure stéréotype "aire"). | G86: PROCEDURE
A88: 18 | B88: Le professeur demande à un élève « 1 m c’est combien de fois plus grand que 1 dm ? » | C88: 10 fois | D88: 100 fois | E88: 1 000 fois | F88: 10 000 fois | G88: SANS REPONSE | H88: =COUNTA('TEST AUTO'!A:A)-2 -> 5
B89: NOMBRE DE REPONSES | C89: =COUNTIF('TEST AUTO'!$AM:$AM,'TRAITEMENT AUTO'!C$88) -> 2 | D89: =COUNTIF('TEST AUTO'!$AM:$AM,'TRAITEMENT AUTO'!D$88) -> 3 | E89: =COUNTIF('TEST AUTO'!$AM:$AM,'TRAITEMENT AUTO'!E$88) -> 0 | F89: =COUNTIF('TEST AUTO'!$AM:$AM,'TRAITEMENT AUTO'!F$88) -> 0 | G89: =H88-H89 -> 0 | H89: =SUM(C89:F89) -> 5
B90: % DE REPONSES | C90: =C89/$H88 -> 0.4 | D90: =D89/$H88 -> 0.6 | E90: =E89/$H88 -> 0 | F90: =F89/$H88 -> 0 | G90: =G89/$H88 -> 0 | H90: =SUM(C90:G90) -> 1
A91: TYPE | B91: L’élève doit comparer deux mesures exprimées dans deux unités différentes. Grandeurs et mesures. Longueur. Choix de l'unité : relation entre les unités. | D91: NON : relation entre les différentes unités de mesure. | G91: CONNAISSANCE ou PROCEDURE
A93: 19 | B93: Compléter l’égalité : 24 cm = … mm | C93: 240 | D93: 0,24 | E93: 2,4 | F93: 2 400 | G93: SANS REPONSE | H93: =COUNTA('TEST AUTO'!A:A)-2 -> 5
B94: NOMBRE DE REPONSES | C94: =COUNTIF('TEST AUTO'!$AO:$AO,'TRAITEMENT AUTO'!C$93) -> 3 | D94: =COUNTIF('TEST AUTO'!$AO:$AO,'TRAITEMENT AUTO'!D$93) -> 1 | E94: =COUNTIF('TEST AUTO'!$AO:$AO,'TRAITEMENT AUTO'!E$93) -> 1 | F94: =COUNTIF('TEST AUTO'!$AO:$AO,'TRAITEMENT AUTO'!F$93) -> 0 | G94: =H93-H94 -> 0 | H94: =SUM(C94:F94) -> 5
B95: % DE REPONSES | C95: =C94/$H93 -> 0.6 | D95: =D94/$H93 -> 0.2 | E95: =E94/$H93 -> 0.2 | F95: =F94/$H93 -> 0 | G95: =G94/$H93 -> 0 | H95: =SUM(C95:G95) -> 1
A96: TYPE | B96: L’élève doit convertir en mm une mesure exprimée en cm. Nombres décimaux. Longueur. Conversion d'unité : relation entre les unités. | D96: NON : lien entre différentes unités et mesures OU : n’a pas compris l’écriture décimale. | E96: OUI : connait le rapport de 10 entre cm et mm. NON : inverse ce rapport entre cm et mm. | F96: NON : lien entre différentes unités et mesures OU : n’a pas compris l’écriture décimale. | G96: CONNAISSANCE ou PROCEDURE
A98: 20 | B98: Un carré est dessiné sur un quadrillage. Chaque carreau fait 1 cm de côté. Quelle est l’aire de ce carré en cm² ? | C98: 9 cm² | D98: 6 cm² | E98: 12 cm² | F98: 15 cm² | G98: SANS REPONSE | H98: =COUNTA('TEST AUTO'!A:A)-2 -> 5
B99: NOMBRE DE REPONSES | C99: =COUNTIF('TEST AUTO'!$AQ:$AQ,'TRAITEMENT AUTO'!C$98) -> 1 | D99: =COUNTIF('TEST AUTO'!$AQ:$AQ,'TRAITEMENT AUTO'!D$98) -> 0 | E99: =COUNTIF('TEST AUTO'!$AQ:$AQ,'TRAITEMENT AUTO'!E$98) -> 4 | F99: =COUNTIF('TEST AUTO'!$AQ:$AQ,'TRAITEMENT AUTO'!F$98) -> 0 | G99: =H98-H99 -> 0 | H99: =SUM(C99:F99) -> 5
B100: % DE REPONSES | C100: =C99/$H98 -> 0.2 | D100: =D99/$H98 -> 0 | E100: =E99/$H98 -> 0.8 | F100: =F99/$H98 -> 0 | G100: =G99/$H98 -> 0 | H100: =SUM(C100:G100) -> 1
A101: TYPE | B101: L’élève doit déterminer l’aire d’un carré. Grandeurs et mesures. Aire : dénombrement de carrés de même aire. | D101: NON : erreur du type "2 côtés de 3 cm" : aire = 2 × 3 = 6 OU : aire = 3 x 3 = 6. | E101: NON : confusion avec le périmètre du carré calculé par dénombrement des "traits" à l'intérieur du carré. | F101: NON : confusion avec le périmètre extérieur, et faux, en longueur de côté de carreau. | G101: PROCEDURE
A103: 21 | B103: Le pavé droit ci-dessous est composé de petits cubes de 1 cm3. Quel est le volume de ce pavé droit ? | C103: 20 cm³ | D103: 4 cm³ | E103: 9 cm³ | F103: 24 cm³ | G103: SANS REPONSE | H103: =COUNTA('TEST AUTO'!A:A)-2 -> 5
B104: NOMBRE DE REPONSES | C104: =COUNTIF('TEST AUTO'!$AS:$AS,'TRAITEMENT AUTO'!C$103) -> 4 | D104: =COUNTIF('TEST AUTO'!$AS:$AS,'TRAITEMENT AUTO'!D$103) -> 0 | E104: =COUNTIF('TEST AUTO'!$AS:$AS,'TRAITEMENT AUTO'!E$103) -> 1 | F104: =COUNTIF('TEST AUTO'!$AS:$AS,'TRAITEMENT AUTO'!F$103) -> 0 | G104: =H103-H104 -> 0 | H104: =SUM(C104:F104) -> 5
B105: % DE REPONSES | C105: =C104/$H103 -> 0.8 | D105: =D104/$H103 -> 0 | E105: =E104/$H103 -> 0.2 | F105: =F104/$H103 -> 0 | G105: =G104/$H103 -> 0 | H105: =SUM(C105:G105) -> 1
A106: TYPE | B106: L’élève doit déterminer le volume d’un pavé droit. Grandeurs et mesures. Volume : dénombrement de cubes de même volume. | D106: NON : dénombre les faces représentées en vert. | E106: NON : dénombre les faces représentées en vert et rouge. | F106: NON : dénombre les faces représentées en vert et bleu. | G106: PROCEDURE
A108: 22 | B108: Louis a tracé deux angles B et E . Il souhaite les comparer. | C108: Les angles B et E sont égaux. | D108: L'angle B est plus grand que l'angle E. | E108: L'angle B est plus petit que l'angle E. | F108: On ne peut pas le savoir. | G108: SANS REPONSE | H108: =COUNTA('TEST AUTO'!A:A)-2 -> 5
B109: NOMBRE DE REPONSES | C109: =COUNTIF('TEST AUTO'!$AU:$AU,'TRAITEMENT AUTO'!C$108) -> 4 | D109: =COUNTIF('TEST AUTO'!$AU:$AU,'TRAITEMENT AUTO'!D$108) -> 0 | E109: =COUNTIF('TEST AUTO'!$AU:$AU,'TRAITEMENT AUTO'!E$108) -> 1 | F109: =COUNTIF('TEST AUTO'!$AU:$AU,'TRAITEMENT AUTO'!F$108) -> 0 | G109: =H108-H109 -> 0 | H109: =SUM(C109:F109) -> 5
B110: % DE REPONSES | C110: =C109/$H108 -> 0.8 | D110: =D109/$H108 -> 0 | E110: =E109/$H108 -> 0.2 | F110: =F109/$H108 -> 0 | G110: =G109/$H108 -> 0 | H110: =SUM(C110:G110) -> 1
A111: TYPE | B111: L’élève doit comparer deux angles, tracés différemment sur un quadrillage. Grandeurs et mesures. Angles : comparaison de mesures de secteurs angulaires. | D111: NON : compare les longueurs des segments homologues de chaque angle : AB > DE. | E111: NON : compare les longueurs des segments homologues de chaque angle : BC < EF. | F111: NON : ne sait pas comparer des angles sans gabarit ou sans mesure. | G111: PROCEDURE
A113: 23 | B113: Une balle de tennis de table pèse 2,7… | C113: grammes (g). | D113: kilogrammes (kg). | E113: millimètres (mm). | F113: centilitres (cL). | G113: SANS REPONSE | H113: =COUNTA('TEST AUTO'!A:A)-2 -> 5
B114: NOMBRE DE REPONSES | C114: =COUNTIF('TEST AUTO'!$AW:$AW,'TRAITEMENT AUTO'!C$113) -> 4 | D114: =COUNTIF('TEST AUTO'!$AW:$AW,'TRAITEMENT AUTO'!D$113) -> 1 | E114: =COUNTIF('TEST AUTO'!$AW:$AW,'TRAITEMENT AUTO'!E$113) -> 0 | F114: =COUNTIF('TEST AUTO'!$AW:$AW,'TRAITEMENT AUTO'!F$113) -> 0 | G114: =H113-H114 -> 0 | H114: =SUM(C114:F114) -> 5
B115: % DE REPONSES | C115: =C114/$H113 -> 0.8 | D115: =D114/$H113 -> 0.2 | E115: =E114/$H113 -> 0 | F115: =F114/$H113 -> 0 | G115: =G114/$H113 -> 0 | H115: =SUM(C115:G115) -> 1
A116: TYPE | B116: L’élève doit déterminer l’unité correspondant à la masse considérée, en tenant aussi compte de l’ordre de grandeur. Nombres décimaux. Masse. Choix de l'unité : ordre de grandeur. | D116: OUI : unité de mesure de masse NON : ordre de grandeur. | E116: NON : unité de mesure de longueur. | F116: NON : unité de mesure de volume. | G116: CONNAISSANCE

Sheet TRAIT AUTO-pdf
A1: PAGE A IMPRIMER EN PDF POUR UN TRAVAIL CIBLE PAR ITEM (pour CEC, un temps INTER-DEGRE, en équipe COLLEGE, etc.)
C9: 76 004 | D9: =COUNTIF('TEST AUTO'!$E:$E,C9) -> 3 | E9: =D9/D$14 -> 0.6
C10: 76 1004 | D10: =COUNTIF('TEST AUTO'!$E:$E,C10) -> 1 | E10: =D10/D$14 -> 0.2 | F10: l’élève n’a pas compris l’écriture décimale.
C11: 60 16 1 004 | D11: =COUNTIF('TEST AUTO'!$E:$E,C11) -> 0 | E11: =D11/D$14 -> 0 | F11: l’élève n’a pas compris l’écriture décimale et écrit en chiffres ce qu’il lit ou entend.
C12: 16 004 | D12: =COUNTIF('TEST AUTO'!$E:$E,C12) -> 1 | E12: =D12/D$14 -> 0.2 | F12: l’élève ne tient compte que de la fin de ce qu’il lit.
C13: Pas de réponse | D13: =D14-(D9+D10+D11+D12) -> 0 | E13: =D13/D$14 -> 0
C14: Total | D14: =COUNTA('TEST AUTO'!$C:$C)-1 -> 5 | E14: =SUM(E9:E13) -> 1
C21: 0,072 | D21: =COUNTIF('TEST AUTO'!$G:$G,C21) -> 3 | E21: =D21/D$14 -> 0.6
C22: 0,720 | D22: =COUNTIF('TEST AUTO'!$G:$G,C22) -> 0 | E22: =D22/D$14 -> 0 | F22: OUI : chiffre des millièmes -> 3è décimale - NON : 72 pas nombre de millièmes
C23: 72,001 | D23: =COUNTIF('TEST AUTO'!$G:$G,C23) -> 1 | E23: =D23/D$14 -> 0.2 | F23: OUI : chiffre des millièmes -> 3è décimale - NON : nombre d’unités + 1 millième
C24: 72,1000 | D24: =COUNTIF('TEST AUTO'!$G:$G,C24) -> 1 | E24: =D24/D$14 -> 0.2 | F24: NON : sens mathématique de l'écriture décimale -> deux nombres accolés
C25: Pas de réponse | D25: =D26-(D22+D23+D24+D21) -> 0 | E25: =D25/D$14 -> 0
C26: Total | D26: =COUNTA('TEST AUTO'!$C:$C)-1 -> 5 | E26: =SUM(E21:E25) -> 1
C33: 3,2 | D33: =COUNTIF('TEST AUTO'!$I:$I,C33) -> 4 | E33: =D33/D$14 -> 0.8
C34: 0,32 | D34: =COUNTIF('TEST AUTO'!$I:$I,C34) -> 1 | E34: =D34/D$14 -> 0.2 | F34: OUI : repère les chiffres, et une virgule - NON : multiplication, puis lit 32/10
C35: 32,0 | D35: =COUNTIF('TEST AUTO'!$I:$I,C35) -> 0 | E35: =D35/D$14 -> 0 | F35: OUI : repère les chiffres - NON : multiplication, ne traite pas le /10 (virgule)
C36: 32,10 | D36: =COUNTIF('TEST AUTO'!$I:$I,C36) -> 0 | E36: =D36/D$14 -> 0 | F36: OUI : repère les chiffres, et une virgule - NON : multiplication, additionne 1 /10
C37: Pas de réponse | D37: =D38-(D34+D33+D35+D36) -> 0 | E37: =D37/D$14 -> 0
C38: Total | D38: =COUNTA('TEST AUTO'!$C:$C)-1 -> 5 | E38: =SUM(E33:E37) -> 1
C45: 0.04 | D45: =COUNTIF('TEST AUTO'!$K:$K,C45) -> 4 | E45: =D45/D$14 -> 0.8
C46: 0.4 | D46: =COUNTIF('TEST AUTO'!$K:$K,C46) -> 0 | E46: =D46/D$14 -> 0 | F46: OUI : nombre pas un entier - NON : mauvais rang du chiffre 4
C47: 4 | D47: =COUNTIF('TEST AUTO'!$K:$K,C47) -> 1 | E47: =D47/D$14 -> 0.2 | F47: NON : l’écriture en fraction décimale ou la notion de nombre décimal - NON : que le 1er chiffre
C48: 400 | D48: =COUNTIF('TEST AUTO'!$K:$K,C48) -> 0 | E48: =D48/D$14 -> 0 | F48: NON : décomposition en fraction décimale ou la notion de nombre décimal
C49: Pas de réponse | D49: =D50-(D45+D46+D47+D48) -> 0 | E49: =D49/D$14 -> 0
C50: Total | D50: =COUNTA('TEST AUTO'!$C:$C)-1 -> 5 | E50: =SUM(E45:E49) -> 1
C56: 10 fois 5 millièmes. | D56: =COUNTIF('TEST AUTO'!$M:$M,C56) -> 0 | E56: =D56/D$14 -> 0
C57: 10 fois 5 dixièmes. | D57: =COUNTIF('TEST AUTO'!$M:$M,C57) -> 3 | E57: =D57/D$14 -> 0.6 | F57: NON : pense centièmes en 100, et 100 = 10 fois dix - NON : élargit dix à dixièmes
C58: 10 fois 5 unités. | D58: =COUNTIF('TEST AUTO'!$M:$M,C58) -> 1 | E58: =D58/D$14 -> 0.2 | F58: NON : confond centièmes et centaines - NON : 5 centaines ne sont pas 5 dizaines
C59: 10 fois 5 dizaines. | D59: =COUNTIF('TEST AUTO'!$M:$M,C59) -> 1 | E59: =D59/D$14 -> 0.2 | F59: NON : pense centièmes en 100, et 100 = 10 fois dix - NON : élargit dix à dizaines
C60: Pas de réponse | D60: =D61-(D57+D56+D58+D59) -> 0 | E60: =D60/D$14 -> 0
C61: Total | D61: =COUNTA('TEST AUTO'!$C:$C)-1 -> 5 | E61: =SUM(E56:E60) -> 1
C75: 2 600 000 | D75: =COUNTIF('TEST AUTO'!$O:$O,C75) -> 2 | E75: =D75/D$14 -> 0.4
C76: 2 060 000 | D76: =COUNTIF('TEST AUTO'!$O:$O,C76) -> 2 | E76: =D76/D$14 -> 0.4 | F76: OUI : a dénombré 6 grandes graduations - NON : la valeur d'une graduation
C77: 2 000 600 | D77: =COUNTIF('TEST AUTO'!$O:$O,C77) -> 1 | E77: =D77/D$14 -> 0.2 | F77: OUI : a dénombré 6 graduations - NON : la valeur, trop petite, d'une graduation
C78: 2 000 006 | D78: =COUNTIF('TEST AUTO'!$O:$O,C78) -> 0 | E78: =D78/D$14 -> 0 | F78: OUI : a dénombré 6 graduations - NON : la valeur, en unités, d'une graduation
C79: Pas de réponse | D79: =D80-(D75+D76+D77+D78) -> 0 | E79: =D79/D$14 -> 0
C80: Total | D80: =COUNTA('TEST AUTO'!$C:$C)-1 -> 5 | E80: =SUM(E75:E79) -> 1
C91: 2.2 | D91: =COUNTIF('TEST AUTO'!$Q:$Q,C91) -> 3 | E91: =D91/D$14 -> 0.6
C92: 1.12 | D92: =COUNTIF('TEST AUTO'!$Q:$Q,C92) -> 0 | E92: =D92/D$14 -> 0 | F92: OUI : a repéré l’unité- NON : a dénombré toutes les graduations qui suivent, sans en comprendre le sens
C93: 22 | D93: =COUNTIF('TEST AUTO'!$Q:$Q,C93) -> 1 | E93: =D93/D$14 -> 0.2 | F93: NON : a dénombré toutes les graduations- NON : sans comprendre les sens de l’origine et d’1 unité
C94: 20.2 | D94: =COUNTIF('TEST AUTO'!$Q:$Q,C94) -> 1 | E94: =D94/D$14 -> 0.2 | F94: OUI : espace entre deux graduations, moins d'1 unité - NON : ne l’applique pas entre 0 et 2 unités
C95: Pas de réponse | D95: =D96-(D91+D92+D93+D94) -> 0 | E95: =D95/D$14 -> 0
C96: Total | D96: =COUNTA('TEST AUTO'!$C:$C)-1 -> 5 | E96: =SUM(E91:E95) -> 1
C107: 4/10 | D107: =COUNTIF('TEST AUTO'!$S:$S,C107) -> 3 | E107: =D107/D$14 -> 0.6
C108: 1/4 | D108: =COUNTIF('TEST AUTO'!$S:$S,C108) -> 0 | E108: =D108/D$14 -> 0 | F108: OUI : a dénombré 4 graduations depuis l'origine - NON : partage de l’unité par ces 4 graduations
C109: 4/1 | D109: =COUNTIF('TEST AUTO'!$S:$S,C109) -> 2 | E109: =D109/D$14 -> 0.4 | F109: OUI : a dénombré 4 graduations depuis l'origine- NON : l’unité ne fait pas sens
C110: 10/4 | D110: =COUNTIF('TEST AUTO'!$S:$S,C110) -> 0 | E110: =D110/D$14 -> 0 | F110: OUI : a reconnu une situation de partage - NON : la notation en écriture fractionnaire
C111: Pas de réponse | D111: =D112-(D108+D109+D107+D110) -> 0 | E111: =D111/D$14 -> 0
C112: Total | D112: =COUNTA('TEST AUTO'!$C:$C)-1 -> 5 | E112: =SUM(E107:E111) -> 1
C120: 87 842 | D120: =COUNTIF('TEST AUTO'!$U:$U,C120) -> 3 | E120: =D120/D$14 -> 0.6
C121: 9 345 | D121: =COUNTIF('TEST AUTO'!$U:$U,C121) -> 2 | E121: =D121/D$14 -> 0.4 | F121: NON : le plus proche de 10000
C122: 235 412 | D122: =COUNTIF('TEST AUTO'!$U:$U,C122) -> 0 | E122: =D122/D$14 -> 0 | F122: NON : les grands nombres ne font pas sens chez l’élève
C123: 1 010 000 | D123: =COUNTIF('TEST AUTO'!$U:$U,C123) -> 0 | E123: =D123/D$14 -> 0 | F123: NON : a "inséré" 10 000 dans 100 000 (sens du mot "encadré" de la consigne)
C124: Pas de réponse | D124: =D125-(D121+D120+D122+D123) -> 0 | E124: =D124/D$14 -> 0
C125: Total | D125: =COUNTA('TEST AUTO'!$C:$C)-1 -> 5 | E125: =SUM(E120:E124) -> 1
C131: 1.082 | D131: =COUNTIF('TEST AUTO'!$W:$W,C131) -> 2 | E131: =D131/D$14 -> 0.4
C132: 1.4 | D132: =COUNTIF('TEST AUTO'!$W:$W,C132) -> 1 | E132: =D132/D$14 -> 0.2 | F132: OUI : + petite partie entière - NON : écriture décimale = deux nbres, avant et après la virgule
C133: 1.09 | D133: =COUNTIF('TEST AUTO'!$W:$W,C133) -> 2 | E133: =D133/D$14 -> 0.4 | F133: OUI : + petite partie entière - NON : écriture décimale = deux nbres, avant et après la virgule ; et "09" < "4"
C134: 2.03 | D134: =COUNTIF('TEST AUTO'!$W:$W,C134) -> 0 | E134: =D134/D$14 -> 0 | F134: NON : a choisi la plus petite partie décimale - OU : confusion sens, a choisi le nombre le plus grand
C135: Pas de réponse | D135: =D136-(D131+D132+D133+D134) -> 0 | E135: =D135/D$14 -> 0
C136: Total | D136: =COUNTA('TEST AUTO'!$C:$C)-1 -> 5 | E136: =SUM(E131:E135) -> 1
C151: 3/7 de la figure. | D151: =COUNTIF('TEST AUTO'!$Y:$Y,C151) -> 4 | E151: =D151/D$14 -> 0.8
C152: 3/4 de la figure. | D152: =COUNTIF('TEST AUTO'!$Y:$Y,C152) -> 1 | E152: =D152/D$14 -> 0.2 | F152: OUI : a compris la notion de partage - NON : pas proportion, ramène à la partie non colorée
C153: 4/4 de la figure. | D153: =COUNTIF('TEST AUTO'!$Y:$Y,C153) -> 0 | E153: =D153/D$14 -> 0 | F153: NON : n’a pas compris la notion de proportion - NON : ni l’écriture qui est associée
C154: 4/7 de la figure. | D154: =COUNTIF('TEST AUTO'!$Y:$Y,C154) -> 0 | E154: =D154/D$14 -> 0 | F154: OUI : a compris la notion de partage- NON : proportion pour la partie non colorée
C155: Pas de réponse | D155: =D156-(D152+D151+D153+D154) -> 0 | E155: =D155/D$14 -> 0
C156: Total | D156: =COUNTA('TEST AUTO'!$C:$C)-1 -> 5 | E156: =SUM(E151:E155) -> 1
C164: 7 | D164: =COUNTIF('TEST AUTO'!$AA:$AA,C164) -> 5 | E164: =D164/D$14 -> 1
C165: 8 | D165: =COUNTIF('TEST AUTO'!$AA:$AA,C165) -> 0 | E165: =D165/D$14 -> 0 | F165: NON : a compté jusqu'à… mais en comptabilisant 433
C166: 6 | D166: =COUNTIF('TEST AUTO'!$AA:$AA,C166) -> 0 | E166: =D166/D$14 -> 0 | F166: NON : a compté jusqu'à… mais à partir de 434
C167: 5 | D167: =COUNTIF('TEST AUTO'!$AA:$AA,C167) -> 0 | E167: =D167/D$14 -> 0 | F167: NON : a compté jusqu'à… mais à partir de 435
C168: Pas de réponse | D168: =D169-(D165+D166+D164+D167) -> 0 | E168: =D168/D$14 -> 0
C169: Total | D169: =COUNTA('TEST AUTO'!$C:$C)-1 -> 5 | E169: =SUM(E164:E168) -> 1
C175: 4.05 | D175: =COUNTIF('TEST AUTO'!$AC:$AC,C175) -> 3 | E175: =D175/D$179 -> 0.6
C176: 4.2 | D176: =COUNTIF('TEST AUTO'!$AC:$AC,C176) -> 0 | E176: =D176/D$179 -> 0 | F176: NON : à un moment, a confondu moitié et double
C177: 4,50 ou 4,5 | D177: =COUNTIF('TEST AUTO'!$AC:$AC,"4,5") -> 2 | E177: =D177/D$179 -> 0.4 | F177: NON : considère l’écriture décimale comme deux nombres accolés
C178: Pas de réponse | D178: =D179-(D175+D176+D177) -> 0 | E178: =D178/D$179 -> 0
C179: Total | D179: =COUNTA('TEST AUTO'!$C:$C)-1 -> 5 | E179: =SUM(E175:E178) -> 1
C186: 7 548,2 | D186: =COUNTIF('TEST AUTO'!$AE:$AE,C186) -> 1 | E186: =D186/D$14 -> 0.2
C187: 7.5482 | D187: =COUNTIF('TEST AUTO'!$AE:$AE,C187) -> 1 | E187: =D187/D$14 -> 0.2 | F187: NON : le 1er chiffre est vu comme la 1ère décimale - NON : notion de l'ordre de grandeur
C188: 75.482 | D188: =COUNTIF('TEST AUTO'!$AE:$AE,C188) -> 2 | E188: =D188/D$14 -> 0.4 | F188: NON : le 1er chiffre est vu comme le chiffre des unités - OU : procédure stéréotype de décalage, dans mauvais sens
C189: 75 482 | D189: =COUNTIF('TEST AUTO'!$AE:$AE,C189) -> 0 | E189: =D189/D$14 -> 0 | F189: NON : procédure stéréotype de décalage, aboutissant à ne plus avoir de virgule
C190: Pas de réponse | D190: =D191-(D187+D188+D186+D189) -> 1 | E190: =D190/D$14 -> 0.2
C191: Total | D191: =COUNTA('TEST AUTO'!$C:$C)-1 -> 5 | E191: =SUM(E186:E190) -> 1
C199: 17 | D199: =COUNTIF('TEST AUTO'!$AG:$AG,C199) -> 0 | E199: =D199/D$14 -> 0
C200: 1.7 | D200: =COUNTIF('TEST AUTO'!$AG:$AG,C200) -> 0 | E200: =D200/D$14 -> 0 | F200: OUI : multiplication avec 3,4 en tant que nombre - NON : placement de la virgule comme marqueur de l’unité
C201: 15.2 | D201: =COUNTIF('TEST AUTO'!$AG:$AG,C201) -> 5 | E201: =D201/D$14 -> 1 | F201: NON : considère l’écriture décimale d’un nombre comme deux nombres séparés par une virgule
C202: 152,0 | D202: =COUNTIF('TEST AUTO'!$AG:$AG,C202) -> 0 | E202: =D202/D$14 -> 0 | F202: NON : considère l’écriture décimale d’un nombre comme deux nombres séparés par une virgule
C203: Pas de réponse | D203: =D204-(D200+D201+D199+D202) -> 0 | E203: =D203/D$14 -> 0
C204: Total | D204: =COUNTA('TEST AUTO'!$C:$C)-1 -> 5 | E204: =SUM(E199:E203) -> 1
C211: mm | D211: =COUNTIF('TEST AUTO'!$AI:$AI,C211) -> 3 | E211: =D211/D$14 -> 0.6
C212: cm | D212: =COUNTIF('TEST AUTO'!$AI:$AI,C212) -> 2 | E212: =D212/D$14 -> 0.4 | F212: NON : ordre de grandeur OU : confusion "coccinelle" avec autre insecte
C213: m | D213: =COUNTIF('TEST AUTO'!$AI:$AI,C213) -> 0 | E213: =D213/D$14 -> 0 | F213: NON : ordre de grandeur
C214: dm | D214: =COUNTIF('TEST AUTO'!$AI:$AI,C214) -> 0 | E214: =D214/D$14 -> 0 | F214: NON : ordre de grandeur
C215: Pas de réponse | D215: =D216-(D211+D212+D213+D214) -> 0 | E215: =D215/D$14 -> 0
C216: Total | D216: =COUNTA('TEST AUTO'!$C:$C)-1 -> 5 | E216: =SUM(E211:E215) -> 1
C229: 22 cm | D229: =COUNTIF('TEST AUTO'!$AK:$AK,C229) -> 2 | E229: =D229/D$14 -> 0.4
C230: 14 cm | D230: =COUNTIF('TEST AUTO'!$AK:$AK,C230) -> 0 | E230: =D230/D$14 -> 0 | F230: NON : connaissance partielle du périmètre : calcule "nombre de carreaux du grand côté x 2"
C231: 18 cm | D231: =COUNTIF('TEST AUTO'!$AK:$AK,C231) -> 2 | E231: =D231/D$14 -> 0.4 | F231: OUI : notion de contour - NON : a dénombré les carrés du tour intérieur du rectangle (procedure stéréotype "aire")
C232: 28 cm | D232: =COUNTIF('TEST AUTO'!$AK:$AK,C232) -> 1 | E232: =D232/D$14 -> 0.2 | F232: NON : confusion aire (nombre de carreaux) et périmètre (nombre de segments) (procedure stéréotype "aire")
...

Sheet ANALYSE AUTO
A1: TABLEAU ET GRAPHIQUES GENERES AUTOMATIQUEMENT = ANALYSE DES REUSSITES PAR ITEMS, PAR TYPE DE TACHE, PAR FAMILLE DE NOMBRES -> PILOTAGE DIDACTIQUE SUR TOUT LE CYCLE 3
A2: TYPE DE TACHE FAMILLE DE NOMBRES (% DE REUSSITES) | B2: Repérage nombre sur graduation | C2: Comparaison | D2: Partage | E2: Grandeurs et mesures : choix de l'unité, relation entre les unités | F2: Grandeurs et mesures : dénombrement, compréhension d'un concept | G2: Différentes écritures d'un nombre : en français, en chiffres ; avec virgule, en fractions décimales ; par décomposition additive ou multiplicative | H2: Calcul mental ou posé : complément à dizaine ; moitié ; x10 ; x5 | I2: TOTAL
A3: ENTIERS (entiers ; grands nombres) | B3: ITEM : 6 | C3: ITEM : 9 | E3: ITEMS : 16-18 | F3: ITEMS : 17-20-21 | G3: ITEM : 1 | H3: ITEM : 12 | I3: =D64 -> 0.55555556
B4: ='TRAITEMENT AUTO'!C30 -> 0.4 | C4: ='TRAITEMENT AUTO'!C45 -> 0.6 | E4: =AVERAGE('TRAITEMENT AUTO'!C80,'TRAITEMENT AUTO'!C90) -> 0.5 | F4: =AVERAGE('TRAITEMENT AUTO'!C85,'TRAITEMENT AUTO'!C100,'TRAITEMENT AUTO'!C105) -> 0.46666667 | G4: ='TRAITEMENT AUTO'!C5 -> 0.6 | H4: ='TRAITEMENT AUTO'!C60 -> 1
A5: FRACTIONS (décimaux en écritures avec fractions décimales ; fractions ; proportion) | B5: ITEM : 8 | D5: ITEM : 11 | G5: ITEMS : 3, 4, 5 | I5: =D73 -> 0.6
B6: ='TRAITEMENT AUTO'!C40 -> 0.6 | D6: ='TRAITEMENT AUTO'!C55 -> 0.8 | G6: =AVERAGE('TRAITEMENT AUTO'!C15,'TRAITEMENT AUTO'!C20,'TRAITEMENT AUTO'!C25) -> 0.53333333
A7: DECIMAUX (en écritures décimales) | B7: ITEM : 7 ! mot "abscisse" inconnu ! | C7: ITEM : 10 | E7: ITEMS : 19, 23 | G7: ITEMS : 2, 5 | H7: ITEMS : 13, 14, 15 | I7: =D78 -> 0.42222222
B8: ='TRAITEMENT AUTO'!C35 -> 0.6 | C8: ='TRAITEMENT AUTO'!C50 -> 0.4 | E8: =AVERAGE('TRAITEMENT AUTO'!C95,'TRAITEMENT AUTO'!C115) -> 0.7 | G8: =AVERAGE('TRAITEMENT AUTO'!C10,'TRAITEMENT AUTO'!C25) -> 0.3 | H8: =AVERAGE('TRAITEMENT AUTO'!C65,'TRAITEMENT AUTO'!C70,'TRAITEMENT AUTO'!C75) -> 0.26666667
A9: SANS VALEUR NUMERIQUE | F9: ITEM : 22 | I9: =D87 -> 0.8 | K9: Voir ITEMS
F10: ='TRAITEMENT AUTO'!C110 -> 0.8 | K10: ↓↓↓↓
A11: TOTAL | B11: =D39 -> 0.53333333 | C11: =D42 -> 0.5 | D11: =D44 -> 0.8 | E11: =D45 -> 0.6 | F11: =D49 -> 0.55 | G11: =D53 -> 0.56 | H11: =D58 -> 0.45 | K11: ↓↓↓↓
K12: ↓↓↓↓
A13: DESCRIPTIF DE LA TACHE | B13: ITEMS AUTO | C13: % DE REUSSITE
A14: Ecriture en français -> écriture grand entier. | B14: 1 | C14: ='TRAITEMENT AUTO'!C5 -> 0.6
A15: Ecriture en français -> écriture décimale. | B15: 2 | C15: ='TRAITEMENT AUTO'!C10 -> 0.6
A16: Entier + fraction décimale -> écriture décimale. | B16: 3 | C16: ='TRAITEMENT AUTO'!C15 -> 0.8
A17: Fraction décimale -> écriture décimale. | B17: 4 | C17: ='TRAITEMENT AUTO'!C20 -> 0.8
A18: Correspondance entre centièmes et millièmes. | B18: 5 | C18: ='TRAITEMENT AUTO'!C25 -> 0
A19: Repérage grand entier sur une droite graduée. | B19: 6 | C19: ='TRAITEMENT AUTO'!C30 -> 0.4
A20: Repérage sur une droite graduée : écriture décimale. | B20: 7 | C20: ='TRAITEMENT AUTO'!C35 -> 0.6
A21: Repérage sur une droite graduée : écriture fractionnaire. | B21: 8 | C21: ='TRAITEMENT AUTO'!C40 -> 0.6
A22: Comparaison : encadrement grands entiers. | B22: 9 | C22: ='TRAITEMENT AUTO'!C45 -> 0.6
A23: Ecriture décimale : comparaison. | B23: 10 | C23: ='TRAITEMENT AUTO'!C50 -> 0.4
A24: Ecriture fractionnaire : proportion. | B24: 11 | C24: ='TRAITEMENT AUTO'!C55 -> 0.8
A25: Calcul mental : complément à la dizaine. Entiers. | B25: 12 | C25: ='TRAITEMENT AUTO'!C60 -> 1
A26: Calcul mental : moitié de. Ecriture décimale. | B26: 13 | C26: ='TRAITEMENT AUTO'!C65 -> 0.6
A27: Calcul mental : multiplication par 10. Ecriture décimale. | B27: 14 | C27: ='TRAITEMENT AUTO'!C70 -> 0.2
A28: Calcul mental : multiplication par 5. Ecriture décimale. | B28: 15 | C28: ='TRAITEMENT AUTO'!C75 -> 0
A29: Longueur. Choix de l'unité : ordre de grandeur. | B29: 16 | C29: ='TRAITEMENT AUTO'!C80 -> 0.6
A30: Périmètre : dénombrement de segments égaux. | B30: 17 | C30: ='TRAITEMENT AUTO'!C85 -> 0.4
A31: Longueur. Choix de l'unité : comparaison. | B31: 18 | C31: ='TRAITEMENT AUTO'!C90 -> 0.4
A32: Longueur. Conversion d'unité : relation entre les unités. | B32: 19 | C32: ='TRAITEMENT AUTO'!C95 -> 0.6
A33: Aire : dénombrement de carrés de même aire. | B33: 20 | C33: ='TRAITEMENT AUTO'!C100 -> 0.2
A34: Volume : dénombrement de cubes de même volume. | B34: 21 | C34: ='TRAITEMENT AUTO'!C105 -> 0.8
A35: Angles : comparaison de mesures de secteurs angulaires. | B35: 22 | C35: ='TRAITEMENT AUTO'!C110 -> 0.8
A36: Masse. Choix de l'unité : ordre de grandeur. | B36: 23 | C36: ='TRAITEMENT AUTO'!C115 -> 0.8
A38: REGROUPEMENT PAR TYPE DE TACHE | B38: ITEMS AUTO | C38: % DE REUSSITE | D38: % DE REUSSITE
A39: Repérage grand entier sur une droite graduée. | B39: 6 | C39: =C19 -> 0.4 | D39: =AVERAGE(C39:C41) -> 0.53333333
A40: Repérage sur une droite graduée : écriture décimale. | B40: 7 | C40: =C20 -> 0.6
A41: Repérage sur une droite graduée : écriture fractionnaire. | B41: 8 | C41: =C21 -> 0.6
A42: Comparaison : encadrement grands entiers. | B42: 9 | C42: =C22 -> 0.6 | D42: =AVERAGE(C42:C43) -> 0.5
A43: Ecriture décimale : comparaison. | B43: 10 | C43: =C23 -> 0.4
A44: Ecriture fractionnaire : proportion. | B44: 11 | C44: =C24 -> 0.8 | D44: =C44 -> 0.8
A45: Longueur. Choix de l'unité : ordre de grandeur. | B45: 16 | C45: =C29 -> 0.6 | D45: =AVERAGE(C45:C48) -> 0.6
A46: Longueur. Choix de l'unité : comparaison. | B46: 18 | C46: =C31 -> 0.4
A47: Longueur. Conversion d'unité : relation entre les unités. | B47: 19 | C47: =C32 -> 0.6
A48: Masse. Choix de l'unité : ordre de grandeur. | B48: 23 | C48: =C36 -> 0.8
A49: Périmètre : dénombrement de segments égaux. | B49: 17 | C49: =C30 -> 0.4 | D49: =AVERAGE(C49:C52) -> 0.55
A50: Aire : dénombrement de carrés de même aire. | B50: 20 | C50: =C33 -> 0.2
A51: Volume : dénombrement de cubes de même volume. | B51: 21 | C51: =C34 -> 0.8
A52: Angles : comparaison de mesures de secteurs angulaires. | B52: 22 | C52: =C35 -> 0.8
A53: Ecriture en français -> écriture grand entier. | B53: 1 | C53: =C14 -> 0.6 | D53: =AVERAGE(C53:C57) -> 0.56
A54: Entier + fraction décimale -> écriture décimale. | B54: 3 | C54: =C16 -> 0.8
A55: Fraction décimale -> écriture décimale. | B55: 4 | C55: =C17 -> 0.8
A56: Correspondance entre centièmes et millièmes. | B56: 5 | C56: =C18 -> 0
A57: Ecriture en français -> écriture décimale. | B57: 2 | C57: =C15 -> 0.6
A58: Calcul mental : complément à la dizaine. Entiers. | B58: 12 | C58: =C25 -> 1 | D58: =AVERAGE(C58:C61) -> 0.45
A59: Calcul mental : moitié de. Ecriture décimale. | B59: 13 | C59: =C26 -> 0.6
A60: Calcul mental : multiplication par 10. Ecriture décimale. | B60: 14 | C60: =C27 -> 0.2
A61: Calcul mental : multiplication par 5. Ecriture décimale. | B61: 15 | C61: =C28 -> 0
A63: REGROUPEMENT PAR FAMILLE DE NOMBRES | B63: ITEMS AUTO | C63: % DE REUSSITE | D63: % DE REUSSITE
A64: Repérage grand entier sur une droite graduée. | B64: 6 | C64: =C19 -> 0.4 | D64: =AVERAGE(C64:C72) -> 0.55555556
A65: Comparaison : encadrement grands entiers. | B65: 9 | C65: =C22 -> 0.6
A66: Longueur. Choix de l'unité : ordre de grandeur. | B66: 16 | C66: =C29 -> 0.6
A67: Périmètre : dénombrement de segments égaux. | B67: 17 | C67: =C30 -> 0.4
A68: Longueur. Choix de l'unité : comparaison. | B68: 18 | C68: =C31 -> 0.4
A69: Aire : dénombrement de carrés de même aire. | B69: 20 | C69: =C33 -> 0.2
A70: Volume : dénombrement de cubes de même volume. | B70: 21 | C70: =C34 -> 0.8
A71: Ecriture en français -> écriture grand entier. | B71: 1 | C71: =C14 -> 0.6
A72: Calcul mental : complément à la dizaine. Entiers. | B72: 12 | C72: =C25 -> 1
A73: Repérage sur une droite graduée : écriture fractionnaire. | B73: 8 | C73: =C21 -> 0.6 | D73: =AVERAGE(C73:C77) -> 0.6
A74: Ecriture fractionnaire : proportion. | B74: 11 | C74: =C24 -> 0.8
A75: Entier + fraction décimale -> écriture décimale. | B75: 3 | C75: =C16 -> 0.8
A76: Fraction décimale -> écriture décimale. | B76: 4 | C76: =C17 -> 0.8
A77: Correspondance entre centièmes et millièmes. | B77: 5 | C77: =C18 -> 0
A78: Repérage sur une droite graduée : écriture décimale. | B78: 7 | C78: =C20 -> 0.6 | D78: =AVERAGE(C78:C86) -> 0.42222222
A79: Ecriture décimale : comparaison. | B79: 10 | C79: =C23 -> 0.4
A80: Longueur. Conversion d'unité : relation entre les unités. | B80: 19 | C80: =C32 -> 0.6
A81: Masse. Choix de l'unité : ordre de grandeur. | B81: 23 | C81: =C36 -> 0.8
A82: Ecriture en français -> écriture décimale. | B82: 2 | C82: =C15 -> 0.6
A83: Correspondance entre centièmes et millièmes. | B83: 5 | C83: =C18 -> 0
A84: Calcul mental : moitié de. Ecriture décimale. | B84: 13 | C84: =C26 -> 0.6
A85: Calcul mental : multiplication par 10. Ecriture décimale. | B85: 14 | C85: =C27 -> 0.2
A86: Calcul mental : multiplication par 5. Ecriture décimale. | B86: 15 | C86: =C28 -> 0
A87: Angles : comparaison de mesures de secteurs angulaires. | B87: 22 | C87: =C35 -> 0.8 | D87: =C87 -> 0.8

Sheet TRAITEMENT RDP
B1: PAGE GENEREE AUTOMATIQUEMENT = ANALYSE DIDACTIQUE PAR TYPE D'ERREURS ---> CREATION DE GROUPES DE REMEDIATION CIBLES PORTANT SUR LES ERREURS (par classe ou interclasses)
A2: Item | B2: PROBLEME : énoncé, % par réponse, descriptif du type de problème | C2: réponse 1 | D2: réponse 2 | E2: réponse 3 | F2: réponse 4 | G2: réponse 5
A3: 1 | B3: Lors de son anniversaire, Robin achète 15 bouteilles de jus de fruits de 0,33 L chacune. Une bouteille coûte 0,76 €. Un des calculs ci-dessous permet de trouver le nombre total de litres de jus de fruits. | C3: 15 × 0,33 | D3: 15 + 0,33 + 0,76 | E3: 15 × 0,33 × 0,76 | F3: 15 × 0,76 | G3: SANS REPONSE | H3: =COUNTA('TEST RDP'!A:A)-2 -> 5
B4: NOMBRE DE REPONSES | C4: =COUNTIF('TEST RDP'!$E:$E,'TRAITEMENT RDP'!C$3) -> 3 | D4: =COUNTIF('TEST RDP'!$E:$E,'TRAITEMENT RDP'!D$3) -> 1 | E4: =COUNTIF('TEST RDP'!$E:$E,'TRAITEMENT RDP'!E$3) -> 1 | F4: =COUNTIF('TEST RDP'!$E:$E,'TRAITEMENT RDP'!F$3) -> 0 | G4: =H3-H4 -> 0 | H4: =SUM(C4:F4) -> 5
B5: % DE REPONSES | C5: =C4/$H3 -> 0.6 | D5: =D4/$H3 -> 0.2 | E5: =E4/$H3 -> 0.2 | F5: =F4/$H3 -> 0 | G5: =G4/$H3 -> 0 | H5: =SUM(C5:G5) -> 1
A6: TYPE | B6: L’élève doit déterminer un calcul à effectuer pour résoudre un problème. Problème à une étape. Problème multiplicatif. Plusieurs éléments identiques, recherche de la valeur du tout. | D6: NON : pas additif NON : pas toutes les valeurs | E6: OUI : multiplicatif NON : pas toutes les valeurs | F6: NON : confusion avec calcul du prix (au lieu de la contenance) | G6: Contexte familier.
A8: 2 | B8: A la boulangerie, Kim a acheté 3 croissants à 1,20 € l’un et un pain aux raisins à 2 €. Elle donne 10 €. Combien va-t-on lui rendre ? | C8: 4,40 € | D8: 3,20 € | E8: 5,60 € | F8: 6,80 € | G8: SANS REPONSE | H8: =COUNTA('TEST RDP'!A:A)-2 -> 5
B9: NOMBRE DE REPONSES | C9: =COUNTIF('TEST RDP'!$G:$G,'TRAITEMENT RDP'!C$8) -> 1 | D9: =COUNTIF('TEST RDP'!$G:$G,'TRAITEMENT RDP'!D$8) -> 1 | E9: =COUNTIF('TEST RDP'!$G:$G,'TRAITEMENT RDP'!E$8) -> 2 | F9: =COUNTIF('TEST RDP'!$G:$G,'TRAITEMENT RDP'!F$8) -> 1 | G9: =H8-H9 -> 0 | H9: =SUM(C9:F9) -> 5
B10: % DE REPONSES | C10: =C9/$H8 -> 0.2 | D10: =D9/$H8 -> 0.2 | E10: =E9/$H8 -> 0.4 | F10: =F9/$H8 -> 0.2 | G10: =G9/$H8 -> 0 | H10: =SUM(C10:G10) -> 1
A11: TYPE | B11: L’élève doit déterminer (calculer) une quantité (prix en euro). Problème à plusieurs étapes. Peut nécessiter une représentation. Problème mixte : additif, multiplicatif. | D11: NON : confusion avec le prix à payer (au lieu du reste) NON : sans les "3 croissants" | E11: NON : confusion avec le prix à payer (au lieu du reste) | F11: OUI : calcule la somme rendue NON : sans les "3 croissants" | G11: Contexte familier.
A13: 3 | B13: À la boulangerie, Juliette achète 9 croissants et paie 12 euros. J’achète 3 croissants. Combien vais-je payer ? | C13: 4 euros | D13: 6 euros | E13: environ 1,33 euros | F13: 3 euros | G13: SANS REPONSE | H13: =COUNTA('TEST RDP'!A:A)-2 -> 5
B14: NOMBRE DE REPONSES | C14: =COUNTIF('TEST RDP'!$I:$I,'TRAITEMENT RDP'!C$13) -> 0 | D14: =COUNTIF('TEST RDP'!$I:$I,'TRAITEMENT RDP'!D$13) -> 2 | E14: =COUNTIF('TEST RDP'!$I:$I,'TRAITEMENT RDP'!E$13) -> 1 | F14: =COUNTIF('TEST RDP'!$I:$I,'TRAITEMENT RDP'!F$13) -> 1 | G14: =H13-H14 -> 1 | H14: =SUM(C14:F14) -> 4
B15: % DE REPONSES | C15: =C14/$H13 -> 0 | D15: =D14/$H13 -> 0.4 | E15: =E14/$H13 -> 0.2 | F15: =F14/$H13 -> 0.2 | G15: =G14/$H13 -> 0.2 | H15: =SUM(C15:G15) -> 1
A16: TYPE | B16: L’élève doit calculer un prix dans une situation de proportionnalité. Problème à une étape. Problème multiplicatif, proportionnalité (propriété de linéarité). | D16: NON : confusion avec l'écart additif de 6, entre 9 et 3 croissants. | E16: NON : calcul du prix d’un croissant. | F16: NON : confusion avec l'écart multiplicatif de 3, entre 3 et 9 croissants | G16: Contexte familier.
A18: 4 | B18: Je choisis un nombre. Si j’augmente ce nombre de 5, j’obtiens la moitié de 1000. Quel nombre ai-je choisi au départ ? | C18: 495 | D18: 1005 | E18: 505 | F18: 995 | G18: SANS REPONSE | H18: =COUNTA('TEST RDP'!A:A)-2 -> 5
B19: NOMBRE DE REPONSES | C19: =COUNTIF('TEST RDP'!$K:$K,'TRAITEMENT RDP'!C$18) -> 1 | D19: =COUNTIF('TEST RDP'!$K:$K,'TRAITEMENT RDP'!D$18) -> 1 | E19: =COUNTIF('TEST RDP'!$K:$K,'TRAITEMENT RDP'!E$18) -> 1 | F19: =COUNTIF('TEST RDP'!$K:$K,'TRAITEMENT RDP'!F$18) -> 2 | G19: =H18-H19 -> 0 | H19: =SUM(C19:F19) -> 5
B20: % DE REPONSES | C20: =C19/$H18 -> 0.2 | D20: =D19/$H18 -> 0.2 | E20: =E19/$H18 -> 0.2 | F20: =F19/$H18 -> 0.4 | G20: =G19/$H18 -> 0 | H20: =SUM(C20:G20) -> 1
A21: TYPE | B21: L’élève doit calculer un nombre. Problème « atypique ». Peut nécessiter une représentation. | D21: NON : pas compréhension de la consigne, et additionne les deux nombres donnés | E21: OUI : moitié de 1000 NON : mauvais nombre augmenté de 5 | F21: NON : pas tenu compte d'obtenir la moitié de 1000 (et non 1000) | G21: Contexte intra-mathématique.
A23: 5 | B23: Dans une recette, pour faire un gâteau au chocolat pour 8 personnes, il faut 4 oeufs. Combien dois-je prévoir d’oeufs pour 24 personnes ? | C23: 12 | D23: 24 | E23: 28 | F23: 32 | G23: SANS REPONSE | H23: =COUNTA('TEST RDP'!A:A)-2 -> 5
B24: NOMBRE DE REPONSES | C24: =COUNTIF('TEST RDP'!$M:$M,'TRAITEMENT RDP'!C$23) -> 2 | D24: =COUNTIF('TEST RDP'!$M:$M,'TRAITEMENT RDP'!D$23) -> 1 | E24: =COUNTIF('TEST RDP'!$M:$M,'TRAITEMENT RDP'!E$23) -> 0 | F24: =COUNTIF('TEST RDP'!$M:$M,'TRAITEMENT RDP'!F$23) -> 1 | G24: =H23-H24 -> 1 | H24: =SUM(C24:F24) -> 4
B25: % DE REPONSES | C25: =C24/$H23 -> 0.4 | D25: =D24/$H23 -> 0.2 | E25: =E24/$H23 -> 0 | F25: =F24/$H23 -> 0.2 | G25: =G24/$H23 -> 0.2 | H25: =SUM(C25:G25) -> 1
A26: TYPE | B26: L’élève doit calculer un nombre. Problème à une étape. Peut nécessiter une représentation. Problème multiplicatif, proportionnalité. | D26: NON : est la reprise du nombre de personnes | E26: NON : erreur de raisonnement (addition simplement 24+4) | F26: NON : erreur de raisonnement (multiplication des deux nombres) | G26: Contexte familier.
A28: 6 | B28: Dans sa commode, Kevin a 5 écharpes différentes et 3 paires de gants différentes. Combien d’assortiments différents peut-il réaliser ? | C28: 15 | D28: 8 | E28: 2 | F28: 10 | G28: SANS REPONSE | H28: =COUNTA('TEST RDP'!A:A)-2 -> 5
B29: NOMBRE DE REPONSES | C29: =COUNTIF('TEST RDP'!$O:$O,'TRAITEMENT RDP'!C$28) -> 2 | D29: =COUNTIF('TEST RDP'!$O:$O,'TRAITEMENT RDP'!D$28) -> 2 | E29: =COUNTIF('TEST RDP'!$O:$O,'TRAITEMENT RDP'!E$28) -> 0 | F29: =COUNTIF('TEST RDP'!$O:$O,'TRAITEMENT RDP'!F$28) -> 1 | G29: =H28-H29 -> 0 | H29: =SUM(C29:F29) -> 5
B30: % DE REPONSES | C30: =C29/$H28 -> 0.4 | D30: =D29/$H28 -> 0.4 | E30: =E29/$H28 -> 0 | F30: =F29/$H28 -> 0.2 | G30: =G29/$H28 -> 0 | H30: =SUM(C30:G30) -> 1
A31: TYPE | B31: L’élève doit dénombrer des assortiments. Problème atypique, à une étape. Peut nécessiter une représentation. Problème multiplicatif, produit cartésien (dénombrement). | D31: NON : a recherché le nombre total d'objets (somme) | E31: NON : a recherché la "différence" entre les nombres d'objets (consigne : "assortiments différents") | F31: NON : a confondu "3 paires" avec "une paire vaut 2" | G31: Contexte familier.
A33: 7 | B33: Matthieu a trois fois moins de jeux vidéo que Julie. Matthieu a 12 jeux vidéo. Combien de jeux a Julie ? | C33: 36 | D33: 4 | E33: 9 | F33: 15 | G33: SANS REPONSE | H33: =COUNTA('TEST RDP'!A:A)-2 -> 5
B34: NOMBRE DE REPONSES | C34: =COUNTIF('TEST RDP'!$Q:$Q,'TRAITEMENT RDP'!C$33) -> 4 | D34: =COUNTIF('TEST RDP'!$Q:$Q,'TRAITEMENT RDP'!D$33) -> 0 | E34: =COUNTIF('TEST RDP'!$Q:$Q,'TRAITEMENT RDP'!E$33) -> 0 | F34: =COUNTIF('TEST RDP'!$Q:$Q,'TRAITEMENT RDP'!F$33) -> 1 | G34: =H33-H34 -> 0 | H34: =SUM(C34:F34) -> 5
B35: % DE REPONSES | C35: =C34/$H33 -> 0.8 | D35: =D34/$H33 -> 0 | E35: =E34/$H33 -> 0 | F35: =F34/$H33 -> 0.2 | G35: =G34/$H33 -> 0 | H35: =SUM(C35:G35) -> 1
A36: TYPE | B36: L’élève doit calculer un nombre. Problème à une étape. Peut nécessiter une représentation. Problème multiplicatif, comparaison. | D36: OUI : multiplicatif NON : division (sens : confusion référent-référé) | E36: NON : compréhension de "trois fois moins" en soustraction | F36: NON : compréhension de "trois fois moins" en addition | G36: Contexte familier.
A38: 8 | B38: "Sam le pirate" veut partager les 50 pièces d’or de son trésor. Il donne 7 pièces à chacun de ses compagnons. Il garde les 8 dernières pièces pour lui. Combien a-t-il de compagnons ? | C38: 6 | D38: 5 | E38: 8 | F38: 7 | G38: SANS REPONSE | H38: =COUNTA('TEST RDP'!A:A)-2 -> 5
B39: NOMBRE DE REPONSES | C39: =COUNTIF('TEST RDP'!$S:$S,'TRAITEMENT RDP'!C$38) -> 2 | D39: =COUNTIF('TEST RDP'!$S:$S,'TRAITEMENT RDP'!D$38) -> 3 | E39: =COUNTIF('TEST RDP'!$S:$S,'TRAITEMENT RDP'!E$38) -> 0 | F39: =COUNTIF('TEST RDP'!$S:$S,'TRAITEMENT RDP'!F$38) -> 0 | G39: =H38-H39 -> 0 | H39: =SUM(C39:F39) -> 5
B40: % DE REPONSES | C40: =C39/$H38 -> 0.4 | D40: =D39/$H38 -> 0.6 | E40: =E39/$H38 -> 0 | F40: =F39/$H38 -> 0 | G40: =G39/$H38 -> 0 | H40: =SUM(C40:G40) -> 1
A41: TYPE | B41: L’élève doit déterminer un nombre de personnes. Problème à deux étapes. Peut nécessiter une représentation. Problème mixte : additif, multiplicatif (nombre de parts). | D41: NON : a ajouté 8+7=15 ; le soustrait au nombre de pièces : 50-15=35 ; le partage en tas de 7 : 35/7=5 | E41: NON : confusion pièces restantes / compagnons | F41: NON : confusion pièces données / compagnons | G41: Contexte familier.
A43: 9 | B43: Un centre de vacances propose des séjours à 50 euros par personne et par jour. Une famille de trois personnes y passe sept jours. Combien lui coutera ce séjour ? | C43: 1 050 euros | D43: 350 euros | E43: 500 euros | F43: 150 euros | G43: SANS REPONSE | H43: =COUNTA('TEST RDP'!A:A)-2 -> 5
B44: NOMBRE DE REPONSES | C44: =COUNTIF('TEST RDP'!$U:$U,'TRAITEMENT RDP'!C$43) -> 0 | D44: =COUNTIF('TEST RDP'!$U:$U,'TRAITEMENT RDP'!D$43) -> 2 | E44: =COUNTIF('TEST RDP'!$U:$U,'TRAITEMENT RDP'!E$43) -> 2 | F44: =COUNTIF('TEST RDP'!$U:$U,'TRAITEMENT RDP'!F$43) -> 1 | G44: =H43-H44 -> 0 | H44: =SUM(C44:F44) -> 5
B45: % DE REPONSES | C45: =C44/$H43 -> 0 | D45: =D44/$H43 -> 0.4 | E45: =E44/$H43 -> 0.4 | F45: =F44/$H43 -> 0.2 | G45: =G44/$H43 -> 0 | H45: =SUM(C45:G45) -> 1
A46: TYPE | B46: L’élève doit déterminer (calculer) un coût (total). Problème à plusieurs étapes. Peut nécessiter une représentation. Problème multiplicatif, valeur du tout, dénombrement. | D46: OUI : tient compte des jours NON : mais pas des personnes. | E46: NON : ne comprend pas les relations en jeu, additionne 3 + 7 et multiplie par 50 euros. | F46: OUI : tient compte des personnes NON : mais pas des jours. | G46: Contexte familier.
A48: 10 | B48: Carl et Lucie courent autour d’un stade. Ils courent à la même vitesse, mais Carl a commencé à courir avant Lucie. Quand Carl a parcouru 6 tours, Lucie a parcouru 2 tours. Combien de tours aura parcourus Carl quand Lucie en aura parcouru 4 ? | C48: 8 | D48: 10 | E48: 12 | F48: 6 | G48: SANS REPONSE | H48: =COUNTA('TEST RDP'!A:A)-2 -> 5
B49: NOMBRE DE REPONSES | C49: =COUNTIF('TEST RDP'!$W:$W,'TRAITEMENT RDP'!C$48) -> 3 | D49: =COUNTIF('TEST RDP'!$W:$W,'TRAITEMENT RDP'!D$48) -> 2 | E49: =COUNTIF('TEST RDP'!$W:$W,'TRAITEMENT RDP'!E$48) -> 0 | F49: =COUNTIF('TEST RDP'!$W:$W,'TRAITEMENT RDP'!F$48) -> 0 | G49: =H48-H49 -> 0 | H49: =SUM(C49:F49) -> 5
B50: % DE REPONSES | C50: =C49/$H48 -> 0.6 | D50: =D49/$H48 -> 0.4 | E50: =E49/$H48 -> 0 | F50: =F49/$H48 -> 0 | G50: =G49/$H48 -> 0 | H50: =SUM(C50:G50) -> 1
A51: TYPE | B51: L’élève doit déterminer un nombre de tours. Problème à deux étapes. Peut nécessiter une représentation. Problème additif, comparaison. | D51: NON : 4 tours au nombre de tours déjà effectués par Carl. | E51: NON : applique une proportionnalité, ne comprend donc pas la situation. | F51: NON : ajoute 4 tours au nombre de tours déjà effectués par Lucie. | G51: Contexte familier.
A53: 11 | B53: Sur une carte, 1 cm représente 4 km dans la réalité. Trouver la distance dans la réalité d’un segment de 10 cm sur le plan. | C53: 40 km | D53: 0,4 km | E53: 4 km | F53: 400 km | G53: SANS REPONSE | H53: =COUNTA('TEST RDP'!A:A)-2 -> 5
B54: NOMBRE DE REPONSES | C54: =COUNTIF('TEST RDP'!$Y:$Y,'TRAITEMENT RDP'!C$53) -> 3 | D54: =COUNTIF('TEST RDP'!$Y:$Y,'TRAITEMENT RDP'!D$53) -> 0 | E54: =COUNTIF('TEST RDP'!$Y:$Y,'TRAITEMENT RDP'!E$53) -> 0 | F54: =COUNTIF('TEST RDP'!$Y:$Y,'TRAITEMENT RDP'!F$53) -> 1 | G54: =H53-H54 -> 1 | H54: =SUM(C54:F54) -> 4
B55: % DE REPONSES | C55: =C54/$H53 -> 0.6 | D55: =D54/$H53 -> 0 | E55: =E54/$H53 -> 0 | F55: =F54/$H53 -> 0.2 | G55: =G54/$H53 -> 0.2 | H55: =SUM(C55:G55) -> 1
A56: TYPE | B56: L’élève doit déterminer une distance, en utilisant l’échelle d’une carte. Problème à une étape. Peut nécessiter une représentation. Problème multiplicatif, proportionnalité. | D56: NON : mauvais choix du coefficient multiplicateur 0,1. | E56: NON : mauvais choix du coefficient multiplicateur 1. | F56: NON : mauvais choix du coefficient multiplicateur 100. | G56: Contexte familier.
A58: 12 | B58: Une voiture roule à vitesse constante. Elle parcourt 80 km en 1 h. Quelle distance parcourt-elle en un quart d’heure ? | C58: 20 km | D58: 40 km | E58: 60 km | F58: 80 km | G58: SANS REPONSE | H58: =COUNTA('TEST RDP'!A:A)-2 -> 5
B59: NOMBRE DE REPONSES | C59: =COUNTIF('TEST RDP'!$AA:$AA,'TRAITEMENT RDP'!C$58) -> 1 | D59: =COUNTIF('TEST RDP'!$AA:$AA,'TRAITEMENT RDP'!D$58) -> 0 | E59: =COUNTIF('TEST RDP'!$AA:$AA,'TRAITEMENT RDP'!E$58) -> 3 | F59: =COUNTIF('TEST RDP'!$AA:$AA,'TRAITEMENT RDP'!F$58) -> 1 | G59: =H58-H59 -> 0 | H59: =SUM(C59:F59) -> 5
B60: % DE REPONSES | C60: =C59/$H58 -> 0.2 | D60: =D59/$H58 -> 0 | E60: =E59/$H58 -> 0.6 | F60: =F59/$H58 -> 0.2 | G60: =G59/$H58 -> 0 | H60: =SUM(C60:G60) -> 1
A61: TYPE | B61: L’élève doit déterminer une distance. Problème à une étape. Peut nécessiter une représentation. Problème multiplicatif, proportionnalité. | D61: NON : mauvaise interprétation par "la moitié" de la durée. | E61: NON : soustraction de 20 km, soit le quart de 80 km. | F61: NON : mauvaise interprétation de la "vitesse constante". | G61: Contexte familier.
A63: 13 | B63: Un rectangle a un périmètre de 500 m. Sa longueur mesure 150 m. Combien mesure sa largeur ? | C63: 100 | D63: 350 | E63: 200 | F63: 125 | G63: SANS REPONSE | H63: =COUNTA('TEST RDP'!A:A)-2 -> 5
B64: NOMBRE DE REPONSES | C64: =COUNTIF('TEST RDP'!$AC:$AC,'TRAITEMENT RDP'!C$63) -> 1 | D64: =COUNTIF('TEST RDP'!$AC:$AC,'TRAITEMENT RDP'!D$63) -> 1 | E64: =COUNTIF('TEST RDP'!$AC:$AC,'TRAITEMENT RDP'!E$63) -> 3 | F64: =COUNTIF('TEST RDP'!$AC:$AC,'TRAITEMENT RDP'!F$63) -> 0 | G64: =H63-H64 -> 0 | H64: =SUM(C64:F64) -> 5
B65: % DE REPONSES | C65: =C64/$H63 -> 0.2 | D65: =D64/$H63 -> 0.2 | E65: =E64/$H63 -> 0.6 | F65: =F64/$H63 -> 0 | G65: =G64/$H63 -> 0 | H65: =SUM(C65:G65) -> 1
A66: Type | B66: L’élève doit déterminer la mesure de la largeur d’un rectangle. Problème à plusieurs étapes. Peut nécessiter une représentation. Problème mixte : additif et multiplicatif. | D66: NON : soustraction simple, pas prise en compte des 2 longueurs doubles. | E66: OUI : soustraction de 2x la longueur. NON : puis pas division par 2. | F66: OUI : double de la largeur (par essai-erreur). NON : addition avec 150. | G66: Contexte intra-mathématique.
A68: 14 | B68: Un paquet de 30 objets identiques pèse 12 kg. Combien pèse un objet ? | C68: 0,4 kg | D68: 2,5 g | E68: 2,5 kg | F68: 0,4 g | G68: SANS REPONSE | H68: =COUNTA('TEST RDP'!A:A)-2 -> 5
B69: NOMBRE DE REPONSES | C69: =COUNTIF('TEST RDP'!$AE:$AE,'TRAITEMENT RDP'!C$68) -> 0 | D69: =COUNTIF('TEST RDP'!$AE:$AE,'TRAITEMENT RDP'!D$68) -> 1 | E69: =COUNTIF('TEST RDP'!$AE:$AE,'TRAITEMENT RDP'!E$68) -> 2 | F69: =COUNTIF('TEST RDP'!$AE:$AE,'TRAITEMENT RDP'!F$68) -> 1 | G69: =H68-H69 -> 1 | H69: =SUM(C69:F69) -> 4
B70: % DE REPONSES | C70: =C69/$H68 -> 0 | D70: =D69/$H68 -> 0.2 | E70: =E69/$H68 -> 0.4 | F70: =F69/$H68 -> 0.2 | G70: =G69/$H68 -> 0.2 | H70: =SUM(C70:G70) -> 1
A71: TYPE | B71: L’élève doit déterminer la masse d’un objet. Problème à une étape. Problème multiplicatif, proportionnalité. | D71: OUI : réflexe de diviser. NON : le grand nombre par le petit nombre donné ; mauvaise unité. | E71: OUI : réflexe de diviser. Unité correcte. NON : le grand nombre par le petit nombre donné. | F71: OUI : bonne opération. NON : mauvaise unité. | G71: Contexte familier.
A73: 15 | B73: Observer les figures ci-dessous. Laquelle de ces quatre affirmations est vraie ? | C73: aire A > aire B | D73: aire A < aire B | E73: aire A = aire B | F73: On ne peut pas savoir | G73: SANS REPONSE | H73: =COUNTA('TEST RDP'!A:A)-2 -> 5
B74: NOMBRE DE REPONSES | C74: =COUNTIF('TEST RDP'!$AG:$AG,'TRAITEMENT RDP'!C$73) -> 1 | D74: =COUNTIF('TEST RDP'!$AG:$AG,'TRAITEMENT RDP'!D$73) -> 2 | E74: =COUNTIF('TEST RDP'!$AG:$AG,'TRAITEMENT RDP'!E$73) -> 0 | F74: =COUNTIF('TEST RDP'!$AG:$AG,'TRAITEMENT RDP'!F$73) -> 2 | G74: =H73-H74 -> 0 | H74: =SUM(C74:F74) -> 5
B75: % DE REPONSES | C75: =C74/$H73 -> 0.2 | D75: =D74/$H73 -> 0.4 | E75: =E74/$H73 -> 0 | F75: =F74/$H73 -> 0.4 | G75: =G74/$H73 -> 0 | H75: =SUM(C75:G75) -> 1
A76: Type | B76: L’élève doit comparer les aires de deux polygones. Problème à plusieurs étapes. Comparaison. Dénombrement de carreaux. | D76: OUI : procédure recomposition. NON : mal conduite. | E76: NON : procédure périmètre (et les diagonales). | F76: NON : comparaison par superposition simple. | G76: Contexte intra-mathématique.
A78: 16 | B78: Quelle est la longueur du chemin le plus court pour aller au collège ? | C78: 350 m | D78: 100 m | E78: 750 m | F78: 400 m | G78: SANS REPONSE | H78: =COUNTA('TEST RDP'!A:A)-2 -> 5
B79: NOMBRE DE REPONSES | C79: =COUNTIF('TEST RDP'!$AI:$AI,'TRAITEMENT RDP'!C$78) -> 4 | D79: =COUNTIF('TEST RDP'!$AI:$AI,'TRAITEMENT RDP'!D$78) -> 0 | E79: =COUNTIF('TEST RDP'!$AI:$AI,'TRAITEMENT RDP'!E$78) -> 1 | F79: =COUNTIF('TEST RDP'!$AI:$AI,'TRAITEMENT RDP'!F$78) -> 0 | G79: =H78-H79 -> 0 | H79: =SUM(C79:F79) -> 5
B80: % DE REPONSES | C80: =C79/$H78 -> 0.8 | D80: =D79/$H78 -> 0 | E80: =E79/$H78 -> 0.2 | F80: =F79/$H78 -> 0 | G80: =G79/$H78 -> 0 | H80: =SUM(C80:G80) -> 1
A81: TYPE | B81: L’élève doit déterminer le chemin le plus court parmi deux. Problème à plusieurs étapes. Problème additif. Parties-tout, comparaison. | D81: NON : choisi la longueur la plus courte | E81: NON : a additionné toutes les longueurs mentionnées | F81: NON : choisi le moins de segments | G81: Contexte familier.
A83: 17 | B83: Marie a constaté qu'il faut un litre de lait pour remplir complètement quatre verres identiques. Quelle est la contenance d’un verre ? | C83: 25 cL | D83: 4 cL | E83: 0,04 L | F83: 0,25 cL | G83: SANS REPONSE | H83: =COUNTA('TEST RDP'!A:A)-2 -> 5
B84: NOMBRE DE REPONSES | C84: =COUNTIF('TEST RDP'!$AK:$AK,'TRAITEMENT RDP'!C$83) -> 2 | D84: =COUNTIF('TEST RDP'!$AK:$AK,'TRAITEMENT RDP'!D$83) -> 0 | E84: =COUNTIF('TEST RDP'!$AK:$AK,'TRAITEMENT RDP'!E$83) -> 2 | F84: =COUNTIF('TEST RDP'!$AK:$AK,'TRAITEMENT RDP'!F$83) -> 1 | G84: =H83-H84 -> 0 | H84: =SUM(C84:F84) -> 5
B85: % DE REPONSES | C85: =C84/$H83 -> 0.4 | D85: =D84/$H83 -> 0 | E85: =E84/$H83 -> 0.4 | F85: =F84/$H83 -> 0.2 | G85: =G84/$H83 -> 0 | H85: =SUM(C85:G85) -> 1
A86: Type | B86: L’élève doit déterminer une contenance. Problème à une étape. Peut nécessiter une représentation. Problème multiplicatif, proportionnalité (valeur d’une part). | D86: OUI : partage et division. NON : division inverse, unité incohérente (car donnée ?). | E86: NON : changement de l'unité "verre" et unité "cL". | F86: OUI : situation et calcul. NON : unité, ordre de grandeur. | G86: Contexte familier. Réponse peut être déjà connue.
A88: 18 | B88: Une douche représente en moyenne 80 L d’eau et un bain 200 L d’eau. Si Joseph prend une douche par jour au lieu d’un bain, quelle sera l’économie d’eau réalisée à la fin d’une semaine ? | C88: 840 L | D88: 280 L | E88: 1 400 L | F88: 1 960 L | G88: SANS REPONSE | H88: =COUNTA('TEST RDP'!A:A)-2 -> 5
B89: NOMBRE DE REPONSES | C89: =COUNTIF('TEST RDP'!$AM:$AM,'TRAITEMENT RDP'!C$88) -> 2 | D89: =COUNTIF('TEST RDP'!$AM:$AM,'TRAITEMENT RDP'!D$88) -> 2 | E89: =COUNTIF('TEST RDP'!$AM:$AM,'TRAITEMENT RDP'!E$88) -> 1 | F89: =COUNTIF('TEST RDP'!$AM:$AM,'TRAITEMENT RDP'!F$88) -> 0 | G89: =H88-H89 -> 0 | H89: =SUM(C89:F89) -> 5
B90: % DE REPONSES | C90: =C89/$H88 -> 0.4 | D90: =D89/$H88 -> 0.4 | E90: =E89/$H88 -> 0.2 | F90: =F89/$H88 -> 0 | G90: =G89/$H88 -> 0 | H90: =SUM(C90:G90) -> 1
A91: TYPE | B91: L’élève doit déterminer une quantité. Problème à plusieurs étapes. Peut nécessiter une représentation. Problème mixte : additif, multiplicatif. | D91: NON : addition des 2 données. | E91: OUI : donnée une semaine. NON : sens 1ere partie énoncé. | F91: OUI : sens de "économie". NON : addition 2 données. | G91: Contexte familier. Mais quantités d’eau non "visualisables".
A93: 19 | B93: Le cours de mathématiques dure 55 minutes. Aujourd’hui, le professeur a débuté par des activités mentales qui ont duré un quart d’heure. Le reste du temps, à partir de 10 h 10, a été consacré à résoudre des problèmes. À quelle heure le cours s’est-il terminé ? | C93: 10 h 50 | D93: 10 h 25 | E93: 11 h 20 | F93: 11 h 05 | G93: SANS REPONSE | H93: =COUNTA('TEST RDP'!A:A)-2 -> 5
B94: NOMBRE DE REPONSES | C94: =COUNTIF('TEST RDP'!$AO:$AO,'TRAITEMENT RDP'!C$93) -> 3 | D94: =COUNTIF('TEST RDP'!$AO:$AO,'TRAITEMENT RDP'!D$93) -> 1 | E94: =COUNTIF('TEST RDP'!$AO:$AO,'TRAITEMENT RDP'!E$93) -> 1 | F94: =COUNTIF('TEST RDP'!$AO:$AO,'TRAITEMENT RDP'!F$93) -> 0 | G94: =H93-H94 -> 0 | H94: =SUM(C94:F94) -> 5
B95: % DE REPONSES | C95: =C94/$H93 -> 0.6 | D95: =D94/$H93 -> 0.2 | E95: =E94/$H93 -> 0.2 | F95: =F94/$H93 -> 0 | G95: =G94/$H93 -> 0 | H95: =SUM(C95:G95) -> 1
A96: TYPE | B96: L’élève doit déterminer un horaire. Problème à deux étapes. Peut nécessiter une représentation. Problème additif. | D96: NON : ajoute le quart d’heure activités mentales à 10h10. | E96: NON : ajoute toutes les durées à 10h10. | F96: NON : ne tient pas compte des 15 minutes d’activités mentales incluses. | G96: Contexte familier.

Sheet TRAIT RDP-pdf
A1: PAGE A IMPRIMER EN PDF POUR UN TRAVAIL CIBLE PAR ITEM (pour CEC, un temps INTER-DEGRE, en équipe COLLEGE, etc.)
C19: 15 × 0,33 | D19: =COUNTIF('TEST RDP'!E:E,C19) -> 3 | E19: =D19/D$24 -> 0.6
C20: 15 + 0,33 + 0,76 | D20: =COUNTIF('TEST RDP'!E:E,C20) -> 1 | E20: =D20/D$24 -> 0.2 | F20: NON : pas additif. NON : pas toutes les valeurs.
C21: 15 × 0,33 × 0,76 | D21: =COUNTIF('TEST RDP'!E:E,C21) -> 1 | E21: =D21/D$24 -> 0.2 | F21: OUI : multiplicatif. NON : pas toutes les valeurs.
C22: 15 × 0,76 | D22: =COUNTIF('TEST RDP'!E:E,C22) -> 0 | E22: =D22/D$24 -> 0 | F22: NON : confusion avec calcul du prix (au lieu de la contenance).
C23: pas de réponse | D23: =D24-(D20+D21+D19+D22) -> 0 | E23: =D23/D$24 -> 0
C24: Total | D24: =COUNTA('TEST RDP'!C:C)-1 -> 5 | E24: =SUM(E19:E23) -> 1
C36: 4.4 | D36: =COUNTIF('TEST RDP'!G:G,C36) -> 1 | E36: =D36/D$24 -> 0.2
C37: 5.6 | D37: =COUNTIF('TEST RDP'!G:G,C37) -> 2 | E37: =D37/D$24 -> 0.4 | F37: NON : confusion avec le prix à payer (au lieu du reste)
C38: 3.2 | D38: =COUNTIF('TEST RDP'!G:G,C38) -> 1 | E38: =D38/D$24 -> 0.2 | F38: NON : confusion avec le prix à payer (au lieu du reste) - NON : sans les "3 croissants"
C39: 6.8 | D39: =COUNTIF('TEST RDP'!G:G,C39) -> 1 | E39: =D39/D$24 -> 0.2 | F39: OUI : calcule la somme rendue - NON : sans les "3 croissants"
C40: pas de réponse | D40: =D41-(D37+D36+D38+D39) -> 0 | E40: =D40/D$24 -> 0
C41: Total | D41: =COUNTA('TEST RDP'!C:C)-1 -> 5 | E41: =D41/D$24 -> 1
C56: 4 euros | D56: =COUNTIF('TEST RDP'!I:I,C56) -> 0 | E56: =D56/D$24 -> 0
C57: 6 euros | D57: =COUNTIF('TEST RDP'!I:I,C57) -> 2 | E57: =D57/D$24 -> 0.4 | F57: NON : confusion avec l'écart additif de 6, entre 9 et 3 croissants.
C58: environ 1,33 euros | D58: =COUNTIF('TEST RDP'!I:I,C58) -> 1 | E58: =D58/D$24 -> 0.2 | F58: NON : calcul du prix d’un croissant.
C59: 3 euros | D59: =COUNTIF('TEST RDP'!I:I,C59) -> 1 | E59: =D59/D$24 -> 0.2 | F59: NON : confusion avec l'écart multiplicatif de 3, entre 3 et 9 croissants
C60: pas de réponse | D60: =D61-(D57+D56+D58+D59) -> 1 | E60: =D60/D$24 -> 0.2
C61: Total | D61: =COUNTA('TEST RDP'!C:C)-1 -> 5 | E61: =D61/D$24 -> 1
C74: 495 | D74: =COUNTIF('TEST RDP'!K:K,C74) -> 1 | E74: =D74/D$24 -> 0.2
C75: 505 | D75: =COUNTIF('TEST RDP'!K:K,C75) -> 1 | E75: =D75/D$24 -> 0.2 | F75: OUI : moitié de 1000 - NON : mauvais nombre augmenté de 5
C76: 1005 | D76: =COUNTIF('TEST RDP'!K:K,C76) -> 1 | E76: =D76/D$24 -> 0.2 | F76: NON : pas compréhension de la consigne, et additionne les deux nombres donnés
C77: 995 | D77: =COUNTIF('TEST RDP'!K:K,C77) -> 2 | E77: =D77/D$24 -> 0.4 | F77: NON : pas tenu compte d'obtenir la moitié de 1000 (et non 1000)
C78: pas de réponse | D78: =D79-(D75+D74+D76+D77) -> 0 | E78: =D78/D$24 -> 0
C79: Total | D79: =COUNTA('TEST RDP'!C:C)-1 -> 5 | E79: =D79/D$24 -> 1
C90: 12 | D90: =COUNTIF('TEST RDP'!M:M,C90) -> 2 | E90: =D90/D$24 -> 0.4
C91: 24 | D91: =COUNTIF('TEST RDP'!M:M,C91) -> 1 | E91: =D91/D$24 -> 0.2 | F91: NON : est la reprise du nombre de personnes
C92: 28 | D92: =COUNTIF('TEST RDP'!M:M,C92) -> 0 | E92: =D92/D$24 -> 0 | F92: NON : erreur de raisonnement (addition simplement 24+4)
C93: 32 | D93: =COUNTIF('TEST RDP'!M:M,C93) -> 1 | E93: =D93/D$24 -> 0.2 | F93: NON : erreur de raisonnement (multiplication des deux nombres)
C94: pas de réponse | D94: =D95-(D90+D91+D92+D93) -> 1 | E94: =D94/D$24 -> 0.2
C95: Total | D95: =COUNTA('TEST RDP'!C:C)-1 -> 5 | E95: =D95/D$24 -> 1
C106: 15 | D106: =COUNTIF('TEST RDP'!O:O,C106) -> 2 | E106: =D106/D$24 -> 0.4
C107: 8 | D107: =COUNTIF('TEST RDP'!O:O,C107) -> 2 | E107: =D107/D$24 -> 0.4 | F107: NON : a, simplement, ajouté les deux nombres proposés
C108: 2 | D108: =COUNTIF('TEST RDP'!O:O,C108) -> 0 | E108: =D108/D$24 -> 0 | F108: NON : a soustrait les deux nombres proposés
C109: 10 | D109: =COUNTIF('TEST RDP'!O:O,C109) -> 1 | E109: =D109/D$24 -> 0.2 | F109: NON : a confondu "3 paires" avec "une paire vaut 2"
C110: pas de réponse | D110: =D111-(D106+D107+D108+D109) -> 0 | E110: =D110/D$24 -> 0
C111: Total | D111: =COUNTA('TEST RDP'!C:C)-1 -> 5 | E111: =D111/D$24 -> 1
C121: 36 | D121: =COUNTIF('TEST RDP'!Q:Q,C121) -> 4 | E121: =D121/D$24 -> 0.8
C122: 15 | D122: =COUNTIF('TEST RDP'!Q:Q,C122) -> 1 | E122: =D122/D$24 -> 0.2 | F122: NON : compréhension de "trois fois moins" en addition
C123: 4 | D123: =COUNTIF('TEST RDP'!Q:Q,C123) -> 0 | E123: =D123/D$24 -> 0 | F123: OUI : multiplicatif - NON : appliqué en divisant (sens non perçu)
C124: 9 | D124: =COUNTIF('TEST RDP'!Q:Q,C124) -> 0 | E124: =D124/D$24 -> 0 | F124: NON : compréhension de "trois fois moins" en soustraction
C125: pas de réponse | D125: =D126-(D122+D121+D123+D124) -> 0 | E125: =D125/D$24 -> 0
C126: Total | D126: =COUNTA('TEST RDP'!C:C)-1 -> 5 | E126: =D126/D$24 -> 1
C140: 6 | D140: =COUNTIF('TEST RDP'!S:S,C140) -> 2 | E140: =D140/D$24 -> 0.4
C141: 5 | D141: =COUNTIF('TEST RDP'!S:S,C141) -> 3 | E141: =D141/D$24 -> 0.6 | F141: NON : a ajouté 8+7=15 ; le soustrait au nombre de pièces : 50-15=35 ; le partage en tas de 7 : 35/7=5
C142: 8 | D142: =COUNTIF('TEST RDP'!S:S,C142) -> 0 | E142: =D142/D$24 -> 0 | F142: NON : confusion pièces restantes / compagnons
C143: 7 | D143: =COUNTIF('TEST RDP'!S:S,C143) -> 0 | E143: =D143/D$24 -> 0 | F143: NON : confusion pièces données / compagnons
C144: pas de réponse | D144: =D145-(D141+D142+D143+D140) -> 0 | E144: =D144/D$24 -> 0
C145: Total | D145: =COUNTA('TEST RDP'!C:C)-1 -> 5 | E145: =D145/D$24 -> 1
C160: 1 050 euros | D160: =COUNTIF('TEST RDP'!U:U,C160) -> 0 | E160: =D160/D$24 -> 0
C161: 350 euros | D161: =COUNTIF('TEST RDP'!U:U,C161) -> 2 | E161: =D161/D$24 -> 0.4 | F161: OUI : tient compte des jours - NON : mais pas des personnes.
C162: 150 euros | D162: =COUNTIF('TEST RDP'!U:U,C162) -> 1 | E162: =D162/D$24 -> 0.2 | F162: OUI : tient compte des personnes - NON : mais pas des jours.
C163: 500 euros | D163: =COUNTIF('TEST RDP'!U:U,C163) -> 2 | E163: =D163/D$24 -> 0.4 | F163: NON : ne comprend pas les relations en jeu, additionne 3 + 7 et multiplie par 50 euros.
C164: pas de réponse | D164: =D165-(D161+D162+D163+D160) -> 0 | E164: =D164/D$24 -> 0
C165: Total | D165: =COUNTA('TEST RDP'!C:C)-1 -> 5 | E165: =D165/D$24 -> 1
C183: 8 | D183: =COUNTIF('TEST RDP'!W:W,C183) -> 3 | E183: =D183/D$24 -> 0.6
C184: 10 | D184: =COUNTIF('TEST RDP'!W:W,C184) -> 2 | E184: =D184/D$24 -> 0.4 | F184: NON : 4 tours au nombre de tours déjà effectués par Carl.
C185: 12 | D185: =COUNTIF('TEST RDP'!W:W,C185) -> 0 | E185: =D185/D$24 -> 0 | F185: NON : applique une proportionnalité, ne comprend donc pas la situation.
C186: 6 | D186: =COUNTIF('TEST RDP'!W:W,C186) -> 0 | E186: =D186/D$24 -> 0 | F186: NON : ajoute 4 tours au nombre de tours déjà effectués par Lucie.
C187: pas de réponse | D187: =D188-(D184+D185+D183+D186) -> 0 | E187: =D187/D$24 -> 0
C188: Total | D188: =COUNTA('TEST RDP'!C:C)-1 -> 5 | E188: =D188/D$24 -> 1
C201: 40 km | D201: =COUNTIF('TEST RDP'!Y:Y,C201) -> 3 | E201: =D201/D$24 -> 0.6
C202: 0,4 km | D202: =COUNTIF('TEST RDP'!Y:Y,C202) -> 0 | E202: =D202/D$24 -> 0 | F202: NON : mauvais choix du coefficient multiplicateur 0,1.
C203: 4 km | D203: =COUNTIF('TEST RDP'!Y:Y,C203) -> 0 | E203: =D203/D$24 -> 0 | F203: NON : mauvais choix du coefficient multiplicateur 1.
C204: 400 km | D204: =COUNTIF('TEST RDP'!Y:Y,C204) -> 1 | E204: =D204/D$24 -> 0.2 | F204: NON : mauvais choix du coefficient multiplicateur 100.
C205: pas de réponse | D205: =D206-(D202+D203+D201+D204) -> 1 | E205: =D205/D$24 -> 0.2
C206: Total | D206: =COUNTA('TEST RDP'!C:C)-1 -> 5 | E206: =D206/D$24 -> 1
C218: 20 km | D218: =COUNTIF('TEST RDP'!AA:AA,C218) -> 1 | E218: =D218/D$24 -> 0.2
C219: 40 km | D219: =COUNTIF('TEST RDP'!AA:AA,C219) -> 0 | E219: =D219/D$24 -> 0 | F219: NON : mauvaise interprétation par "la moitié" de la durée
C220: 60 km | D220: =COUNTIF('TEST RDP'!AA:AA,C220) -> 3 | E220: =D220/D$24 -> 0.6 | F220: NON : soustraction de 20 km, soit le quart de 80 km
C221: 80 km | D221: =COUNTIF('TEST RDP'!AA:AA,C221) -> 1 | E221: =D221/D$24 -> 0.2 | F221: NON : mauvaise interprétation de la "vitesse constante"
C222: pas de réponse | D222: =D223-(D218+D219+D220+D221) -> 0 | E222: =D222/D$24 -> 0
C223: Total | D223: =COUNTA('TEST RDP'!C:C)-1 -> 5 | E223: =D223/D$24 -> 1
C235: 100 | D235: =COUNTIF('TEST RDP'!AC:AC,C235) -> 1 | E235: =D235/D$24 -> 0.2
C236: 350 | D236: =COUNTIF('TEST RDP'!AC:AC,C236) -> 1 | E236: =D236/D$24 -> 0.2 | F236: NON : soustraction simple, pas prise en compte des 2 longueurs doubles
C237: 200 | D237: =COUNTIF('TEST RDP'!AC:AC,C237) -> 3 | E237: =D237/D$24 -> 0.6 | F237: OUI : soustraction de 2x la longueur - NON : puis pas division par 2
C238: 125 | D238: =COUNTIF('TEST RDP'!AC:AC,C238) -> 0 | E238: =D238/D$24 -> 0 | F238: OUI : double de la largeur (par essai-erreur) - NON : addition avec 150
C239: pas de réponse | D239: =COUNTIF('TEST RDP'!AC:AC,C239) -> 0 | E239: =D239/D$24 -> 0
C240: Total | D240: =COUNTA('TEST RDP'!C:C)-1 -> 5 | E240: =D240/D$24 -> 1
C251: 0,4 kg | D251: =COUNTIF('TEST RDP'!AE:AE,C251) -> 0 | E251: =D251/D$24 -> 0
C252: 2,5 g | D252: =COUNTIF('TEST RDP'!AE:AE,C252) -> 1 | E252: =D252/D$24 -> 0.2 | F252: OUI : réflexe de diviser - NON : le grand nombre par le petit nombre donné ; unité
C253: 2,5 kg | D253: =COUNTIF('TEST RDP'!AE:AE,C253) -> 2 | E253: =D253/D$24 -> 0.4 | F253: OUI : réflexe de diviser - NON : le grand nombre par le petit nombre donné.
C254: 0,4 g | D254: =COUNTIF('TEST RDP'!AE:AE,C254) -> 1 | E254: =D254/D$24 -> 0.2 | F254: OUI : bonne opération - NON : mauvaise unité
C255: pas de réponse | D255: =D256-(D252+D251+D253+D254) -> 1 | E255: =D255/D$24 -> 0.2
C256: Total | D256: =COUNTA('TEST RDP'!C:C)-1 -> 5 | E256: =D256/D$24 -> 1
B282: aire A > aire B | D282: =COUNTIF('TEST RDP'!AG:AG,B282) -> 1 | E282: =D282/D$287 -> 0.2
B283: aire A < aire B | D283: =COUNTIF('TEST RDP'!AG:AG,B283) -> 2 | E283: =D283/D$287 -> 0.4 | F283: NON : procédure périmètre (et les diagonales)
B284: aire A = aire B | D284: =COUNTIF('TEST RDP'!AG:AG,B284) -> 0 | E284: =D284/D$287 -> 0 | F284: OUI : procédure recomposition - NON : mal conduite
B285: On ne peut pas savoir | D285: =COUNTIF('TEST RDP'!AG:AG,B285) -> 2 | E285: =D285/D$287 -> 0.4 | F285: NON : comparaison par superposition simple
B286: pas de réponse | D286: =D287-(D283+D282+D284+D285) -> 0 | E286: =D286/D$287 -> 0
B287: Total | D287: =COUNTA('TEST RDP'!C:C)-1 -> 5 | E287: =D287/D$287 -> 1
C306: 350 m | D306: =COUNTIF('TEST RDP'!AI:AI,C306) -> 4 | E306: =D306/D$24 -> 0.8
C307: 100 m | D307: =COUNTIF('TEST RDP'!AI:AI,C307) -> 0 | E307: =D307/D$24 -> 0 | F307: NON : choisi la longueur la plus courte
C308: 750 m | D308: =COUNTIF('TEST RDP'!AI:AI,C308) -> 0 | E308: =D308/D$24 -> 0 | F308: NON : a additionné toutes les longueurs mentionnées
C309: 400 m | D309: =COUNTIF('TEST RDP'!AI:AI,C309) -> 0 | E309: =D309/D$24 -> 0 | F309: NON : choisi le moins de segments
C310: pas de réponse | D310: =D311-(D306+D307+D308+D309) -> 1 | E310: =D310/D$24 -> 0.2
C311: Total | D311: =COUNTA('TEST RDP'!C:C)-1 -> 5 | E311: =D311/D$24 -> 1
C324: 25 cL | D324: =COUNTIF('TEST RDP'!AK:AK,C324) -> 2 | E324: =D324/D$24 -> 0.4
C325: 0,25 cL | D325: =COUNTIF('TEST RDP'!AK:AK,C325) -> 1 | E325: =D325/D$24 -> 0.2 | F325: OUI : situation et calcul - NON : unité, ordre de grandeur
C326: 4 cL | D326: =COUNTIF('TEST RDP'!AK:AK,C326) -> 0 | E326: =D326/D$24 -> 0 | F326: OUI : partage et division - NON : division inverse, unité incohérente (car donnée ?)
...

Sheet ANALYSE RDP
A1: TABLEAU ET GRAPHIQUES GENERES AUTOMATIQUEMENT = ANALYSE DES REUSSITES PAR TYPE D'ITEMS, PAR FAMILLES DE PROBLEMES, PAR STRUCTURE-DOMAINE MATHEMATIQUE DU PROBLEME OU STRATEGIE -> PILOTAGE DIDACTIQUE SUR TOUT LE CYCLE 3
A2: STRUCTURE-DOMAINE MATHEMATIQUE/ STRATEGIE FAMILLES DE PROBLEMES (% DE REUSSITES) | B2: STRUCTURE/DOMAINE MATHEMATIQUE DU PROBLEME | G2: STRATEGIE
B3: ADDITIF | C3: MULTIPLICATIF | D3: PROPORTIONNALITE | E3: MIXTE : additif, multiplicatif | F3: GRANDEURS ET MESURES | G3: SCHEMA UTILE A LA RESOLUTION | H3: TOTAL
A4: PROBLEMES A 1 ETAPE | C4: ITEMS : 1, 6, 7, 14, 17 | D4: ITEMS : 3, 5, 11, 12 | F4: ITEM : 17 | G4: ITEMS : 3, 5, 6 | H4: =D34 -> 0.37777778
C5: =AVERAGE('TRAITEMENT RDP'!C5,'TRAITEMENT RDP'!C30,'TRAITEMENT RDP'!C35,'TRAITEMENT RDP'!C60,'TRAITEMENT RDP'!C85) -> 0.48 | D5: =AVERAGE('TRAITEMENT RDP'!C15,'TRAITEMENT RDP'!C25,'TRAITEMENT RDP'!C55,'TRAITEMENT RDP'!C60) -> 0.3 | F5: ='TRAITEMENT RDP'!C85 -> 0.4 | G5: =AVERAGE('TRAITEMENT RDP'!C15,'TRAITEMENT RDP'!C25,'TRAITEMENT RDP'!C30) -> 0.26666667
A6: PROBLEMES A PLUSIEURS ETAPES | B6: ITEMS : 10, 16, 19 | C6: ITEM : 9 | E6: ITEMS : 2, 4, 8, 13, 18 | F6: ITEMS : 16, 18, 19 | G6: ITEMS : 4, 10, 13, 19 | H6: =D43 -> 0.37777778
B7: =AVERAGE('TRAITEMENT RDP'!C50,'TRAITEMENT RDP'!C80,'TRAITEMENT RDP'!C95) -> 0.66666667 | C7: ='TRAITEMENT RDP'!C45 -> 0 | E7: =AVERAGE('TRAITEMENT RDP'!C10,'TRAITEMENT RDP'!C20,'TRAITEMENT RDP'!C40,'TRAITEMENT RDP'!C65,'TRAITEMENT RDP'!C90) -> 0.28 | F7: =AVERAGE('TRAITEMENT RDP'!C80,'TRAITEMENT RDP'!C90,'TRAITEMENT RDP'!C95) -> 0.6 | G7: =AVERAGE('TRAITEMENT RDP'!C20,'TRAITEMENT RDP'!C50,'TRAITEMENT RDP'!C65,'TRAITEMENT RDP'!C95) -> 0.4
A8: PROBLEMES ATYPIQUES | C8: ITEM : 6 | E8: ITEM : 4 | F8: ITEM : 15 | G8: ITEMS : 4, 6 | H8: =D52 -> 0.26666667 | J8: Voir ITEMS
C9: ='TRAITEMENT RDP'!C30 -> 0.4 | E9: ='TRAITEMENT RDP'!C20 -> 0.2 | F9: ='TRAITEMENT RDP'!C75 -> 0.2 | G9: =AVERAGE('TRAITEMENT RDP'!C20,'TRAITEMENT RDP'!C30) -> 0.3 | J9: ↙↙↙↙↙
A10: TOTAL | B10: =D57 -> 0.66666667 | C10: =D60 -> 0.36666667 | D10: =D66 -> 0.3 | E10: =D70 -> 0.28 | F10: =D75 -> 0.48 | G10: =D80 -> 0.34285714
J11: ↙↙↙↙↙
A12: DESCRIPTIF DE LA TACHE | B12: ITEMS RDP | C12: % DE REUSSITE | J12: ↙↙↙↙↙
A13: Identifier le calcul correspondant à la situation. | B13: 1 | C13: ='TRAITEMENT RDP'!C5 -> 0.6
A14: Calculer une quantité. Représenter la situation. | B14: 2 | C14: ='TRAITEMENT RDP'!C10 -> 0.2
A15: Calculer un prix en situation de proportionnalité. | B15: 3 | C15: ='TRAITEMENT RDP'!C15 -> 0
A16: Calculer un nombre. Déterminer l'algorithme de calcul. | B16: 4 | C16: ='TRAITEMENT RDP'!C20 -> 0.2
A17: Calculer un nombre en situation de proportionnalité. | B17: 5 | C17: ='TRAITEMENT RDP'!C25 -> 0.4
A18: Dénombrer par produit. Représenter la situation. | B18: 6 | C18: ='TRAITEMENT RDP'!C30 -> 0.4
A19: Calculer un nombre. Représenter. Comparer. | B19: 7 | C19: ='TRAITEMENT RDP'!C35 -> 0.8
A20: Calculer un nombre. Représenter. Partager. | B20: 8 | C20: ='TRAITEMENT RDP'!C40 -> 0.4
A21: Calculer un coût. Représenter. Dénombrer. | B21: 9 | C21: ='TRAITEMENT RDP'!C45 -> 0
A22: Calculer un nombre. Représenter. Comparer. | B22: 10 | C22: ='TRAITEMENT RDP'!C50 -> 0.6
A23: Calculer une distance, via l'échelle. Représenter. | B23: 11 | C23: ='TRAITEMENT RDP'!C55 -> 0.6
A24: Calculer une distance, via proportionnalité. Représenter. | B24: 12 | C24: ='TRAITEMENT RDP'!C60 -> 0.2
A25: Calculer une longueur, via formule périmètre. Représenter. | B25: 13 | C25: ='TRAITEMENT RDP'!C65 -> 0.2
A26: Calculer une masse par division. | B26: 14 | C26: ='TRAITEMENT RDP'!C70 -> 0
A27: Dénombrer. Comparer. | B27: 15 | C27: ='TRAITEMENT RDP'!C75 -> 0.2
A28: Calculer, via représentation. Comparer. | B28: 16 | C28: ='TRAITEMENT RDP'!C80 -> 0.8
A29: Calculer une contenance, par division. Représenter (convertir). | B29: 17 | C29: ='TRAITEMENT RDP'!C85 -> 0.4
A30: Calculer un nombre. Représenter. Comparer. | B30: 18 | C30: ='TRAITEMENT RDP'!C90 -> 0.4
A31: Déterminer un horaire. Représenter. | B31: 19 | C31: ='TRAITEMENT RDP'!C95 -> 0.6
A33: REGROUPEMENTS PAR MEME FAMILLE DE PROBLEMES | B33: ITEMS RDP | C33: % DE REUSSITE | D33: % DE REUSSITE
A34: Identifier le calcul correspondant à la situation. | B34: 1 | C34: =C13 -> 0.6 | D34: =AVERAGE(C34:C42) -> 0.37777778
A35: Calculer un prix en situation de proportionnalité. | B35: 3 | C35: =C15 -> 0
A36: Calculer un nombre en situation de proportionnalité. | B36: 5 | C36: =C17 -> 0.4
A37: Dénombrer par produit. Représenter la situation. | B37: 6 | C37: =C18 -> 0.4
A38: Calculer un nombre. Représenter. Comparer. | B38: 7 | C38: =C19 -> 0.8
A39: Calculer une distance, via l'échelle. Représenter. | B39: 11 | C39: =C23 -> 0.6
A40: Calculer une distance, via proportionnalité. Représenter. | B40: 12 | C40: =C24 -> 0.2
A41: Calculer une masse par division. | B41: 14 | C41: =C26 -> 0
A42: Calculer une contenance, par division. Représenter (convertir). | B42: 17 | C42: =C29 -> 0.4
A43: Calculer une quantité. Représenter la situation. | B43: 2 | C43: =C14 -> 0.2 | D43: =AVERAGE(C43:C51) -> 0.37777778
A44: Calculer un nombre. Déterminer l'algorithme de calcul. | B44: 4 | C44: =C16 -> 0.2
A45: Calculer un nombre. Représenter. Partager. | B45: 8 | C45: =C20 -> 0.4
A46: Calculer un coût. Représenter. Dénombrer. | B46: 9 | C46: =C21 -> 0
A47: Calculer un nombre. Représenter. Comparer. | B47: 10 | C47: =C22 -> 0.6
A48: Calculer une longueur, via formule périmètre. Représenter. | B48: 13 | C48: =C25 -> 0.2
A49: Calculer, via représentation. Comparer. | B49: 16 | C49: =C28 -> 0.8
A50: Calculer un nombre. Représenter. Comparer. | B50: 18 | C50: =C30 -> 0.4
A51: Déterminer un horaire. Représenter. | B51: 19 | C51: =C31 -> 0.6
A52: Calculer un nombre. Déterminer l'algorithme de calcul. | B52: 4 | C52: =C16 -> 0.2 | D52: =AVERAGE(C52:C54) -> 0.26666667
A53: Dénombrer par produit. Représenter la situation. | B53: 6 | C53: =C18 -> 0.4
A54: Dénombrer. Comparer. | B54: 15 | C54: =C27 -> 0.2
A56: REGROUPEMENTS PAR STRUCTURE-DOMAINE MATHEMATIQUE-SRTATEGIE | B56: ITEMS RDP | C56: % DE REUSSITE | D56: % DE REUSSITE
A57: Calculer un nombre. Représenter. Comparer. | B57: 10 | C57: =C22 -> 0.6 | D57: =AVERAGE(C57:C59) -> 0.66666667
A58: Calculer, via représentation. Comparer. | B58: 16 | C58: =C28 -> 0.8
A59: Déterminer un horaire. Représenter. | B59: 19 | C59: =C31 -> 0.6
A60: Identifier le calcul correspondant à la situation. | B60: 1 | C60: =C13 -> 0.6 | D60: =AVERAGE(C60:C65) -> 0.36666667
A61: Dénombrer par produit. Représenter la situation. | B61: 6 | C61: =C18 -> 0.4
A62: Calculer un nombre. Représenter. Comparer. | B62: 7 | C62: =C19 -> 0.8
A63: Calculer un coût. Représenter. Dénombrer. | B63: 9 | C63: =C21 -> 0
A64: Calculer une masse par division. | B64: 14 | C64: =C26 -> 0
A65: Calculer une contenance, par division. Représenter (convertir). | B65: 17 | C65: =C29 -> 0.4
A66: Calculer un prix en situation de proportionnalité. | B66: 3 | C66: =C15 -> 0 | D66: =AVERAGE(C66:C69) -> 0.3
A67: Calculer un nombre en situation de proportionnalité. | B67: 5 | C67: =C17 -> 0.4
A68: Calculer une distance, via l'échelle. Représenter. | B68: 11 | C68: =C23 -> 0.6
A69: Calculer une distance, via proportionnalité. Représenter. | B69: 12 | C69: =C24 -> 0.2
A70: Calculer une quantité. Représenter la situation. | B70: 2 | C70: =C14 -> 0.2 | D70: =AVERAGE(C70:C74) -> 0.28
A71: Calculer un nombre. Déterminer l'algorithme de calcul. | B71: 4 | C71: =C16 -> 0.2
A72: Calculer un nombre. Représenter. Partager. | B72: 8 | C72: =C20 -> 0.4
A73: Calculer une longueur, via formule périmètre. Représenter. | B73: 13 | C73: =C25 -> 0.2
A74: Calculer un nombre. Représenter. Comparer. | B74: 18 | C74: =C30 -> 0.4
A75: Dénombrer. Comparer. | B75: 15 | C75: =C27 -> 0.2 | D75: =AVERAGE(C75:C79) -> 0.48
A76: Calculer, via représentation. Comparer. | B76: 16 | C76: =C28 -> 0.8
A77: Calculer une contenance, par division. Représenter (convertir). | B77: 17 | C77: =C29 -> 0.4
A78: Calculer un nombre. Représenter. Comparer. | B78: 18 | C78: =C30 -> 0.4
A79: Déterminer un horaire. Représenter. | B79: 19 | C79: =C31 -> 0.6
A80: Calculer un prix en situation de proportionnalité. | B80: 3 | C80: =C15 -> 0 | D80: =AVERAGE(C80:C86) -> 0.34285714
A81: Calculer un nombre. Déterminer l'algorithme de calcul. | B81: 4 | C81: =C16 -> 0.2
A82: Calculer un nombre en situation de proportionnalité. | B82: 5 | C82: =C17 -> 0.4
A83: Dénombrer par produit. Représenter la situation. | B83: 6 | C83: =C18 -> 0.4
A84: Calculer un nombre. Représenter. Comparer. | B84: 10 | C84: =C22 -> 0.6
A85: Calculer une longueur, via formule périmètre. Représenter. | B85: 13 | C85: =C25 -> 0.2
A86: Déterminer un horaire. Représenter. | B86: 19 | C86: =C31 -> 0.6

Sheet GROUPES THEMES
A1: PAGE GENEREE AUTOMATIQUEMENT ! - Filtrer le groupe de maîtrise étudié dans chaque thème + Si besoin, filtrer en fonction du nombre de thèmes dans lesquels l'élève est en difficulté (cellule I2).
A2: Classe | B2: Nom élève | C2: Prénom élève | D2: Test spécifique en automatismes : Mobiliser directement des procédures et des connaissances | E2: Test spécifique en résolution de problèmes : Résoudre des problèmes en utilisant des nombres et des grandeurs | F2: Espace et géométrie : Connaître et utiliser des notions de géométrie | G2: Grandeurs et mesures : Connaître des grandeurs et utiliser des unités de mesure | H2: Nombres et calculs : Connaître les nombres et les utiliser dans des calculs | I2: Nombre de difficultés :
A3: =RESTITUTION!A3 -> 6B | B3: =RESTITUTION!B3 -> 0 | C3: =RESTITUTION!C3 -> Alicia | D3: =RESTITUTION!D3 -> Fragile | E3: =RESTITUTION!E3 -> Fragile | F3: =RESTITUTION!F3 -> Fragile | G3: =RESTITUTION!G3 -> Fragile | H3: =RESTITUTION!H3 -> À besoins | I3: =COUNTIF(D3,"Fragile")+COUNTIF(D3,"À besoins")+COUNTIF(D3,"pas de restitution")+COUNTIF(E3,"Fragile")+COUNTIF(E3,"À besoins")+COUNTIF(E3,"pas de restitution")+COUNTIF(F3,"Fragile")+COUNTIF(F3,"À besoins")+COUNTIF(F3,"pas de restitution")+COUNTIF(G3,"Fragile")+COUNTIF(G3,"À besoins")+COUNTIF(G3,"pas de restitution")+COUNTIF(H3,"Fragile")+COUNTIF(H3,"À besoins")+COUNTIF(H3,"pas de restitution") -> 5
A4: =RESTITUTION!A4 -> 6B | B4: =RESTITUTION!B4 -> 0 | C4: =RESTITUTION!C4 -> Aliénor | D4: =RESTITUTION!D4 -> Satisfaisant | E4: =RESTITUTION!E4 -> Satisfaisant | F4: =RESTITUTION!F4 -> Satisfaisant | G4: =RESTITUTION!G4 -> Satisfaisant | H4: =RESTITUTION!H4 -> Satisfaisant | I4: =COUNTIF(D4,"Fragile")+COUNTIF(D4,"À besoins")+COUNTIF(D4,"pas de restitution")+COUNTIF(E4,"Fragile")+COUNTIF(E4,"À besoins")+COUNTIF(E4,"pas de restitution")+COUNTIF(F4,"Fragile")+COUNTIF(F4,"À besoins")+COUNTIF(F4,"pas de restitution")+COUNTIF(G4,"Fragile")+COUNTIF(G4,"À besoins")+COUNTIF(G4,"pas de restitution")+COUNTIF(H4,"Fragile")+COUNTIF(H4,"À besoins")+COUNTIF(H4,"pas de restitution") -> 0
A5: =RESTITUTION!A5 -> 6B | B5: =RESTITUTION!B5 -> 0 | C5: =RESTITUTION!C5 -> Coleen | D5: =RESTITUTION!D5 -> À besoins | E5: =RESTITUTION!E5 -> À besoins | F5: =RESTITUTION!F5 -> À besoins | G5: =RESTITUTION!G5 -> À besoins | H5: =RESTITUTION!H5 -> À besoins | I5: =COUNTIF(D5,"Fragile")+COUNTIF(D5,"À besoins")+COUNTIF(D5,"pas de restitution")+COUNTIF(E5,"Fragile")+COUNTIF(E5,"À besoins")+COUNTIF(E5,"pas de restitution")+COUNTIF(F5,"Fragile")+COUNTIF(F5,"À besoins")+COUNTIF(F5,"pas de restitution")+COUNTIF(G5,"Fragile")+COUNTIF(G5,"À besoins")+COUNTIF(G5,"pas de restitution")+COUNTIF(H5,"Fragile")+COUNTIF(H5,"À besoins")+COUNTIF(H5,"pas de restitution") -> 5
A6: =RESTITUTION!A6 -> 6B | B6: =RESTITUTION!B6 -> 0 | C6: =RESTITUTION!C6 -> Elina | D6: =RESTITUTION!D6 -> Satisfaisant | E6: =RESTITUTION!E6 -> Satisfaisant | F6: =RESTITUTION!F6 -> Satisfaisant | G6: =RESTITUTION!G6 -> Satisfaisant | H6: =RESTITUTION!H6 -> Satisfaisant | I6: =COUNTIF(D6,"Fragile")+COUNTIF(D6,"À besoins")+COUNTIF(D6,"pas de restitution")+COUNTIF(E6,"Fragile")+COUNTIF(E6,"À besoins")+COUNTIF(E6,"pas de restitution")+COUNTIF(F6,"Fragile")+COUNTIF(F6,"À besoins")+COUNTIF(F6,"pas de restitution")+COUNTIF(G6,"Fragile")+COUNTIF(G6,"À besoins")+COUNTIF(G6,"pas de restitution")+COUNTIF(H6,"Fragile")+COUNTIF(H6,"À besoins")+COUNTIF(H6,"pas de restitution") -> 0
A7: =RESTITUTION!A7 -> 6B | B7: =RESTITUTION!B7 -> 0 | C7: =RESTITUTION!C7 -> Ethan | D7: =RESTITUTION!D7 -> Satisfaisant | E7: =RESTITUTION!E7 -> Satisfaisant | F7: =RESTITUTION!F7 -> Satisfaisant | G7: =RESTITUTION!G7 -> Satisfaisant | H7: =RESTITUTION!H7 -> Satisfaisant | I7: =COUNTIF(D7,"Fragile")+COUNTIF(D7,"À besoins")+COUNTIF(D7,"pas de restitution")+COUNTIF(E7,"Fragile")+COUNTIF(E7,"À besoins")+COUNTIF(E7,"pas de restitution")+COUNTIF(F7,"Fragile")+COUNTIF(F7,"À besoins")+COUNTIF(F7,"pas de restitution")+COUNTIF(G7,"Fragile")+COUNTIF(G7,"À besoins")+COUNTIF(G7,"pas de restitution")+COUNTIF(H7,"Fragile")+COUNTIF(H7,"À besoins")+COUNTIF(H7,"pas de restitution") -> 0
A8: =RESTITUTION!A8 -> 0 | B8: =RESTITUTION!B8 -> 0 | C8: =RESTITUTION!C8 -> 0 | D8: =RESTITUTION!D8 -> 0 | E8: =RESTITUTION!E8 -> 0 | F8: =RESTITUTION!F8 -> 0 | G8: =RESTITUTION!G8 -> 0 | H8: =RESTITUTION!H8 -> 0 | I8: =COUNTIF(D8,"Fragile")+COUNTIF(D8,"À besoins")+COUNTIF(D8,"pas de restitution")+COUNTIF(E8,"Fragile")+COUNTIF(E8,"À besoins")+COUNTIF(E8,"pas de restitution")+COUNTIF(F8,"Fragile")+COUNTIF(F8,"À besoins")+COUNTIF(F8,"pas de restitution")+COUNTIF(G8,"Fragile")+COUNTIF(G8,"À besoins")+COUNTIF(G8,"pas de restitution")+COUNTIF(H8,"Fragile")+COUNTIF(H8,"À besoins")+COUNTIF(H8,"pas de restitution") -> 0
A9: =RESTITUTION!A9 -> 0 | B9: =RESTITUTION!B9 -> 0 | C9: =RESTITUTION!C9 -> 0 | D9: =RESTITUTION!D9 -> 0 | E9: =RESTITUTION!E9 -> 0 | F9: =RESTITUTION!F9 -> 0 | G9: =RESTITUTION!G9 -> 0 | H9: =RESTITUTION!H9 -> 0 | I9: =COUNTIF(D9,"Fragile")+COUNTIF(D9,"À besoins")+COUNTIF(D9,"pas de restitution")+COUNTIF(E9,"Fragile")+COUNTIF(E9,"À besoins")+COUNTIF(E9,"pas de restitution")+COUNTIF(F9,"Fragile")+COUNTIF(F9,"À besoins")+COUNTIF(F9,"pas de restitution")+COUNTIF(G9,"Fragile")+COUNTIF(G9,"À besoins")+COUNTIF(G9,"pas de restitution")+COUNTIF(H9,"Fragile")+COUNTIF(H9,"À besoins")+COUNTIF(H9,"pas de restitution") -> 0
A10: =RESTITUTION!A10 -> 0 | B10: =RESTITUTION!B10 -> 0 | C10: =RESTITUTION!C10 -> 0 | D10: =RESTITUTION!D10 -> 0 | E10: =RESTITUTION!E10 -> 0 | F10: =RESTITUTION!F10 -> 0 | G10: =RESTITUTION!G10 -> 0 | H10: =RESTITUTION!H10 -> 0 | I10: =COUNTIF(D10,"Fragile")+COUNTIF(D10,"À besoins")+COUNTIF(D10,"pas de restitution")+COUNTIF(E10,"Fragile")+COUNTIF(E10,"À besoins")+COUNTIF(E10,"pas de restitution")+COUNTIF(F10,"Fragile")+COUNTIF(F10,"À besoins")+COUNTIF(F10,"pas de restitution")+COUNTIF(G10,"Fragile")+COUNTIF(G10,"À besoins")+COUNTIF(G10,"pas de restitution")+COUNTIF(H10,"Fragile")+COUNTIF(H10,"À besoins")+COUNTIF(H10,"pas de restitution") -> 0
A11: =RESTITUTION!A11 -> 0 | B11: =RESTITUTION!B11 -> 0 | C11: =RESTITUTION!C11 -> 0 | D11: =RESTITUTION!D11 -> 0 | E11: =RESTITUTION!E11 -> 0 | F11: =RESTITUTION!F11 -> 0 | G11: =RESTITUTION!G11 -> 0 | H11: =RESTITUTION!H11 -> 0 | I11: =COUNTIF(D11,"Fragile")+COUNTIF(D11,"À besoins")+COUNTIF(D11,"pas de restitution")+COUNTIF(E11,"Fragile")+COUNTIF(E11,"À besoins")+COUNTIF(E11,"pas de restitution")+COUNTIF(F11,"Fragile")+COUNTIF(F11,"À besoins")+COUNTIF(F11,"pas de restitution")+COUNTIF(G11,"Fragile")+COUNTIF(G11,"À besoins")+COUNTIF(G11,"pas de restitution")+COUNTIF(H11,"Fragile")+COUNTIF(H11,"À besoins")+COUNTIF(H11,"pas de restitution") -> 0
A12: =RESTITUTION!A12 -> 0 | B12: =RESTITUTION!B12 -> 0 | C12: =RESTITUTION!C12 -> 0 | D12: =RESTITUTION!D12 -> 0 | E12: =RESTITUTION!E12 -> 0 | F12: =RESTITUTION!F12 -> 0 | G12: =RESTITUTION!G12 -> 0 | H12: =RESTITUTION!H12 -> 0 | I12: =COUNTIF(D12,"Fragile")+COUNTIF(D12,"À besoins")+COUNTIF(D12,"pas de restitution")+COUNTIF(E12,"Fragile")+COUNTIF(E12,"À besoins")+COUNTIF(E12,"pas de restitution")+COUNTIF(F12,"Fragile")+COUNTIF(F12,"À besoins")+COUNTIF(F12,"pas de restitution")+COUNTIF(G12,"Fragile")+COUNTIF(G12,"À besoins")+COUNTIF(G12,"pas de restitution")+COUNTIF(H12,"Fragile")+COUNTIF(H12,"À besoins")+COUNTIF(H12,"pas de restitution") -> 0
A13: =RESTITUTION!A13 -> 0 | B13: =RESTITUTION!B13 -> 0 | C13: =RESTITUTION!C13 -> 0 | D13: =RESTITUTION!D13 -> 0 | E13: =RESTITUTION!E13 -> 0 | F13: =RESTITUTION!F13 -> 0 | G13: =RESTITUTION!G13 -> 0 | H13: =RESTITUTION!H13 -> 0 | I13: =COUNTIF(D13,"Fragile")+COUNTIF(D13,"À besoins")+COUNTIF(D13,"pas de restitution")+COUNTIF(E13,"Fragile")+COUNTIF(E13,"À besoins")+COUNTIF(E13,"pas de restitution")+COUNTIF(F13,"Fragile")+COUNTIF(F13,"À besoins")+COUNTIF(F13,"pas de restitution")+COUNTIF(G13,"Fragile")+COUNTIF(G13,"À besoins")+COUNTIF(G13,"pas de restitution")+COUNTIF(H13,"Fragile")+COUNTIF(H13,"À besoins")+COUNTIF(H13,"pas de restitution") -> 0
A14: =RESTITUTION!A14 -> 0 | B14: =RESTITUTION!B14 -> 0 | C14: =RESTITUTION!C14 -> 0 | D14: =RESTITUTION!D14 -> 0 | E14: =RESTITUTION!E14 -> 0 | F14: =RESTITUTION!F14 -> 0 | G14: =RESTITUTION!G14 -> 0 | H14: =RESTITUTION!H14 -> 0 | I14: =COUNTIF(D14,"Fragile")+COUNTIF(D14,"À besoins")+COUNTIF(D14,"pas de restitution")+COUNTIF(E14,"Fragile")+COUNTIF(E14,"À besoins")+COUNTIF(E14,"pas de restitution")+COUNTIF(F14,"Fragile")+COUNTIF(F14,"À besoins")+COUNTIF(F14,"pas de restitution")+COUNTIF(G14,"Fragile")+COUNTIF(G14,"À besoins")+COUNTIF(G14,"pas de restitution")+COUNTIF(H14,"Fragile")+COUNTIF(H14,"À besoins")+COUNTIF(H14,"pas de restitution") -> 0
... A1000: =RESTITUTION!A1000 -> 0 | B1000: =RESTITUTION!B1000 -> 0 | C1000: =RESTITUTION!C1000 -> 0 | D1000: =RESTITUTION!D1000 -> 0 | E1000: =RESTITUTION!E1000 -> 0 | F1000: =RESTITUTION!F1000 -> 0 | G1000: =RESTITUTION!G1000 -> 0 | H1000: =RESTITUTION!H1000 -> 0 | I1000: =COUNTIF(D1000,"Fragile")+COUNTIF(D1000,"À besoins")+COUNTIF(D1000,"pas de restitution")+COUNTIF(E1000,"Fragile")+COUNTIF(E1000,"À besoins")+COUNTIF(E1000,"pas de restitution")+COUNTIF(F1000,"Fragile")+COUNTIF(F1000,"À besoins")+COUNTIF(F1000,"pas de restitution")+COUNTIF(G1000,"Fragile")+COUNTIF(G1000,"À besoins")+COUNTIF(G1000,"pas de restitution")+COUNTIF(H1000,"Fragile")+COUNTIF(H1000,"À besoins")+COUNTIF(H1000,"pas de restitution") -> 0

Sheet GROUPE D'ITEMS AUTO
A1: PAGE GENEREE AUTOMATIQUEMENT : % de réussite aux automatismes par groupe d'items
D2: Type de tâche | J2: Famille de nombres
A3: Classe | B3: NOM | C3: PRENOM | D3: Repérage : ITEMS 6-7-8 | E3: Comparaison : ITEMS 9-10 | F3: Grandeurs et mesures (unités) : ITEMS 16-18-19-23 | G3: Grandeurs et mesures (concepts) : ITEMS 17-20-21-22 | H3: Différentes écritures d'un nombre : ITEMS 1-2-3-4-5 | I3: Calcul mental : ITEMS 12-13-14-15 | J3: Entiers : ITEMS 1-6-9-12-16-17-18-20-21 | K3: Fractions : ITEMS 3-4-5-8-11 | L3: Décimaux : ITEMS 2-5-7-10-13-14-15-19-23 | M3: Sans valeur numérique : ITEM 22
A4: ='TEST AUTO'!A3 -> 6B | B4: ='TEST AUTO'!B3 -> 0 | C4: ='TEST AUTO'!C3 -> Alicia | D4: =('TEST AUTO'!P3+'TEST AUTO'!R3+'TEST AUTO'!T3)/3 -> 0.33333333 | E4: =('TEST AUTO'!V3+'TEST AUTO'!X3)/2 -> 1 | F4: =('TEST AUTO'!AJ3+'TEST AUTO'!AN3+'TEST AUTO'!AP3+'TEST AUTO'!AX3)/4 -> 0.5 | G4: =('TEST AUTO'!AL3+'TEST AUTO'!AR3+'TEST AUTO'!AT3+'TEST AUTO'!AV3)/4 -> 0.75 | H4: =('TEST AUTO'!F3+'TEST AUTO'!H3+'TEST AUTO'!J3+'TEST AUTO'!L3+'TEST AUTO'!N3)/5 -> 0.2 | I4: =('TEST AUTO'!AB3+'TEST AUTO'!AD3+'TEST AUTO'!AF3+'TEST AUTO'!AH3)/4 -> 0.25 | J4: =('TEST AUTO'!F3+'TEST AUTO'!P3+'TEST AUTO'!V3+'TEST AUTO'!AB3+'TEST AUTO'!AJ3+'TEST AUTO'!AL3+'TEST AUTO'!AN3+'TEST AUTO'!AR3+'TEST AUTO'!AT3)/9 -> 0.55555556 | K4: =('TEST AUTO'!J3+'TEST AUTO'!L3+'TEST AUTO'!N3+'TEST AUTO'!T3+'TEST AUTO'!Z3)/5 -> 0.6 | L4: =('TEST AUTO'!H3+'TEST AUTO'!N3+'TEST AUTO'!R3+'TEST AUTO'!X3+'TEST AUTO'!AD3+'TEST AUTO'!AF3+'TEST AUTO'!AH3+'TEST AUTO'!AP3+'TEST AUTO'!AX3)/9 -> 0.22222222 | M4: ='TEST AUTO'!AV3 -> 1
A5: ='TEST AUTO'!A4 -> 6B | B5: ='TEST AUTO'!B4 -> 0 | C5: ='TEST AUTO'!C4 -> Léa | D5: =('TEST AUTO'!P4+'TEST AUTO'!R4+'TEST AUTO'!T4)/3 -> 0 | E5: =('TEST AUTO'!V4+'TEST AUTO'!X4)/2 -> 0.5 | F5: =('TEST AUTO'!AJ4+'TEST AUTO'!AN4+'TEST AUTO'!AP4+'TEST AUTO'!AX4)/4 -> 0.5 | G5: =('TEST AUTO'!AL4+'TEST AUTO'!AR4+'TEST AUTO'!AT4+'TEST AUTO'!AV4)/4 -> 0.75 | H5: =('TEST AUTO'!F4+'TEST AUTO'!H4+'TEST AUTO'!J4+'TEST AUTO'!L4+'TEST AUTO'!N4)/5 -> 0.8 | I5: =('TEST AUTO'!AB4+'TEST AUTO'!AD4+'TEST AUTO'!AF4+'TEST AUTO'!AH4)/4 -> 0.5 | J5: =('TEST AUTO'!F4+'TEST AUTO'!P4+'TEST AUTO'!V4+'TEST AUTO'!AB4+'TEST AUTO'!AJ4+'TEST AUTO'!AL4+'TEST AUTO'!AN4+'TEST AUTO'!AR4+'TEST AUTO'!AT4)/9 -> 0.44444444 | K5: =('TEST AUTO'!J4+'TEST AUTO'!L4+'TEST AUTO'!N4+'TEST AUTO'!T4+'TEST AUTO'!Z4)/5 -> 0.6 | L5: =('TEST AUTO'!H4+'TEST AUTO'!N4+'TEST AUTO'!R4+'TEST AUTO'!X4+'TEST AUTO'!AD4+'TEST AUTO'!AF4+'TEST AUTO'!AH4+'TEST AUTO'!AP4+'TEST AUTO'!AX4)/9 -> 0.55555556 | M5: ='TEST AUTO'!AV4 -> 1
A6: ='TEST AUTO'!A5 -> 6B | B6: ='TEST AUTO'!B5 -> 0 | C6: ='TEST AUTO'!C5 -> Roméo | D6: =('TEST AUTO'!P5+'TEST AUTO'!R5+'TEST AUTO'!T5)/3 -> 1 | E6: =('TEST AUTO'!V5+'TEST AUTO'!X5)/2 -> 0 | F6: =('TEST AUTO'!AJ5+'TEST AUTO'!AN5+'TEST AUTO'!AP5+'TEST AUTO'!AX5)/4 -> 1 | G6: =('TEST AUTO'!AL5+'TEST AUTO'!AR5+'TEST AUTO'!AT5+'TEST AUTO'!AV5)/4 -> 0.5 | H6: =('TEST AUTO'!F5+'TEST AUTO'!H5+'TEST AUTO'!J5+'TEST AUTO'!L5+'TEST AUTO'!N5)/5 -> 0.8 | I6: =('TEST AUTO'!AB5+'TEST AUTO'!AD5+'TEST AUTO'!AF5+'TEST AUTO'!AH5)/4 -> 0.25 | J6: =('TEST AUTO'!F5+'TEST AUTO'!P5+'TEST AUTO'!V5+'TEST AUTO'!AB5+'TEST AUTO'!AJ5+'TEST AUTO'!AL5+'TEST AUTO'!AN5+'TEST AUTO'!AR5+'TEST AUTO'!AT5)/9 -> 0.77777778 | K6: =('TEST AUTO'!J5+'TEST AUTO'!L5+'TEST AUTO'!N5+'TEST AUTO'!T5+'TEST AUTO'!Z5)/5 -> 0.8 | L6: =('TEST AUTO'!H5+'TEST AUTO'!N5+'TEST AUTO'!R5+'TEST AUTO'!X5+'TEST AUTO'!AD5+'TEST AUTO'!AF5+'TEST AUTO'!AH5+'TEST AUTO'!AP5+'TEST AUTO'!AX5)/9 -> 0.44444444 | M6: ='TEST AUTO'!AV5 -> 0
A7: ='TEST AUTO'!A6 -> 6B | B7: ='TEST AUTO'!B6 -> 0 | C7: ='TEST AUTO'!C6 -> Lizéa | D7: =('TEST AUTO'!P6+'TEST AUTO'!R6+'TEST AUTO'!T6)/3 -> 1 | E7: =('TEST AUTO'!V6+'TEST AUTO'!X6)/2 -> 0.5 | F7: =('TEST AUTO'!AJ6+'TEST AUTO'!AN6+'TEST AUTO'!AP6+'TEST AUTO'!AX6)/4 -> 0.75 | G7: =('TEST AUTO'!AL6+'TEST AUTO'!AR6+'TEST AUTO'!AT6+'TEST AUTO'!AV6)/4 -> 0.5 | H7: =('TEST AUTO'!F6+'TEST AUTO'!H6+'TEST AUTO'!J6+'TEST AUTO'!L6+'TEST AUTO'!N6)/5 -> 0.6 | I7: =('TEST AUTO'!AB6+'TEST AUTO'!AD6+'TEST AUTO'!AF6+'TEST AUTO'!AH6)/4 -> 0.75 | J7: =('TEST AUTO'!F6+'TEST AUTO'!P6+'TEST AUTO'!V6+'TEST AUTO'!AB6+'TEST AUTO'!AJ6+'TEST AUTO'!AL6+'TEST AUTO'!AN6+'TEST AUTO'!AR6+'TEST AUTO'!AT6)/9 -> 0.55555556 | K7: =('TEST AUTO'!J6+'TEST AUTO'!L6+'TEST AUTO'!N6+'TEST AUTO'!T6+'TEST AUTO'!Z6)/5 -> 0.8 | L7: =('TEST AUTO'!H6+'TEST AUTO'!N6+'TEST AUTO'!R6+'TEST AUTO'!X6+'TEST AUTO'!AD6+'TEST AUTO'!AF6+'TEST AUTO'!AH6+'TEST AUTO'!AP6+'TEST AUTO'!AX6)/9 -> 0.66666667 | M7: ='TEST AUTO'!AV6 -> 1
A8: ='TEST AUTO'!A7 -> 6B | B8: ='TEST AUTO'!B7 -> 0 | C8: ='TEST AUTO'!C7 -> Tyméo | D8: =('TEST AUTO'!P7+'TEST AUTO'!R7+'TEST AUTO'!T7)/3 -> 0.33333333 | E8: =('TEST AUTO'!V7+'TEST AUTO'!X7)/2 -> 0.5 | F8: =('TEST AUTO'!AJ7+'TEST AUTO'!AN7+'TEST AUTO'!AP7+'TEST AUTO'!AX7)/4 -> 0.25 | G8: =('TEST AUTO'!AL7+'TEST AUTO'!AR7+'TEST AUTO'!AT7+'TEST AUTO'!AV7)/4 -> 0.25 | H8: =('TEST AUTO'!F7+'TEST AUTO'!H7+'TEST AUTO'!J7+'TEST AUTO'!L7+'TEST AUTO'!N7)/5 -> 0.4 | I8: =('TEST AUTO'!AB7+'TEST AUTO'!AD7+'TEST AUTO'!AF7+'TEST AUTO'!AH7)/4 -> 0.5 | J8: =('TEST AUTO'!F7+'TEST AUTO'!P7+'TEST AUTO'!V7+'TEST AUTO'!AB7+'TEST AUTO'!AJ7+'TEST AUTO'!AL7+'TEST AUTO'!AN7+'TEST AUTO'!AR7+'TEST AUTO'!AT7)/9 -> 0.44444444 | K8: =('TEST AUTO'!J7+'TEST AUTO'!L7+'TEST AUTO'!N7+'TEST AUTO'!T7+'TEST AUTO'!Z7)/5 -> 0.2 | L8: =('TEST AUTO'!H7+'TEST AUTO'!N7+'TEST AUTO'!R7+'TEST AUTO'!X7+'TEST AUTO'!AD7+'TEST AUTO'!AF7+'TEST AUTO'!AH7+'TEST AUTO'!AP7+'TEST AUTO'!AX7)/9 -> 0.22222222 | M8: ='TEST AUTO'!AV7 -> 1
A9: ='TEST AUTO'!A8 -> 0 | B9: ='TEST AUTO'!B8 -> 0 | C9: ='TEST AUTO'!C8 -> 0 | D9: =('TEST AUTO'!P8+'TEST AUTO'!R8+'TEST AUTO'!T8)/3 -> 0 | E9: =('TEST AUTO'!V8+'TEST AUTO'!X8)/2 -> 0 | F9: =('TEST AUTO'!AJ8+'TEST AUTO'!AN8+'TEST AUTO'!AP8+'TEST AUTO'!AX8)/4 -> 0 | G9: =('TEST AUTO'!AL8+'TEST AUTO'!AR8+'TEST AUTO'!AT8+'TEST AUTO'!AV8)/4 -> 0 | H9: =('TEST AUTO'!F8+'TEST AUTO'!H8+'TEST AUTO'!J8+'TEST AUTO'!L8+'TEST AUTO'!N8)/5 -> 0 | I9: =('TEST AUTO'!AB8+'TEST AUTO'!AD8+'TEST AUTO'!AF8+'TEST AUTO'!AH8)/4 -> 0 | J9: =('TEST AUTO'!F8+'TEST AUTO'!P8+'TEST AUTO'!V8+'TEST AUTO'!AB8+'TEST AUTO'!AJ8+'TEST AUTO'!AL8+'TEST AUTO'!AN8+'TEST AUTO'!AR8+'TEST AUTO'!AT8)/9 -> 0 | K9: =('TEST AUTO'!J8+'TEST AUTO'!L8+'TEST AUTO'!N8+'TEST AUTO'!T8+'TEST AUTO'!Z8)/5 -> 0 | L9: =('TEST AUTO'!H8+'TEST AUTO'!N8+'TEST AUTO'!R8+'TEST AUTO'!X8+'TEST AUTO'!AD8+'TEST AUTO'!AF8+'TEST AUTO'!AH8+'TEST AUTO'!AP8+'TEST AUTO'!AX8)/9 -> 0 | M9: ='TEST AUTO'!AV8 -> 0
A10: ='TEST AUTO'!A9 -> 0 | B10: ='TEST AUTO'!B9 -> 0 | C10: ='TEST AUTO'!C9 -> 0 | D10: =('TEST AUTO'!P9+'TEST AUTO'!R9+'TEST AUTO'!T9)/3 -> 0 | E10: =('TEST AUTO'!V9+'TEST AUTO'!X9)/2 -> 0 | F10: =('TEST AUTO'!AJ9+'TEST AUTO'!AN9+'TEST AUTO'!AP9+'TEST AUTO'!AX9)/4 -> 0 | G10: =('TEST AUTO'!AL9+'TEST AUTO'!AR9+'TEST AUTO'!AT9+'TEST AUTO'!AV9)/4 -> 0 | H10: =('TEST AUTO'!F9+'TEST AUTO'!H9+'TEST AUTO'!J9+'TEST AUTO'!L9+'TEST AUTO'!N9)/5 -> 0 | I10: =('TEST AUTO'!AB9+'TEST AUTO'!AD9+'TEST AUTO'!AF9+'TEST AUTO'!AH9)/4 -> 0 | J10: =('TEST AUTO'!F9+'TEST AUTO'!P9+'TEST AUTO'!V9+'TEST AUTO'!AB9+'TEST AUTO'!AJ9+'TEST AUTO'!AL9+'TEST AUTO'!AN9+'TEST AUTO'!AR9+'TEST AUTO'!AT9)/9 -> 0 | K10: =('TEST AUTO'!J9+'TEST AUTO'!L9+'TEST AUTO'!N9+'TEST AUTO'!T9+'TEST AUTO'!Z9)/5 -> 0 | L10: =('TEST AUTO'!H9+'TEST AUTO'!N9+'TEST AUTO'!R9+'TEST AUTO'!X9+'TEST AUTO'!AD9+'TEST AUTO'!AF9+'TEST AUTO'!AH9+'TEST AUTO'!AP9+'TEST AUTO'!AX9)/9 -> 0 | M10: ='TEST AUTO'!AV9 -> 0
A11: ='TEST AUTO'!A10 -> 0 | B11: ='TEST AUTO'!B10 -> 0 | C11: ='TEST AUTO'!C10 -> 0 | D11: =('TEST AUTO'!P10+'TEST AUTO'!R10+'TEST AUTO'!T10)/3 -> 0 | E11: =('TEST AUTO'!V10+'TEST AUTO'!X10)/2 -> 0 | F11: =('TEST AUTO'!AJ10+'TEST AUTO'!AN10+'TEST AUTO'!AP10+'TEST AUTO'!AX10)/4 -> 0 | G11: =('TEST AUTO'!AL10+'TEST AUTO'!AR10+'TEST AUTO'!AT10+'TEST AUTO'!AV10)/4 -> 0 | H11: =('TEST AUTO'!F10+'TEST AUTO'!H10+'TEST AUTO'!J10+'TEST AUTO'!L10+'TEST AUTO'!N10)/5 -> 0 | I11: =('TEST AUTO'!AB10+'TEST AUTO'!AD10+'TEST AUTO'!AF10+'TEST AUTO'!AH10)/4 -> 0 | J11: =('TEST AUTO'!F10+'TEST AUTO'!P10+'TEST AUTO'!V10+'TEST AUTO'!AB10+'TEST AUTO'!AJ10+'TEST AUTO'!AL10+'TEST AUTO'!AN10+'TEST AUTO'!AR10+'TEST AUTO'!AT10)/9 -> 0 | K11: =('TEST AUTO'!J10+'TEST AUTO'!L10+'TEST AUTO'!N10+'TEST AUTO'!T10+'TEST AUTO'!Z10)/5 -> 0 | L11: =('TEST AUTO'!H10+'TEST AUTO'!N10+'TEST AUTO'!R10+'TEST AUTO'!X10+'TEST AUTO'!AD10+'TEST AUTO'!AF10+'TEST AUTO'!AH10+'TEST AUTO'!AP10+'TEST AUTO'!AX10)/9 -> 0 | M11: ='TEST AUTO'!AV10 -> 0
A12: ='TEST AUTO'!A11 -> 0 | B12: ='TEST AUTO'!B11 -> 0 | C12: ='TEST AUTO'!C11 -> 0 | D12: =('TEST AUTO'!P11+'TEST AUTO'!R11+'TEST AUTO'!T11)/3 -> 0 | E12: =('TEST AUTO'!V11+'TEST AUTO'!X11)/2 -> 0 | F12: =('TEST AUTO'!AJ11+'TEST AUTO'!AN11+'TEST AUTO'!AP11+'TEST AUTO'!AX11)/4 -> 0 | G12: =('TEST AUTO'!AL11+'TEST AUTO'!AR11+'TEST AUTO'!AT11+'TEST AUTO'!AV11)/4 -> 0 | H12: =('TEST AUTO'!F11+'TEST AUTO'!H11+'TEST AUTO'!J11+'TEST AUTO'!L11+'TEST AUTO'!N11)/5 -> 0 | I12: =('TEST AUTO'!AB11+'TEST AUTO'!AD11+'TEST AUTO'!AF11+'TEST AUTO'!AH11)/4 -> 0 | J12: =('TEST AUTO'!F11+'TEST AUTO'!P11+'TEST AUTO'!V11+'TEST AUTO'!AB11+'TEST AUTO'!AJ11+'TEST AUTO'!AL11+'TEST AUTO'!AN11+'TEST AUTO'!AR11+'TEST AUTO'!AT11)/9 -> 0 | K12: =('TEST AUTO'!J11+'TEST AUTO'!L11+'TEST AUTO'!N11+'TEST AUTO'!T11+'TEST AUTO'!Z11)/5 -> 0 | L12: =('TEST AUTO'!H11+'TEST AUTO'!N11+'TEST AUTO'!R11+'TEST AUTO'!X11+'TEST AUTO'!AD11+'TEST AUTO'!AF11+'TEST AUTO'!AH11+'TEST AUTO'!AP11+'TEST AUTO'!AX11)/9 -> 0 | M12: ='TEST AUTO'!AV11 -> 0
A13: ='TEST AUTO'!A12 -> 0 | B13: ='TEST AUTO'!B12 -> 0 | C13: ='TEST AUTO'!C12 -> 0 | D13: =('TEST AUTO'!P12+'TEST AUTO'!R12+'TEST AUTO'!T12)/3 -> 0 | E13: =('TEST AUTO'!V12+'TEST AUTO'!X12)/2 -> 0 | F13: =('TEST AUTO'!AJ12+'TEST AUTO'!AN12+'TEST AUTO'!AP12+'TEST AUTO'!AX12)/4 -> 0 | G13: =('TEST AUTO'!AL12+'TEST AUTO'!AR12+'TEST AUTO'!AT12+'TEST AUTO'!AV12)/4 -> 0 | H13: =('TEST AUTO'!F12+'TEST AUTO'!H12+'TEST AUTO'!J12+'TEST AUTO'!L12+'TEST AUTO'!N12)/5 -> 0 | I13: =('TEST AUTO'!AB12+'TEST AUTO'!AD12+'TEST AUTO'!AF12+'TEST AUTO'!AH12)/4 -> 0 | J13: =('TEST AUTO'!F12+'TEST AUTO'!P12+'TEST AUTO'!V12+'TEST AUTO'!AB12+'TEST AUTO'!AJ12+'TEST AUTO'!AL12+'TEST AUTO'!AN12+'TEST AUTO'!AR12+'TEST AUTO'!AT12)/9 -> 0 | K13: =('TEST AUTO'!J12+'TEST AUTO'!L12+'TEST AUTO'!N12+'TEST AUTO'!T12+'TEST AUTO'!Z12)/5 -> 0 | L13: =('TEST AUTO'!H12+'TEST AUTO'!N12+'TEST AUTO'!R12+'TEST AUTO'!X12+'TEST AUTO'!AD12+'TEST AUTO'!AF12+'TEST AUTO'!AH12+'TEST AUTO'!AP12+'TEST AUTO'!AX12)/9 -> 0 | M13: ='TEST AUTO'!AV12 -> 0
A14: ='TEST AUTO'!A13 -> 0 | B14: ='TEST AUTO'!B13 -> 0 | C14: ='TEST AUTO'!C13 -> 0 | D14: =('TEST AUTO'!P13+'TEST AUTO'!R13+'TEST AUTO'!T13)/3 -> 0 | E14: =('TEST AUTO'!V13+'TEST AUTO'!X13)/2 -> 0 | F14: =('TEST AUTO'!AJ13+'TEST AUTO'!AN13+'TEST AUTO'!AP13+'TEST AUTO'!AX13)/4 -> 0 | G14: =('TEST AUTO'!AL13+'TEST AUTO'!AR13+'TEST AUTO'!AT13+'TEST AUTO'!AV13)/4 -> 0 | H14: =('TEST AUTO'!F13+'TEST AUTO'!H13+'TEST AUTO'!J13+'TEST AUTO'!L13+'TEST AUTO'!N13)/5 -> 0 | I14: =('TEST AUTO'!AB13+'TEST AUTO'!AD13+'TEST AUTO'!AF13+'TEST AUTO'!AH13)/4 -> 0 | J14: =('TEST AUTO'!F13+'TEST AUTO'!P13+'TEST AUTO'!V13+'TEST AUTO'!AB13+'TEST AUTO'!AJ13+'TEST AUTO'!AL13+'TEST AUTO'!AN13+'TEST AUTO'!AR13+'TEST AUTO'!AT13)/9 -> 0 | K14: =('TEST AUTO'!J13+'TEST AUTO'!L13+'TEST AUTO'!N13+'TEST AUTO'!T13+'TEST AUTO'!Z13)/5 -> 0 | L14: =('TEST AUTO'!H13+'TEST AUTO'!N13+'TEST AUTO'!R13+'TEST AUTO'!X13+'TEST AUTO'!AD13+'TEST AUTO'!AF13+'TEST AUTO'!AH13+'TEST AUTO'!AP13+'TEST AUTO'!AX13)/9 -> 0 | M14: ='TEST AUTO'!AV13 -> 0
A15: ='TEST AUTO'!A14 -> 0 | B15: ='TEST AUTO'!B14 -> 0 | C15: ='TEST AUTO'!C14 -> 0 | D15: =('TEST AUTO'!P14+'TEST AUTO'!R14+'TEST AUTO'!T14)/3 -> 0 | E15: =('TEST AUTO'!V14+'TEST AUTO'!X14)/2 -> 0 | F15: =('TEST AUTO'!AJ14+'TEST AUTO'!AN14+'TEST AUTO'!AP14+'TEST AUTO'!AX14)/4 -> 0 | G15: =('TEST AUTO'!AL14+'TEST AUTO'!AR14+'TEST AUTO'!AT14+'TEST AUTO'!AV14)/4 -> 0 | H15: =('TEST AUTO'!F14+'TEST AUTO'!H14+'TEST AUTO'!J14+'TEST AUTO'!L14+'TEST AUTO'!N14)/5 -> 0 | I15: =('TEST AUTO'!AB14+'TEST AUTO'!AD14+'TEST AUTO'!AF14+'TEST AUTO'!AH14)/4 -> 0 | J15: =('TEST AUTO'!F14+'TEST AUTO'!P14+'TEST AUTO'!V14+'TEST AUTO'!AB14+'TEST AUTO'!AJ14+'TEST AUTO'!AL14+'TEST AUTO'!AN14+'TEST AUTO'!AR14+'TEST AUTO'!AT14)/9 -> 0 | K15: =('TEST AUTO'!J14+'TEST AUTO'!L14+'TEST AUTO'!N14+'TEST AUTO'!T14+'TEST AUTO'!Z14)/5 -> 0 | L15: =('TEST AUTO'!H14+'TEST AUTO'!N14+'TEST AUTO'!R14+'TEST AUTO'!X14+'TEST AUTO'!AD14+'TEST AUTO'!AF14+'TEST AUTO'!AH14+'TEST AUTO'!AP14+'TEST AUTO'!AX14)/9 -> 0 | M15: ='TEST AUTO'!AV14 -> 0
... A1001: ='TEST AUTO'!A1000 -> 0 | B1001: ='TEST AUTO'!B1000 -> 0 | C1001: ='TEST AUTO'!C1000 -> 0 | D1001: =('TEST AUTO'!P1000+'TEST AUTO'!R1000+'TEST AUTO'!T1000)/3 -> 0 | E1001: =('TEST AUTO'!V1000+'TEST AUTO'!X1000)/2 -> 0 | F1001: =('TEST AUTO'!AJ1000+'TEST AUTO'!AN1000+'TEST AUTO'!AP1000+'TEST AUTO'!AX1000)/4 -> 0 | G1001: =('TEST AUTO'!AL1000+'TEST AUTO'!AR1000+'TEST AUTO'!AT1000+'TEST AUTO'!AV1000)/4 -> 0 | H1001: =('TEST AUTO'!F1000+'TEST AUTO'!H1000+'TEST AUTO'!J1000+'TEST AUTO'!L1000+'TEST AUTO'!N1000)/5 -> 0 | I1001: =('TEST AUTO'!AB1000+'TEST AUTO'!AD1000+'TEST AUTO'!AF1000+'TEST AUTO'!AH1000)/4 -> 0 | J1001: =('TEST AUTO'!F1000+'TEST AUTO'!P1000+'TEST AUTO'!V1000+'TEST AUTO'!AB1000+'TEST AUTO'!AJ1000+'TEST AUTO'!AL1000+'TEST AUTO'!AN1000+'TEST AUTO'!AR1000+'TEST AUTO'!AT1000)/9 -> 0 | K1001: =('TEST AUTO'!J1000+'TEST AUTO'!L1000+'TEST AUTO'!N1000+'TEST AUTO'!T1000+'TEST AUTO'!Z1000)/5 -> 0 | L1001: =('TEST AUTO'!H1000+'TEST AUTO'!N1000+'TEST AUTO'!R1000+'TEST AUTO'!X1000+'TEST AUTO'!AD1000+'TEST AUTO'!AF1000+'TEST AUTO'!AH1000+'TEST AUTO'!AP1000+'TEST AUTO'!AX1000)/9 -> 0 | M1001: ='TEST AUTO'!AV1000 -> 0

Sheet GROUPE D'ITEMS RDP
A1: PAGE GENEREE AUTOMATIQUEMENT : % de réussite en Résolution de Problèmes par groupe d'items
D2: Structure-domaine mathématique | I2: Stratégie | J2: Famille de problèmes
A3: Classe | B3: NOM | C3: PRENOM | D3: Additif : ITEMS 10-16-19 | E3: Multiplicatif : ITEMS 1-6-7-9-14-17 | F3: Proportionnalité : ITEMS 3-5-11-12 | G3: Mixte : ITEMS 2-4-8-13- 18 | H3: Grandeurs et mesures : ITEMS 15-16-17-18-19 | I3: Schéma utile : ITEMS 3-4-5-6-10-13-19 | J3: 1 étape : ITEMS 1-3-5-6-7-11-12-14-17 | K3: Plusieurs étapes : ITEMS 2-4-8-9-10-15-16-18-19 | L3: Atypiques : ITEMS 4-6-15
A4: ='TEST RDP'!A3 -> 6B | B4: ='TEST RDP'!B3 -> 0 | C4: ='TEST RDP'!C3 -> Alicia | D4: =('TEST RDP'!X3+'TEST RDP'!AJ3+'TEST RDP'!AP3)/3 -> 0.33333333 | E4: =('TEST RDP'!F3+'TEST RDP'!P3+'TEST RDP'!R3+'TEST RDP'!V3+'TEST RDP'!AF3+'TEST RDP'!AL3)/6 -> 0.5 | F4: =('TEST RDP'!J3+'TEST RDP'!N3+'TEST RDP'!Z3+'TEST RDP'!AB3)/4 -> 0.25 | G4: =('TEST RDP'!H3+'TEST RDP'!L3+'TEST RDP'!T3+'TEST RDP'!AD3+'TEST RDP'!AN3)/5 -> 0 | H4: =('TEST RDP'!AH3+'TEST RDP'!AJ3+'TEST RDP'!AL3+'TEST RDP'!AN3+'TEST RDP'!AP3)/5 -> 0.2 | I4: =('TEST RDP'!J3+'TEST RDP'!L3+'TEST RDP'!N3+'TEST RDP'!P3+'TEST RDP'!X3+'TEST RDP'!AD3+'TEST RDP'!AP3)/7 -> 0.14285714 | J4: =('TEST RDP'!J3+'TEST RDP'!F3+'TEST RDP'!N3+'TEST RDP'!P3+'TEST RDP'!R3+'TEST RDP'!Z3+'TEST RDP'!AB3+'TEST RDP'!AF3+'TEST RDP'!AL3)/9 -> 0.44444444 | K4: =('TEST RDP'!H3+'TEST RDP'!L3+'TEST RDP'!T3+'TEST RDP'!V3+'TEST RDP'!X3+'TEST RDP'!AD3+'TEST RDP'!AJ3+'TEST RDP'!AN3+'TEST RDP'!AP3)/9 -> 0.11111111 | L4: =('TEST RDP'!L3+'TEST RDP'!P3+'TEST RDP'!AH3)/3 -> 0.33333333
A5: ='TEST RDP'!A4 -> 6B | B5: ='TEST RDP'!B4 -> 0 | C5: ='TEST RDP'!C4 -> Léa | D5: =('TEST RDP'!X4+'TEST RDP'!AJ4+'TEST RDP'!AP4)/3 -> 0 | E5: =('TEST RDP'!F4+'TEST RDP'!P4+'TEST RDP'!R4+'TEST RDP'!V4+'TEST RDP'!AF4+'TEST RDP'!AL4)/6 -> 0.16666667 | F5: =('TEST RDP'!J4+'TEST RDP'!N4+'TEST RDP'!Z4+'TEST RDP'!AB4)/4 -> 0.25 | G5: =('TEST RDP'!H4+'TEST RDP'!L4+'TEST RDP'!T4+'TEST RDP'!AD4+'TEST RDP'!AN4)/5 -> 0.4 | H5: =('TEST RDP'!AH4+'TEST RDP'!AJ4+'TEST RDP'!AL4+'TEST RDP'!AN4+'TEST RDP'!AP4)/5 -> 0.2 | I5: =('TEST RDP'!J4+'TEST RDP'!L4+'TEST RDP'!N4+'TEST RDP'!P4+'TEST RDP'!X4+'TEST RDP'!AD4+'TEST RDP'!AP4)/7 -> 0 | J5: =('TEST RDP'!J4+'TEST RDP'!F4+'TEST RDP'!N4+'TEST RDP'!P4+'TEST RDP'!R4+'TEST RDP'!Z4+'TEST RDP'!AB4+'TEST RDP'!AF4+'TEST RDP'!AL4)/9 -> 0.22222222 | K5: =('TEST RDP'!H4+'TEST RDP'!L4+'TEST RDP'!T4+'TEST RDP'!V4+'TEST RDP'!X4+'TEST RDP'!AD4+'TEST RDP'!AJ4+'TEST RDP'!AN4+'TEST RDP'!AP4)/9 -> 0.22222222 | L5: =('TEST RDP'!L4+'TEST RDP'!P4+'TEST RDP'!AH4)/3 -> 0.33333333
A6: ='TEST RDP'!A5 -> 6B | B6: ='TEST RDP'!B5 -> 0 | C6: ='TEST RDP'!C5 -> Roméo | D6: =('TEST RDP'!X5+'TEST RDP'!AJ5+'TEST RDP'!AP5)/3 -> 1 | E6: =('TEST RDP'!F5+'TEST RDP'!P5+'TEST RDP'!R5+'TEST RDP'!V5+'TEST RDP'!AF5+'TEST RDP'!AL5)/6 -> 0.5 | F6: =('TEST RDP'!J5+'TEST RDP'!N5+'TEST RDP'!Z5+'TEST RDP'!AB5)/4 -> 0 | G6: =('TEST RDP'!H5+'TEST RDP'!L5+'TEST RDP'!T5+'TEST RDP'!AD5+'TEST RDP'!AN5)/5 -> 0.4 | H6: =('TEST RDP'!AH5+'TEST RDP'!AJ5+'TEST RDP'!AL5+'TEST RDP'!AN5+'TEST RDP'!AP5)/5 -> 0.6 | I6: =('TEST RDP'!J5+'TEST RDP'!L5+'TEST RDP'!N5+'TEST RDP'!P5+'TEST RDP'!X5+'TEST RDP'!AD5+'TEST RDP'!AP5)/7 -> 0.42857143 | J6: =('TEST RDP'!J5+'TEST RDP'!F5+'TEST RDP'!N5+'TEST RDP'!P5+'TEST RDP'!R5+'TEST RDP'!Z5+'TEST RDP'!AB5+'TEST RDP'!AF5+'TEST RDP'!AL5)/9 -> 0.33333333 | K6: =('TEST RDP'!H5+'TEST RDP'!L5+'TEST RDP'!T5+'TEST RDP'!V5+'TEST RDP'!X5+'TEST RDP'!AD5+'TEST RDP'!AJ5+'TEST RDP'!AN5+'TEST RDP'!AP5)/9 -> 0.55555556 | L6: =('TEST RDP'!L5+'TEST RDP'!P5+'TEST RDP'!AH5)/3 -> 0.33333333
A7: ='TEST RDP'!A6 -> 6B | B7: ='TEST RDP'!B6 -> 0 | C7: ='TEST RDP'!C6 -> Lizéa | D7: =('TEST RDP'!X6+'TEST RDP'!AJ6+'TEST RDP'!AP6)/3 -> 1 | E7: =('TEST RDP'!F6+'TEST RDP'!P6+'TEST RDP'!R6+'TEST RDP'!V6+'TEST RDP'!AF6+'TEST RDP'!AL6)/6 -> 0.5 | F7: =('TEST RDP'!J6+'TEST RDP'!N6+'TEST RDP'!Z6+'TEST RDP'!AB6)/4 -> 0.5 | G7: =('TEST RDP'!H6+'TEST RDP'!L6+'TEST RDP'!T6+'TEST RDP'!AD6+'TEST RDP'!AN6)/5 -> 0.6 | H7: =('TEST RDP'!AH6+'TEST RDP'!AJ6+'TEST RDP'!AL6+'TEST RDP'!AN6+'TEST RDP'!AP6)/5 -> 0.8 | I7: =('TEST RDP'!J6+'TEST RDP'!L6+'TEST RDP'!N6+'TEST RDP'!P6+'TEST RDP'!X6+'TEST RDP'!AD6+'TEST RDP'!AP6)/7 -> 0.71428571 | J7: =('TEST RDP'!J6+'TEST RDP'!F6+'TEST RDP'!N6+'TEST RDP'!P6+'TEST RDP'!R6+'TEST RDP'!Z6+'TEST RDP'!AB6+'TEST RDP'!AF6+'TEST RDP'!AL6)/9 -> 0.55555556 | K7: =('TEST RDP'!H6+'TEST RDP'!L6+'TEST RDP'!T6+'TEST RDP'!V6+'TEST RDP'!X6+'TEST RDP'!AD6+'TEST RDP'!AJ6+'TEST RDP'!AN6+'TEST RDP'!AP6)/9 -> 0.66666667 | L7: =('TEST RDP'!L6+'TEST RDP'!P6+'TEST RDP'!AH6)/3 -> 0.33333333
A8: ='TEST RDP'!A7 -> 6B | B8: ='TEST RDP'!B7 -> 0 | C8: ='TEST RDP'!C7 -> Tyméo | D8: =('TEST RDP'!X7+'TEST RDP'!AJ7+'TEST RDP'!AP7)/3 -> 1 | E8: =('TEST RDP'!F7+'TEST RDP'!P7+'TEST RDP'!R7+'TEST RDP'!V7+'TEST RDP'!AF7+'TEST RDP'!AL7)/6 -> 0.16666667 | F8: =('TEST RDP'!J7+'TEST RDP'!N7+'TEST RDP'!Z7+'TEST RDP'!AB7)/4 -> 0.5 | G8: =('TEST RDP'!H7+'TEST RDP'!L7+'TEST RDP'!T7+'TEST RDP'!AD7+'TEST RDP'!AN7)/5 -> 0 | H8: =('TEST RDP'!AH7+'TEST RDP'!AJ7+'TEST RDP'!AL7+'TEST RDP'!AN7+'TEST RDP'!AP7)/5 -> 0.8 | I8: =('TEST RDP'!J7+'TEST RDP'!L7+'TEST RDP'!N7+'TEST RDP'!P7+'TEST RDP'!X7+'TEST RDP'!AD7+'TEST RDP'!AP7)/7 -> 0.42857143 | J8: =('TEST RDP'!J7+'TEST RDP'!F7+'TEST RDP'!N7+'TEST RDP'!P7+'TEST RDP'!R7+'TEST RDP'!Z7+'TEST RDP'!AB7+'TEST RDP'!AF7+'TEST RDP'!AL7)/9 -> 0.33333333 | K8: =('TEST RDP'!H7+'TEST RDP'!L7+'TEST RDP'!T7+'TEST RDP'!V7+'TEST RDP'!X7+'TEST RDP'!AD7+'TEST RDP'!AJ7+'TEST RDP'!AN7+'TEST RDP'!AP7)/9 -> 0.33333333 | L8: =('TEST RDP'!L7+'TEST RDP'!P7+'TEST RDP'!AH7)/3 -> 0.33333333
A9: ='TEST RDP'!A8 -> 0 | B9: ='TEST RDP'!B8 -> 0 | C9: ='TEST RDP'!C8 -> 0 | D9: =('TEST RDP'!X8+'TEST RDP'!AJ8+'TEST RDP'!AP8)/3 -> 0 | E9: =('TEST RDP'!F8+'TEST RDP'!P8+'TEST RDP'!R8+'TEST RDP'!V8+'TEST RDP'!AF8+'TEST RDP'!AL8)/6 -> 0 | F9: =('TEST RDP'!J8+'TEST RDP'!N8+'TEST RDP'!Z8+'TEST RDP'!AB8)/4 -> 0 | G9: =('TEST RDP'!H8+'TEST RDP'!L8+'TEST RDP'!T8+'TEST RDP'!AD8+'TEST RDP'!AN8)/5 -> 0 | H9: =('TEST RDP'!AH8+'TEST RDP'!AJ8+'TEST RDP'!AL8+'TEST RDP'!AN8+'TEST RDP'!AP8)/5 -> 0 | I9: =('TEST RDP'!J8+'TEST RDP'!L8+'TEST RDP'!N8+'TEST RDP'!P8+'TEST RDP'!X8+'TEST RDP'!AD8+'TEST RDP'!AP8)/7 -> 0 | J9: =('TEST RDP'!J8+'TEST RDP'!F8+'TEST RDP'!N8+'TEST RDP'!P8+'TEST RDP'!R8+'TEST RDP'!Z8+'TEST RDP'!AB8+'TEST RDP'!AF8+'TEST RDP'!AL8)/9 -> 0 | K9: =('TEST RDP'!H8+'TEST RDP'!L8+'TEST RDP'!T8+'TEST RDP'!V8+'TEST RDP'!X8+'TEST RDP'!AD8+'TEST RDP'!AJ8+'TEST RDP'!AN8+'TEST RDP'!AP8)/9 -> 0 | L9: =('TEST RDP'!L8+'TEST RDP'!P8+'TEST RDP'!AH8)/3 -> 0
A10: ='TEST RDP'!A9 -> 0 | B10: ='TEST RDP'!B9 -> 0 | C10: ='TEST RDP'!C9 -> 0 | D10: =('TEST RDP'!X9+'TEST RDP'!AJ9+'TEST RDP'!AP9)/3 -> 0 | E10: =('TEST RDP'!F9+'TEST RDP'!P9+'TEST RDP'!R9+'TEST RDP'!V9+'TEST RDP'!AF9+'TEST RDP'!AL9)/6 -> 0 | F10: =('TEST RDP'!J9+'TEST RDP'!N9+'TEST RDP'!Z9+'TEST RDP'!AB9)/4 -> 0 | G10: =('TEST RDP'!H9+'TEST RDP'!L9+'TEST RDP'!T9+'TEST RDP'!AD9+'TEST RDP'!AN9)/5 -> 0 | H10: =('TEST RDP'!AH9+'TEST RDP'!AJ9+'TEST RDP'!AL9+'TEST RDP'!AN9+'TEST RDP'!AP9)/5 -> 0 | I10: =('TEST RDP'!J9+'TEST RDP'!L9+'TEST RDP'!N9+'TEST RDP'!P9+'TEST RDP'!X9+'TEST RDP'!AD9+'TEST RDP'!AP9)/7 -> 0 | J10: =('TEST RDP'!J9+'TEST RDP'!F9+'TEST RDP'!N9+'TEST RDP'!P9+'TEST RDP'!R9+'TEST RDP'!Z9+'TEST RDP'!AB9+'TEST RDP'!AF9+'TEST RDP'!AL9)/9 -> 0 | K10: =('TEST RDP'!H9+'TEST RDP'!L9+'TEST RDP'!T9+'TEST RDP'!V9+'TEST RDP'!X9+'TEST RDP'!AD9+'TEST RDP'!AJ9+'TEST RDP'!AN9+'TEST RDP'!AP9)/9 -> 0 | L10: =('TEST RDP'!L9+'TEST RDP'!P9+'TEST RDP'!AH9)/3 -> 0
A11: ='TEST RDP'!A10 -> 0 | B11: ='TEST RDP'!B10 -> 0 | C11: ='TEST RDP'!C10 -> 0 | D11: =('TEST RDP'!X10+'TEST RDP'!AJ10+'TEST RDP'!AP10)/3 -> 0 | E11: =('TEST RDP'!F10+'TEST RDP'!P10+'TEST RDP'!R10+'TEST RDP'!V10+'TEST RDP'!AF10+'TEST RDP'!AL10)/6 -> 0 | F11: =('TEST RDP'!J10+'TEST RDP'!N10+'TEST RDP'!Z10+'TEST RDP'!AB10)/4 -> 0 | G11: =('TEST RDP'!H10+'TEST RDP'!L10+'TEST RDP'!T10+'TEST RDP'!AD10+'TEST RDP'!AN10)/5 -> 0 | H11: =('TEST RDP'!AH10+'TEST RDP'!AJ10+'TEST RDP'!AL10+'TEST RDP'!AN10+'TEST RDP'!AP10)/5 -> 0 | I11: =('TEST RDP'!J10+'TEST RDP'!L10+'TEST RDP'!N10+'TEST RDP'!P10+'TEST RDP'!X10+'TEST RDP'!AD10+'TEST RDP'!AP10)/7 -> 0 | J11: =('TEST RDP'!J10+'TEST RDP'!F10+'TEST RDP'!N10+'TEST RDP'!P10+'TEST RDP'!R10+'TEST RDP'!Z10+'TEST RDP'!AB10+'TEST RDP'!AF10+'TEST RDP'!AL10)/9 -> 0 | K11: =('TEST RDP'!H10+'TEST RDP'!L10+'TEST RDP'!T10+'TEST RDP'!V10+'TEST RDP'!X10+'TEST RDP'!AD10+'TEST RDP'!AJ10+'TEST RDP'!AN10+'TEST RDP'!AP10)/9 -> 0 | L11: =('TEST RDP'!L10+'TEST RDP'!P10+'TEST RDP'!AH10)/3 -> 0
A12: ='TEST RDP'!A11 -> 0 | B12: ='TEST RDP'!B11 -> 0 | C12: ='TEST RDP'!C11 -> 0 | D12: =('TEST RDP'!X11+'TEST RDP'!AJ11+'TEST RDP'!AP11)/3 -> 0 | E12: =('TEST RDP'!F11+'TEST RDP'!P11+'TEST RDP'!R11+'TEST RDP'!V11+'TEST RDP'!AF11+'TEST RDP'!AL11)/6 -> 0 | F12: =('TEST RDP'!J11+'TEST RDP'!N11+'TEST RDP'!Z11+'TEST RDP'!AB11)/4 -> 0 | G12: =('TEST RDP'!H11+'TEST RDP'!L11+'TEST RDP'!T11+'TEST RDP'!AD11+'TEST RDP'!AN11)/5 -> 0 | H12: =('TEST RDP'!AH11+'TEST RDP'!AJ11+'TEST RDP'!AL11+'TEST RDP'!AN11+'TEST RDP'!AP11)/5 -> 0 | I12: =('TEST RDP'!J11+'TEST RDP'!L11+'TEST RDP'!N11+'TEST RDP'!P11+'TEST RDP'!X11+'TEST RDP'!AD11+'TEST RDP'!AP11)/7 -> 0 | J12: =('TEST RDP'!J11+'TEST RDP'!F11+'TEST RDP'!N11+'TEST RDP'!P11+'TEST RDP'!R11+'TEST RDP'!Z11+'TEST RDP'!AB11+'TEST RDP'!AF11+'TEST RDP'!AL11)/9 -> 0 | K12: =('TEST RDP'!H11+'TEST RDP'!L11+'TEST RDP'!T11+'TEST RDP'!V11+'TEST RDP'!X11+'TEST RDP'!AD11+'TEST RDP'!AJ11+'TEST RDP'!AN11+'TEST RDP'!AP11)/9 -> 0 | L12: =('TEST RDP'!L11+'TEST RDP'!P11+'TEST RDP'!AH11)/3 -> 0
A13: ='TEST RDP'!A12 -> 0 | B13: ='TEST RDP'!B12 -> 0 | C13: ='TEST RDP'!C12 -> 0 | D13: =('TEST RDP'!X12+'TEST RDP'!AJ12+'TEST RDP'!AP12)/3 -> 0 | E13: =('TEST RDP'!F12+'TEST RDP'!P12+'TEST RDP'!R12+'TEST RDP'!V12+'TEST RDP'!AF12+'TEST RDP'!AL12)/6 -> 0 | F13: =('TEST RDP'!J12+'TEST RDP'!N12+'TEST RDP'!Z12+'TEST RDP'!AB12)/4 -> 0 | G13: =('TEST RDP'!H12+'TEST RDP'!L12+'TEST RDP'!T12+'TEST RDP'!AD12+'TEST RDP'!AN12)/5 -> 0 | H13: =('TEST RDP'!AH12+'TEST RDP'!AJ12+'TEST RDP'!AL12+'TEST RDP'!AN12+'TEST RDP'!AP12)/5 -> 0 | I13: =('TEST RDP'!J12+'TEST RDP'!L12+'TEST RDP'!N12+'TEST RDP'!P12+'TEST RDP'!X12+'TEST RDP'!AD12+'TEST RDP'!AP12)/7 -> 0 | J13: =('TEST RDP'!J12+'TEST RDP'!F12+'TEST RDP'!N12+'TEST RDP'!P12+'TEST RDP'!R12+'TEST RDP'!Z12+'TEST RDP'!AB12+'TEST RDP'!AF12+'TEST RDP'!AL12)/9 -> 0 | K13: =('TEST RDP'!H12+'TEST RDP'!L12+'TEST RDP'!T12+'TEST RDP'!V12+'TEST RDP'!X12+'TEST RDP'!AD12+'TEST RDP'!AJ12+'TEST RDP'!AN12+'TEST RDP'!AP12)/9 -> 0 | L13: =('TEST RDP'!L12+'TEST RDP'!P12+'TEST RDP'!AH12)/3 -> 0
A14: ='TEST RDP'!A13 -> 0 | B14: ='TEST RDP'!B13 -> 0 | C14: ='TEST RDP'!C13 -> 0 | D14: =('TEST RDP'!X13+'TEST RDP'!AJ13+'TEST RDP'!AP13)/3 -> 0 | E14: =('TEST RDP'!F13+'TEST RDP'!P13+'TEST RDP'!R13+'TEST RDP'!V13+'TEST RDP'!AF13+'TEST RDP'!AL13)/6 -> 0 | F14: =('TEST RDP'!J13+'TEST RDP'!N13+'TEST RDP'!Z13+'TEST RDP'!AB13)/4 -> 0 | G14: =('TEST RDP'!H13+'TEST RDP'!L13+'TEST RDP'!T13+'TEST RDP'!AD13+'TEST RDP'!AN13)/5 -> 0 | H14: =('TEST RDP'!AH13+'TEST RDP'!AJ13+'TEST RDP'!AL13+'TEST RDP'!AN13+'TEST RDP'!AP13)/5 -> 0 | I14: =('TEST RDP'!J13+'TEST RDP'!L13+'TEST RDP'!N13+'TEST RDP'!P13+'TEST RDP'!X13+'TEST RDP'!AD13+'TEST RDP'!AP13)/7 -> 0 | J14: =('TEST RDP'!J13+'TEST RDP'!F13+'TEST RDP'!N13+'TEST RDP'!P13+'TEST RDP'!R13+'TEST RDP'!Z13+'TEST RDP'!AB13+'TEST RDP'!AF13+'TEST RDP'!AL13)/9 -> 0 | K14: =('TEST RDP'!H13+'TEST RDP'!L13+'TEST RDP'!T13+'TEST RDP'!V13+'TEST RDP'!X13+'TEST RDP'!AD13+'TEST RDP'!AJ13+'TEST RDP'!AN13+'TEST RDP'!AP13)/9 -> 0 | L14: =('TEST RDP'!L13+'TEST RDP'!P13+'TEST RDP'!AH13)/3 -> 0
A15: ='TEST RDP'!A14 -> 0 | B15: ='TEST RDP'!B14 -> 0 | C15: ='TEST RDP'!C14 -> 0 | D15: =('TEST RDP'!X14+'TEST RDP'!AJ14+'TEST RDP'!AP14)/3 -> 0 | E15: =('TEST RDP'!F14+'TEST RDP'!P14+'TEST RDP'!R14+'TEST RDP'!V14+'TEST RDP'!AF14+'TEST RDP'!AL14)/6 -> 0 | F15: =('TEST RDP'!J14+'TEST RDP'!N14+'TEST RDP'!Z14+'TEST RDP'!AB14)/4 -> 0 | G15: =('TEST RDP'!H14+'TEST RDP'!L14+'TEST RDP'!T14+'TEST RDP'!AD14+'TEST RDP'!AN14)/5 -> 0 | H15: =('TEST RDP'!AH14+'TEST RDP'!AJ14+'TEST RDP'!AL14+'TEST RDP'!AN14+'TEST RDP'!AP14)/5 -> 0 | I15: =('TEST RDP'!J14+'TEST RDP'!L14+'TEST RDP'!N14+'TEST RDP'!P14+'TEST RDP'!X14+'TEST RDP'!AD14+'TEST RDP'!AP14)/7 -> 0 | J15: =('TEST RDP'!J14+'TEST RDP'!F14+'TEST RDP'!N14+'TEST RDP'!P14+'TEST RDP'!R14+'TEST RDP'!Z14+'TEST RDP'!AB14+'TEST RDP'!AF14+'TEST RDP'!AL14)/9 -> 0 | K15: =('TEST RDP'!H14+'TEST RDP'!L14+'TEST RDP'!T14+'TEST RDP'!V14+'TEST RDP'!X14+'TEST RDP'!AD14+'TEST RDP'!AJ14+'TEST RDP'!AN14+'TEST RDP'!AP14)/9 -> 0 | L15: =('TEST RDP'!L14+'TEST RDP'!P14+'TEST RDP'!AH14)/3 -> 0
... A1001: ='TEST RDP'!A1000 -> 0 | B1001: ='TEST RDP'!B1000 -> 0 | C1001: ='TEST RDP'!C1000 -> 0 | D1001: =('TEST RDP'!X1000+'TEST RDP'!AJ1000+'TEST RDP'!AP1000)/3 -> 0 | E1001: =('TEST RDP'!F1000+'TEST RDP'!P1000+'TEST RDP'!R1000+'TEST RDP'!V1000+'TEST RDP'!AF1000+'TEST RDP'!AL1000)/6 -> 0 | F1001: =('TEST RDP'!J1000+'TEST RDP'!N1000+'TEST RDP'!Z1000+'TEST RDP'!AB1000)/4 -> 0 | G1001: =('TEST RDP'!H1000+'TEST RDP'!L1000+'TEST RDP'!T1000+'TEST RDP'!AD1000+'TEST RDP'!AN1000)/5 -> 0 | H1001: =('TEST RDP'!AH1000+'TEST RDP'!AJ1000+'TEST RDP'!AL1000+'TEST RDP'!AN1000+'TEST RDP'!AP1000)/5 -> 0 | I1001: =('TEST RDP'!J1000+'TEST RDP'!L1000+'TEST RDP'!N1000+'TEST RDP'!P1000+'TEST RDP'!X1000+'TEST RDP'!AD1000+'TEST RDP'!AP1000)/7 -> 0 | J1001: =('TEST RDP'!J1000+'TEST RDP'!F1000+'TEST RDP'!N1000+'TEST RDP'!P1000+'TEST RDP'!R1000+'TEST RDP'!Z1000+'TEST RDP'!AB1000+'TEST RDP'!AF1000+'TEST RDP'!AL1000)/9 -> 0 | K1001: =('TEST RDP'!H1000+'TEST RDP'!L1000+'TEST RDP'!T1000+'TEST RDP'!V1000+'TEST RDP'!X1000+'TEST RDP'!AD1000+'TEST RDP'!AJ1000+'TEST RDP'!AN1000+'TEST RDP'!AP1000)/9 -> 0 | L1001: =('TEST RDP'!L1000+'TEST RDP'!P1000+'TEST RDP'!AH1000)/3 -> 0
